Workbook
Name _I: "$#REF!.$J$65:$IK$855"
Name _I_1: "$#REF!.$J$65:$IK$853"
Name _I_1_1: "$#REF!.$J$71:$IK$862"
Name _I_1_1_1: "$#REF!.$J$65:$IK$853"
Name _I_1_1_1_1: "$#REF!.$J$65:$IK$853"
Name _I_1_1_1_1_1: "$#REF!.$J$69:$IK$860"
Name _I_1_1_1_1_1_1: "$#REF!.$J$39:$IK$824"
Name _I_1_1_1_1_1_1_1: "$#REF!.$J$57:$IK$831"
Name _I_1_1_1_29: "$#REF!.$J$39:$IK$824"
Name _I_1_1_10: "$#REF!.$N$76:$IO$881"
Name _I_1_1_11: "$#REF!.$N$76:$IO$881"
Name _I_1_1_12: "$#REF!.$N$76:$IO$881"
Name _I_1_1_19: "$#REF!.$K$70:$IL$861"
Name _I_1_1_19_29: "$#REF!.$K$58:$IL$832"
Name _I_1_1_29: "$#REF!.$J$59:$IK$833"
Name _I_1_1_3: "$#REF!.$N$76:$IO$881"
Name _I_1_1_3_1: "$#REF!.$N$76:$IO$881"
Name _I_1_1_4: "$#REF!.$N$76:$IO$881"
Name _I_1_1_4_1: "$#REF!.$N$76:$IO$881"
Name _I_1_1_5: "$#REF!.$N$76:$IO$881"
Name _I_1_1_5_1: "$#REF!.$N$76:$IO$881"
Name _I_1_1_6: "$#REF!.$N$76:$IO$881"
Name _I_1_1_6_1: "$#REF!.$N$76:$IO$881"
Name _I_1_1_7: "$#REF!.$N$76:$IO$881"
Name _I_1_1_7_1: "$#REF!.$N$76:$IO$881"
Name _I_1_1_9: "$#REF!.$N$76:$IO$881"
Name _I_1_10: "$#REF!.$N$69:$IO$874"
Name _I_1_11: "$#REF!.$N$69:$IO$874"
Name _I_1_12: "$#REF!.$N$69:$IO$874"
Name _I_1_19: "$#REF!.$K$65:$IL$854"
Name _I_1_19_29: "$#REF!.$K$39:$IL$825"
Name _I_1_29: "$#REF!.$J$39:$IK$824"
Name _I_1_3: "$#REF!.$N$69:$IO$874"
Name _I_1_3_1: "$#REF!.$N$69:$IO$874"
Name _I_1_4: "$#REF!.$N$69:$IO$874"
Name _I_1_4_1: "$#REF!.$N$69:$IO$874"
Name _I_1_5: "$#REF!.$N$69:$IO$874"
Name _I_1_5_1: "$#REF!.$N$69:$IO$874"
Name _I_1_6: "$#REF!.$N$69:$IO$874"
Name _I_1_6_1: "$#REF!.$N$69:$IO$874"
Name _I_1_7: "$#REF!.$N$69:$IO$874"
Name _I_1_7_1: "$#REF!.$N$69:$IO$874"
Name _I_1_9: "$#REF!.$N$69:$IO$874"
Name _I_10: "$#REF!.$J$66:$IK$857"
Name _I_11: "$#REF!.$J$88:$IK$886"
Name _I_12: "$#REF!.$J$66:$IK$857"
Name _I_19: "$#REF!.$K$65:$IL$854"
Name _I_19_29: "$#REF!.$K$39:$IL$825"
Name _I_29: "$#REF!.$J$39:$IK$826"
Name _I_3: "$#REF!.$N$69:$IO$874"
Name _I_3_1: "$#REF!.$N$69:$IO$874"
Name _I_4: "$#REF!.$J$88:$IK$886"
Name _I_4_1: "$#REF!.$J$66:$IK$857"
Name _I_5: "$#REF!.$J$88:$IK$886"
Name _I_5_1: "$#REF!.$J$66:$IK$857"
Name _I_6: "$#REF!.$J$88:$IK$886"
Name _I_6_1: "$#REF!.$J$66:$IK$857"
Name _I_7: "$#REF!.$J$88:$IK$886"
Name _I_7_1: "$#REF!.$J$66:$IK$857"
Name _I_9: "$#REF!.$J$88:$IK$886"

Sheet ORÇAMENTO
C6: ESTADO DO PARÁ
C7: MUNICÍPIO DE SALVATERRA
C8: PREFEITURA MUNICIPAL DE SALVATERRA
C9: OBRA: | D9: SERVIÇOS DE PAVIMENTAÇÃO ASFÁLTICA DE 3,0 KM (TRÊS QUILÔMETROS) DE VIAS, LOCALIZADAS NA ZONA URBANA DO MUNICÍPIO DE SALVATERRA.
C10: REGIONAL: | D10: ='[2]DADOS DA OBRA'!C6 -> MARAJÓ
C11: PLANILHA ORÇAMENTÁRIA
C12: BDI: | D12: =B.D.I!J25 -> 0.22 | H12: BASE: | I12: SINAPI SET/2025
I13: SICRO JUL/2025
I14: SEDOP OUT/2025
A15: Fonte | B15: Código | C15: ITEM | D15: DESCRIÇÃO | E15: UNID. | F15: QUANTIDADE | G15: PREÇO UNIT. (SEM BDI) | H15: PREÇO UNIT. (COM BDI) | I15: PREÇO TOTAL (R$)
C16: 1 | D16: ADMINISTRAÇÃO LOCAL | I16: =SUM(I17) -> 124039.96
A17: CPU | B17: 001 | C17: 1.1 | D17: ADMINISTRAÇÃO LOCAL DA OBRA PARA REGIONAL | E17: UND | F17: 1 | G17: ='1.ADM. LOCAL'!I15 -> 101672.1 | H17: =TRUNC((G17*F17),2)*1.22 -> 124039.96 | I17: =TRUNC((H17*F17),2) -> 124039.96
C18: 2 | D18: SERVIÇOS PRELIMINARES | I18: =SUM(I19:I21) -> 32169.18
A19: SEDOP | B19: 011340 | C19: 2.1 | D19: PLACA DE OBRA EM LONA COM PLOTAGEM DE GRÁFICA | E19: M2 | F19: ='2.SER.PREL.'!J30 -> 84 | G19: 188.16 | H19: 229.55 | I19: =TRUNC((H19*F19),2) -> 19282.2
A20: CPU | B20: 002 | C20: 2.2 | D20: LOCAÇÃO DE CONTAINER PARA ESCRITÓRIO / VESTIÁRIOS E ALMOXARIFADO | E20: MÊS | F20: ='2.SER.PREL.'!G38 -> 3 | G20: 2471.86 | H20: 3015.66 | I20: =TRUNC((H20*F20),2) -> 9046.98
A21: SINAPI | B21: 99064 | C21: 2.3 | D21: LOCAÇÃO DE PAVIMENTAÇÃO. AF_10/2018 | E21: M | F21: ='2.SER.PREL.'!D50 -> 3000 | G21: 1.05 | H21: 1.28 | I21: =TRUNC((H21*F21),2) -> 3840
C22: 3 | D22: MOBILIZAÇÃO E DESMOBILIZAÇÃO | I22: =SUM(I23) -> 71151.82
A23: CPU | B23: 003 | C23: 3.1 | D23: MOBILIZAÇÃO E DESMOBILIZAÇÃO DA OBRA | E23: UND | F23: 1 | G23: ='CPU.MOBILIZAÇÃO'!L83 -> 58321.16 | H23: 71151.82 | I23: =TRUNC((H23*F23),2) -> 71151.82
C24: 4 | D24: TERRAPLENAGEM (PREPARAÇÃO DA PLATAFORMA) | I24: =SUM(I25:I30) -> 465708
A25: SINAPI | B25: 101126 | C25: 4.1 | D25: ESCAVAÇÃO HORIZONTAL, INCLUINDO CARGA E DESCARGA EM SOLO DE 1A CATEGORIA COM TRATOR DE ESTEIRAS (170HP/LÂMINA: 5,20M3). AF_07/2020 (LIMPEZA CAMADA INSERVIVEL) | E25: M3 | F25: ='4.MEMÓRIA'!C16 -> 1800 | G25: 13.89 | H25: 16.94 | I25: =TRUNC((H25*F25),2) -> 30492
A26: SINAPI | B26: 95875 | C26: 4.2 | D26: TRANSPORTE COM CAMINHÃO BASCULANTE DE 10 M³, EM VIA URBANA PAVIMENTADA, DMT ATÉ 30 KM (UNIDADE: M3XKM). AF_07/2020 | E26: M3XKM | F26: ='4.MEMÓRIA'!C24 -> 27000 | G26: 2.33 | H26: 2.84 | I26: =TRUNC((H26*F26),2) -> 76680
A27: SINAPI | B27: 98525 | C27: 4.3 | D27: LIMPEZA MECANIZADA DE CAMADA VEGETAL, VEGETAÇÃO E PEQUENAS ÁRVORES (DIÂMETRO DE TRONCO MENOR QUE 0,20 M), COM TRATOR DE ESTEIRAS.AF_05/2018 (LIMPEZA DA JAZIDA) | E27: M2 | F27: ='4.MEMÓRIA'!C33 -> 1200 | G27: 0.68 | H27: 0.82 | I27: =TRUNC((H27*F27),2) -> 984
A28: SINAPI | B28: 101126 | C28: 4.4 | D28: ESCAVAÇÃO HORIZONTAL, INCLUINDO CARGA E DESCARGA EM SOLO DE 1A CATEGORIA COM TRATOR DE ESTEIRAS (170HP/LÂMINA: 5,20M3). AF_07/2020 (MATERIAL DA JAZIDA) | E28: M3 | F28: ='4.MEMÓRIA'!C39 -> 3600 | G28: 13.89 | H28: 16.94 | I28: =TRUNC((H28*F28),2) -> 60984
A29: SINAPI | B29: 95875 | C29: 4.5 | D29: TRANSPORTE COM CAMINHÃO BASCULANTE DE 10 M³, EM VIA URBANA PAVIMENTADA, DMT ATÉ 30 KM (UNIDADE: M3XKM). AF_07/2020 | E29: M3XKM | F29: ='4.MEMÓRIA'!C46 -> 54000 | G29: 2.33 | H29: 2.84 | I29: =TRUNC((H29*F29),2) -> 153360
A30: SINAPI | B30: 105558 | C30: 4.6 | D30: EXECUÇÃO E COMPACTAÇÃO DE CAMADA FINAL DE ATERRO (100% DE ENERGIA DO PROCTOR NORMAL) COM SOLO PREDOMINANTEMENTE ARGILOSO, EM CAMADAS COM ESPESSURA DE 15 CM - EXCLUSIVE ESCAVAÇÃO, CARGA E TRANSPORTE. AF_09/2024 | E30: M2 | F30: ='4.MEMÓRIA'!C53 -> 3600 | G30: 32.61 | H30: 39.78 | I30: =TRUNC((H30*F30),2) -> 143208
C31: 5 | D31: PAVIMENTAÇÃO | I31: =I32+I36+I40 -> 3413975.7
C32: 5.1 | D32: REGULARIZAÇÃO DA SUB-BASE | I32: =SUM(I33:I35) -> 406194.3
A33: SINAPI | B33: 101126 | C33: 5.1.1 | D33: ESCAVAÇÃO HORIZONTAL, INCLUINDO CARGA E DESCARGA EM SOLO DE 1A CATEGORIA COM TRATOR DE ESTEIRAS (170HP/LÂMINA: 5,20M3). AF_07/2020 (MATERIAL DA JAZIDA) | E33: M3 | F33: ='4.MEMÓRIA'!C65 -> 3555 | G33: 13.89 | H33: 16.94 | I33: =TRUNC((H33*F33),2) -> 60221.7
A34: SINAPI | B34: 95875 | C34: 5.1.2 | D34: TRANSPORTE COM CAMINHÃO BASCULANTE DE 10 M³, EM VIA URBANA PAVIMENTADA, DMT ATÉ 30 KM (UNIDADE: M3XKM). AF_07/2020 | E34: M3XKM | F34: ='4.MEMÓRIA'!C72 -> 53325 | G34: 2.33 | H34: 2.84 | I34: =TRUNC((H34*F34),2) -> 151443
A35: SINAPI | B35: 101768 | C35: 5.1.3 | D35: EXECUÇÃO E COMPACTAÇÃO DE BASE E OU SUB BASE PARA PAVIMENTAÇÃO DE SOLOS DE COMPORTAMENTO LATERÍTICO (ARENOSO) - EXCLUSIVE ESCAVAÇÃO, CARGA E TRANSPORTE | E35: M3 | F35: ='4.MEMÓRIA'!C79 -> 3555 | G35: 44.85 | H35: 54.72 | I35: =TRUNC((H35*F35),2) -> 194529.6
C36: 5.2 | D36: REGULARIZAÇÃO DA BASE | I36: =SUM(I37:I39) -> 406194.3
A37: SINAPI | B37: 101126 | C37: 5.2.1 | D37: ESCAVAÇÃO HORIZONTAL, INCLUINDO CARGA E DESCARGA EM SOLO DE 1A CATEGORIA COM TRATOR DE ESTEIRAS (170HP/LÂMINA: 5,20M3). AF_07/2020 (MATERIAL DA JAZIDA) | E37: M3 | F37: ='4.MEMÓRIA'!C88 -> 3555 | G37: 13.89 | H37: 16.94 | I37: =TRUNC((H37*F37),2) -> 60221.7
A38: SINAPI | B38: 95875 | C38: 5.2.2 | D38: TRANSPORTE COM CAMINHÃO BASCULANTE DE 10 M³, EM VIA URBANA PAVIMENTADA, DMT ATÉ 30 KM (UNIDADE: M3XKM). AF_07/2020 | E38: M3XKM | F38: ='4.MEMÓRIA'!C95 -> 53325 | G38: 2.33 | H38: 2.84 | I38: =TRUNC((H38*F38),2) -> 151443
A39: SINAPI | B39: 101768 | C39: 5.2.3 | D39: EXECUÇÃO E COMPACTAÇÃO DE BASE E OU SUB BASE PARA PAVIMENTAÇÃO DE SOLOS DE COMPORTAMENTO LATERÍTICO (ARENOSO) - EXCLUSIVE ESCAVAÇÃO, CARGA E TRANSPORTE | E39: M3 | F39: ='4.MEMÓRIA'!C102 -> 3555 | G39: 44.85 | H39: 54.72 | I39: =TRUNC((H39*F39),2) -> 194529.6
C40: 5.3 | D40: REVESTIMENTO ASFÁLTICO | I40: =SUM(I41:I44) -> 2601587.1
A41: SINAPI | B41: 102470 | C41: 5.3.1 | D41: EXECUÇÃO DE IMPRIMAÇÃO COM ASFALTO DILUÍDO CM-30, PARA OBRAS DE CONSTRUÇÃO DE PAVIMENTOS. AF_09/2024 | E41: M2 | F41: ='4.MEMÓRIA'!F111 -> 21000 | G41: ='5. CPUs'!J212 -> 7.53 | H41: 9.19 | I41: =TRUNC((H41*F41),2) -> 192990
A42: SINAPI | B42: 104375 | C42: 5.3.2 | D42: EXECUÇÃO DE PINTURA DE LIGAÇÃO COM EMULSÃO ASFÁLTICA RR-2C, PARA OBRAS DE CONSTRUÇÃO DE PAVIMENTOS. AF_09/2024 | E42: M2 | F42: ='4.MEMÓRIA'!F118 -> 21000 | G42: ='5. CPUs'!J225 -> 4.18 | H42: 5.1 | I42: =TRUNC((H42*F42),2) -> 107100
A43: SINAPI | B43: 95878 | C43: 5.3.3 | D43: TRANSPORTE COM CAMINHÃO BASCULANTE DE 10 M³, EM VIA URBANA PAVIMENTADA, DMT ATÉ 30 KM (UNIDADE: M3XKM). AF_07/2020 | E43: M3XKM | F43: ='4.MEMÓRIA'!G127 -> 11340 | G43: 2.33 | H43: 2.71 | I43: =TRUNC((H43*F43),2) -> 30731.4
A44: SINAPI | B44: 95995 | C44: 5.3.4 | D44: CONSTRUÇÃO DE PAVIMENTO COM APLICAÇÃO DE CONCRETO BETUMINOSO USINADO A QUENTE (CBUQ), CAMADA DE ROLAMENTO, COM ESPESSURA DE 3,0 CM - EXCLUSIVE TRANSPORTE. AF_11/2020 | E44: M3 | F44: ='4.MEMÓRIA'!E134 -> 630 | G44: ='5. CPUs'!I245 -> 2954.42 | H44: 3604.39 | I44: =TRUNC((H44*F44),2) -> 2270765.7
C45: 6 | D45: SINALIZAÇÃO HORIZONTAL | I45: =SUM(I46) -> 26805
A46: SICRO | B46: 5213401 | C46: 6.1 | D46: PINTURA DE FAIXA COM TINTA ACRÍLICA - ESPESSURA DE 0,6 MM | E46: M2 | F46: ='4.MEMÓRIA'!G145 -> 750 | G46: 29.3 | H46: 35.74 | I46: =TRUNC((H46*F46),2) -> 26805
C47: 7 | D47: MEIO FIO E SARJETA | I47: =SUM(I48:I49) -> 545640
A48: SINAPI | B48: 94267 | C48: 7.1 | D48: GUIA (MEIO-FIO) E SARJETA CONJUGADOS DE CONCRETO, MOLDADA IN LOCO EM TRECHO RETO COM EXTRUSORA, 45 CM BASE (15 CM BASE DA GUIA + 30 CM BASE DA SARJETA) X 22 CM ALTURA. AF_06/2016 | E48: M | F48: ='4.MEMÓRIA'!D154 -> 6000 | G48: 70.68 | H48: 86.22 | I48: =TRUNC((H48*F48),2) -> 517320
A49: SINAPI | B49: 102498 | C49: 7.2 | D49: PINTURA DE MEIO-FIO COM TINTA BRANCA A BASE DE CAL (CAIAÇÃO). | E49: M | F49: ='4.MEMÓRIA'!C161 -> 12000 | G49: 1.94 | H49: 2.36 | I49: =TRUNC((H49*F49),2) -> 28320
C50: VALOR TOTAL DO ORÇAMENTO | I50: =I16+I18+I22+I24+I31+I45+I47 -> 4679489.7 | J50: 4678885.8
C51: IMPORTA O PRESENTE ORÇAMENTO NO VALOR DE R$ 4.679.489,66 (QUATRO MILHÕES, SEISCENTOS E SETENTA E NOVE MIL, QUATROCENTOS E OITENTA E NOVE REAIS E SESSENTA E SEIS CENTAVOS)
D54: LORENA FARIAS GOMES Engenheira Civil CREA-PA 1519048920 Portaria 068/2025 GPMS

Sheet DADOS DA OBRA
A2: ESTADO DO PARÁ
A3: MUNICÍPIO DE SALVATERRA
A4: PREFEITURA MUNICIPAL DE SALVATERRA
A5: OBRA: | C5: SERVIÇOS DE PAVIMENTAÇÃO ASFÁLTICA DE 3,0 KM (TRÊS QUILÔMETROS) DE VIAS, LOCALIZADAS NA ZONA URBANA DO MUNICÍPIO DE SALVATERRA.
A6: REGIONAL: | C6: MARAJÓ
B8: DADOS DE ENTRADA
B10: DIMENSÕES
B11: MUNICÍPIO | E11: COMPRIMENTO | G11: LARGURA | H11: ÁREA
E12: m | F12: km | G12: m | H12: m²
B13: SALVATERRA | E13: 3000 | F13: =E13/1000 -> 3 | G13: 7 | H13: =ROUND(E13*G13,2) -> 21000 | N13: AFUÁ | P13: AFUÁ
N14: ANAJÁS | P14: ANAJÁS
N15: BAGRE | P15: BAGRE
N16: BREVES | P16: BREVES
N17: CACHOEIRA DO ARARI | P17: CACHOEIRA DO ARARI
N18: CHAVES | P18: CHAVES
L19: =ORÇAMENTO!I50 -> 4679489.7 | N19: CURRALINHO | P19: CURRALINHO
N20: GURUPÁ | P20: GURUPÁ
N21: MELGAÇO | P21: MELGAÇO
N22: MUANÁ | P22: MUANÁ
N23: PONTA DE PEDRAS | P23: PONTA DE PEDRAS
N24: PORTEL | P24: PORTEL
N25: SALVATERRA | P25: SALVATERRA
N26: SANTA CRUZ DO ARARI | P26: SANTA CRUZ DO ARARI
N27: SÃO SEBASTIÃO DA BOA VISTA | P27: SÃO SEBASTIÃO DA BOA VISTA
N28: SOURE | P28: SOURE
E30: =ROUND(SUM(E13:E22),2) -> 3000 | F30: =ROUND(SUM(F13:F22),2) -> 3 | G30: 7 | H30: =ROUND(SUM(H13:H22),2) -> 21000
B33: Distância Média de Transporte (DMT)
B34: VIAS | E34: Jazida Aterro
E35: km
B36: JAZIDA | E36: 12
B37: BOTA FORA | E37: 12
B38: USINA DE ASFALTO | E38: 18
A42: LORENA FARIAS GOMES Engenheira Civil CREA-PA 1519048920 Portaria 068/2025 GPMS

Sheet 2.SER.PREL.
A2: ESTADO DO PARÁ
A3: MUNICÍPIO DE SALVATERRA
A4: PREFEITURA MUNICIPAL DE SALVATERRA
A5: OBRA: | C5: SERVIÇOS DE PAVIMENTAÇÃO ASFÁLTICA DE 3,0 KM (TRÊS QUILÔMETROS) DE VIAS, LOCALIZADAS NA ZONA URBANA DO MUNICÍPIO DE SALVATERRA.
A6: REGIONAL: | C6: ='DADOS DA OBRA'!C6:J6 -> MARAJÓ
B8: =ORÇAMENTO!C18 -> 2 | C8: =ORÇAMENTO!D18 -> SERVIÇOS PRELIMINARES
B10: =ORÇAMENTO!C19 -> 2.1 | C10: =ORÇAMENTO!D19 -> PLACA DE OBRA EM LONA COM PLOTAGEM DE GRÁFICA
C12: MUNICÍPIO | E12: VIAS
C13: SALVATERRA | E13: ='[2]DADOS DA OBRA'!B13 -> ESTRADA DO BACABAL
E14: ='[2]DADOS DA OBRA'!B14 -> TRAVESSA DÉCIMA QUARTA
E15: ='[2]DADOS DA OBRA'!B15 -> RUA PRIMEIRA DO CAJÚ
E16: ='[2]DADOS DA OBRA'!B16 -> RUA GEORGETH SALLES COUTO
E17: ='[2]DADOS DA OBRA'!B17 -> RUA FREI ROMÃO
E18: TRAV. PROF. JOÃO MARCELINO
E19: RUA DÉCIMA PRIMEIRA
E20: RUA 10 DE MARÇO
E21: RUA SEXTA
E22: RUA CARLOS CARNEIRO
C23: TOTAL | E23: 10
B25: Comp. | D25: Lagura | F25: Vias | H25: Quantidade
B26: 4 | C26: x | D26: 6 | E26: x | F26: 1 | G26: x | H26: 1 | I26: = | J26: =(B26*D26)*(F26*H26) -> 24
B27: 3 | C27: x | D27: 2 | E27: x | F27: 10 | G27: x | H27: 1 | I27: = | J27: =(B27*D27)*(F27*H27) -> 60
B30: TOTAL = | J30: =SUM(J26:J27) -> 84 | K30: =ORÇAMENTO!E19 -> M2
B32: =ORÇAMENTO!C20 -> 2.2 | C32: =ORÇAMENTO!D20 -> LOCAÇÃO DE CONTAINER PARA ESCRITÓRIO / VESTIÁRIOS E ALMOXARIFADO
C34: QUANTIDADE DE CONTAINER | G34: QUANTIDADE DE MÊS
C36: 1 | F36: X | G36: 3
C38: TOTAL= | G38: =C36*G36 -> 3 | I38: =ORÇAMENTO!E20 -> MÊS
B40: =ORÇAMENTO!C21 -> 2.3 | C40: =ORÇAMENTO!D21 -> LOCAÇÃO DE PAVIMENTAÇÃO. AF_10/2018
C42: MUNICÍPIO | E42: Comprimento | G42: Largura | H42: Área | I42: adicional | J42: Área 2
E43: m | F43: km | G43: m | H43: m² | I43: m | J43: m²
C44: ='2.SER.PREL.'!C13 -> SALVATERRA | E44: ='DADOS DA OBRA'!E30 -> 3000 | F44: =E44/1000 -> 3 | G44: ='DADOS DA OBRA'!G30 -> 7 | H44: =ROUND(E44*G44,2) -> 21000 | I44: 1 | J44: =E44*(G44+I44) -> 24000
C48: TOTAL | E48: ='DADOS DA OBRA'!E30 -> 3000 | F48: =ROUND(SUM(F44:F46),2) -> 3 | H48: =ROUND(SUM(H44:H47),2) -> 21000 | J48: =ROUND(SUM(J44:K47),2) -> 24000
C50: TOTAL= | D50: =E44 -> 3000 | E50: M
F54: LORENA FARIAS GOMES Engenheira Civil CREA-PA 1519048920 Portaria 068/2025 GPMS

Sheet 4.MEMÓRIA
A2: ESTADO DO PARÁ
A3: MUNICÍPIO DE SALVATERRA
A4: PREFEITURA MUNICIPAL DE SALVATERRA
A5: OBRA: | B5: SERVIÇOS DE PAVIMENTAÇÃO ASFÁLTICA DE 3,0 KM (TRÊS QUILÔMETROS) DE VIAS, LOCALIZADAS NA ZONA URBANA DO MUNICÍPIO DE SALVATERRA.
A6: REGIONAL: | B6: ='DADOS DA OBRA'!C6 -> MARAJÓ
A7: MEMÓRIA DE CÁLCULO
A9: =ORÇAMENTO!C24 -> 4 | B9: =ORÇAMENTO!D24 -> TERRAPLENAGEM (PREPARAÇÃO DA PLATAFORMA)
A11: =ORÇAMENTO!C25 -> 4.1 | B11: =ORÇAMENTO!D25 -> ESCAVAÇÃO HORIZONTAL, INCLUINDO CARGA E DESCARGA EM SOLO DE 1A CATEGORIA COM TRATOR DE ESTEIRAS (170HP/LÂMINA: 5,20M3). AF_07/2020 (LIMPEZA CAMADA INSERVIVEL)
B13: VIAS | E13: Área | G13: Espessura | I13: Volume
B14: ='[2]2.SER.PREL.'!$C$13 -> VIAS DO MUNICÍPIO | E14: ='2.SER.PREL.'!J48 -> 24000 | F14: x | G14: 0.075 | H14: = | I14: =ROUND((E14*G14),2) -> 1800
B16: TOTAL= | C16: =I14 -> 1800 | D16: M3
A19: =ORÇAMENTO!C26 -> 4.2 | B19: =ORÇAMENTO!D26 -> TRANSPORTE COM CAMINHÃO BASCULANTE DE 10 M³, EM VIA URBANA PAVIMENTADA, DMT ATÉ 30 KM (UNIDADE: M3XKM). AF_07/2020
B21: VIAS | E21: Volume | G21: DMT | I21: Empolamento (25%) | K21: M3XKM
B22: ='[2]2.SER.PREL.'!$C$13 -> VIAS DO MUNICÍPIO | E22: =I14 -> 1800 | F22: x | G22: 12 | H22: x | I22: 1.25 | J22: = | K22: =ROUND((E22*G22*I22),2) -> 27000
B24: TOTAL= | C24: =K22 -> 27000 | D24: M3XKM
A27: =ORÇAMENTO!C27 -> 4.3 | B27: =ORÇAMENTO!D27 -> LIMPEZA MECANIZADA DE CAMADA VEGETAL, VEGETAÇÃO E PEQUENAS ÁRVORES (DIÂMETRO DE TRONCO MENOR QUE 0,20 M), COM TRATOR DE ESTEIRAS.AF_05/2018 (LIMPEZA DA JAZIDA)
B30: VIAS | C30: Volume | E30: Prof. de Escavação | G30: Área | Q30: 7
B31: VIAS DO MUNICÍPIO | C31: =I37 -> 3600 | D31: / | E31: 3 | F31: = | G31: =ROUND(C31/E31,2) -> 1200 | Q31: 0.9
Q32: =SUM(Q30:Q31) -> 7.9
B33: TOTAL= | C33: =G31 -> 1200 | D33: M2
A35: =ORÇAMENTO!C28 -> 4.4 | B35: =ORÇAMENTO!D28 -> ESCAVAÇÃO HORIZONTAL, INCLUINDO CARGA E DESCARGA EM SOLO DE 1A CATEGORIA COM TRATOR DE ESTEIRAS (170HP/LÂMINA: 5,20M3). AF_07/2020 (MATERIAL DA JAZIDA)
B36: VIAS | E36: Área | G36: Espessura | I36: Volume
B37: ='[2]2.SER.PREL.'!$C$13 -> VIAS DO MUNICÍPIO | E37: =E14 -> 24000 | F37: x | G37: 0.15 | H37: = | I37: =ROUND((E37*G37),2) -> 3600
B39: TOTAL= | C39: =I37 -> 3600 | D39: M3
A41: =ORÇAMENTO!C29 -> 4.5 | B41: =ORÇAMENTO!D29 -> TRANSPORTE COM CAMINHÃO BASCULANTE DE 10 M³, EM VIA URBANA PAVIMENTADA, DMT ATÉ 30 KM (UNIDADE: M3XKM). AF_07/2020
B43: VIAS | E43: Volume | G43: DMT | I43: Empolamento (25%) | K43: M3XKM
B44: ='[2]2.SER.PREL.'!$C$13 -> VIAS DO MUNICÍPIO | E44: =C39 -> 3600 | F44: x | G44: 12 | H44: x | I44: 1.25 | J44: = | K44: =ROUND((E44*G44*I44),2) -> 54000
B46: TOTAL= | C46: =K44 -> 54000 | D46: M3XKM
A48: =ORÇAMENTO!C30 -> 4.6 | B48: =ORÇAMENTO!D30 -> EXECUÇÃO E COMPACTAÇÃO DE CAMADA FINAL DE ATERRO (100% DE ENERGIA DO PROCTOR NORMAL) COM SOLO PREDOMINANTEMENTE ARGILOSO, EM CAMADAS COM ESPESSURA DE 15 CM - EXCLUSIVE ESCAVAÇÃO, CARGA E TRANSPORTE. AF_09/2024
B50: VIAS | C50: Extensão | E50: Largura | G50: Espessura | I50: Volume
B51: VIAS DO MUNICÍPIO | C51: ='DADOS DA OBRA'!$E$30 -> 3000 | D51: x | E51: 8 | F51: x | G51: 0.15 | H51: = | I51: =ROUND((C51*E51*G51),2) -> 3600
B53: TOTAL= | C53: =I51 -> 3600 | D53: M3
A56: =ORÇAMENTO!C31 -> 5 | B56: =ORÇAMENTO!D31 -> PAVIMENTAÇÃO
A58: =ORÇAMENTO!C32 -> 5.1 | B58: =ORÇAMENTO!D32 -> REGULARIZAÇÃO DA SUB-BASE
A60: =ORÇAMENTO!C33 -> 5.1.1 | B60: =ORÇAMENTO!D33 -> ESCAVAÇÃO HORIZONTAL, INCLUINDO CARGA E DESCARGA EM SOLO DE 1A CATEGORIA COM TRATOR DE ESTEIRAS (170HP/LÂMINA: 5,20M3). AF_07/2020 (MATERIAL DA JAZIDA)
B62: VIAS | E62: Área | G62: Espessura | I62: Volume
B63: ='[2]2.SER.PREL.'!$C$13 -> VIAS DO MUNICÍPIO | E63: =('2.SER.PREL.'!E44*('2.SER.PREL.'!G44+'2.SER.PREL.'!I44-0.1)) -> 23700 | F63: x | G63: 0.15 | H63: = | I63: =ROUND((E63*G63),2) -> 3555 | N63: 229100 | P63: =N63/29000 -> 7.9
B65: TOTAL= | C65: =I63 -> 3555 | D65: M3
A67: =ORÇAMENTO!C34 -> 5.1.2 | B67: =ORÇAMENTO!D34 -> TRANSPORTE COM CAMINHÃO BASCULANTE DE 10 M³, EM VIA URBANA PAVIMENTADA, DMT ATÉ 30 KM (UNIDADE: M3XKM). AF_07/2020
B69: VIAS | E69: Volume | G69: DMT | I69: Empolamento (25%) | K69: M3XKM
B70: ='[2]2.SER.PREL.'!$C$13 -> VIAS DO MUNICÍPIO | E70: =C65 -> 3555 | F70: x | G70: 12 | H70: x | I70: 1.25 | J70: = | K70: =ROUND((E70*G70*I70),2) -> 53325
B72: TOTAL= | C72: =K70 -> 53325 | D72: M3XKM
A74: =ORÇAMENTO!C35 -> 5.1.3 | B74: =ORÇAMENTO!D35 -> EXECUÇÃO E COMPACTAÇÃO DE BASE E OU SUB BASE PARA PAVIMENTAÇÃO DE SOLOS DE COMPORTAMENTO LATERÍTICO (ARENOSO) - EXCLUSIVE ESCAVAÇÃO, CARGA E TRANSPORTE
B76: VIAS | C76: Extensão | E76: Largura | G76: Espessura | I76: Volume
B77: VIAS DO MUNICÍPIO | C77: ='DADOS DA OBRA'!$E$30 -> 3000 | D77: x | E77: ='DADOS DA OBRA'!G13+0.9 -> 7.9 | F77: x | G77: 0.15 | H77: = | I77: =C77*E77*G77 -> 3555
B79: TOTAL= | C79: =I77 -> 3555 | D79: M3
A81: =ORÇAMENTO!C36 -> 5.2 | B81: =ORÇAMENTO!D36 -> REGULARIZAÇÃO DA BASE
A83: =ORÇAMENTO!C37 -> 5.2.1 | B83: =ORÇAMENTO!D37 -> ESCAVAÇÃO HORIZONTAL, INCLUINDO CARGA E DESCARGA EM SOLO DE 1A CATEGORIA COM TRATOR DE ESTEIRAS (170HP/LÂMINA: 5,20M3). AF_07/2020 (MATERIAL DA JAZIDA)
B85: VIAS | E85: Área | G85: Espessura | I85: Volume
B86: ='[2]2.SER.PREL.'!$C$13 -> VIAS DO MUNICÍPIO | E86: =E63 -> 23700 | F86: x | G86: 0.15 | H86: = | I86: =ROUND((E86*G86),2) -> 3555
B88: TOTAL= | C88: =I86 -> 3555 | D88: M3
A90: =ORÇAMENTO!C38 -> 5.2.2 | B90: =ORÇAMENTO!D38 -> TRANSPORTE COM CAMINHÃO BASCULANTE DE 10 M³, EM VIA URBANA PAVIMENTADA, DMT ATÉ 30 KM (UNIDADE: M3XKM). AF_07/2020
B92: VIAS | E92: Volume | G92: DMT | I92: Empolamento (25%) | K92: M3XKM
B93: ='[2]2.SER.PREL.'!$C$13 -> VIAS DO MUNICÍPIO | E93: =C88 -> 3555 | F93: x | G93: ='DADOS DA OBRA'!E36 -> 12 | H93: x | I93: 1.25 | J93: = | K93: =ROUND((E93*G93*I93),2) -> 53325
B95: TOTAL= | C95: =K93 -> 53325 | D95: M3XKM
A97: =ORÇAMENTO!C39 -> 5.2.3 | B97: =ORÇAMENTO!D39 -> EXECUÇÃO E COMPACTAÇÃO DE BASE E OU SUB BASE PARA PAVIMENTAÇÃO DE SOLOS DE COMPORTAMENTO LATERÍTICO (ARENOSO) - EXCLUSIVE ESCAVAÇÃO, CARGA E TRANSPORTE
B99: VIAS | C99: Extensão | E99: Largura | G99: Espessura | I99: Volume
B100: VIAS DO MUNICÍPIO | C100: ='DADOS DA OBRA'!$E$30 -> 3000 | D100: x | E100: =E77 -> 7.9 | F100: x | G100: 0.15 | H100: = | I100: =C100*E100*G100 -> 3555
B102: TOTAL= | C102: =I100 -> 3555 | D102: M3
A104: =ORÇAMENTO!C40 -> 5.3 | B104: =ORÇAMENTO!D40 -> REVESTIMENTO ASFÁLTICO
A105: =ORÇAMENTO!C41 -> 5.3.1 | B105: =ORÇAMENTO!D41 -> EXECUÇÃO DE IMPRIMAÇÃO COM ASFALTO DILUÍDO CM-30, PARA OBRAS DE CONSTRUÇÃO DE PAVIMENTOS. AF_09/2024
B108: VIAS | C108: comp. | E108: largura | G108: area
B109: VIAS DO MUNICÍPIO | C109: ='DADOS DA OBRA'!E30 -> 3000 | D109: x | E109: ='2.SER.PREL.'!$G$44 -> 7 | F109: = | G109: =ROUND(C109*E109,2) -> 21000
C111: TOTAL | F111: =G109 -> 21000 | G111: M2
A113: =ORÇAMENTO!C42 -> 5.3.2 | B113: =ORÇAMENTO!D42 -> EXECUÇÃO DE PINTURA DE LIGAÇÃO COM EMULSÃO ASFÁLTICA RR-2C, PARA OBRAS DE CONSTRUÇÃO DE PAVIMENTOS. AF_09/2024
B115: VIAS | C115: comp. | E115: largura | H115: Total
B116: VIAS DO MUNICÍPIO | C116: =C109 -> 3000 | D116: x | E116: =E109 -> 7 | G116: = | H116: =ROUND(C116*(E116+F116),2) -> 21000
C118: TOTAL | F118: =H116 -> 21000 | G118: M2
B120: TRANSPORTE COM CAMINHÃO BASCULANTE DE 10 M³, EM VIA URBANA PAVIMENTADA
B123: VIAS | C123: comp. | E123: largura | G123: acrescimo | H123: Espessura | K123: volume
B124: VIAS DO MUNICÍPIO | C124: =C116 -> 3000 | D124: x | E124: =E116 -> 7 | F124: + | G124: 0 | H124: 0.03 | J124: = | K124: =ROUND((C124*(E124+G124)*H124),2) -> 630
A125: =ORÇAMENTO!C43 -> 5.3.3 | B125: =ORÇAMENTO!D43 -> TRANSPORTE COM CAMINHÃO BASCULANTE DE 10 M³, EM VIA URBANA PAVIMENTADA, DMT ATÉ 30 KM (UNIDADE: M3XKM). AF_07/2020
C126: volume | E126: DMT | G126: M3XKM
C127: =$K$124 -> 630 | D127: x | E127: 18 | F127: = | G127: =ROUND(C127*E127,2) -> 11340
A129: =ORÇAMENTO!C44 -> 5.3.4 | B129: =ORÇAMENTO!D44 -> CONSTRUÇÃO DE PAVIMENTO COM APLICAÇÃO DE CONCRETO BETUMINOSO USINADO A QUENTE (CBUQ), CAMADA DE ROLAMENTO, COM ESPESSURA DE 3,0 CM - EXCLUSIVE TRANSPORTE. AF_11/2020
B131: VIAS | C131: comp. | E131: largura | F131: acrescimo | G131: Espessura | I131: volume
B132: VIAS DO MUNICÍPIO | C132: =C116 -> 3000 | D132: x | E132: =E116 -> 7 | F132: 0 | G132: 0.03 | H132: = | I132: =ROUND((C132*(E132+F132)*G132),2) -> 630
B134: TOTAL | E134: =I132 -> 630 | F134: M3
A137: =ORÇAMENTO!C45 -> 6 | B137: =ORÇAMENTO!D45 -> SINALIZAÇÃO HORIZONTAL
A138: =ORÇAMENTO!C46 -> 6.1 | B138: =ORÇAMENTO!D46 -> PINTURA DE FAIXA COM TINTA ACRÍLICA - ESPESSURA DE 0,6 MM | O138: 7 | P138: 0.4 | Q138: =P138/O138 -> 0.057142857
B141: VIAS | E141: Comp. | F141: Largura | G141: Quant. | H141: Total
B142: ='[2]2.SER.PREL.'!$C$13 -> VIAS DO MUNICÍPIO | E142: =C132 -> 3000 | F142: 0.1 | G142: 2.5 | H142: =ROUND((E142*F142*G142),2) -> 750
B145: TOTAL SINALIZAÇÃO HORIZONTAL COM TINTA RETRORREFLETIVA = | G145: =H142 -> 750 | H145: M2
A148: =ORÇAMENTO!C47 -> 7 | B148: =ORÇAMENTO!D47 -> MEIO FIO E SARJETA
A149: =ORÇAMENTO!C48 -> 7.1 | B149: =ORÇAMENTO!D48 -> GUIA (MEIO-FIO) E SARJETA CONJUGADOS DE CONCRETO, MOLDADA IN LOCO EM TRECHO RETO COM EXTRUSORA, 45 CM BASE (15 CM BASE DA GUIA + 30 CM BASE DA SARJETA) X 22 CM ALTURA. AF_06/2016
B151: VIAS | C151: Comp. (m) | D151: x | E151: Quant. Lados | F151: Total (m)
B152: VIAS DO MUNICÍPIO | C152: ='DADOS DA OBRA'!$E$30 -> 3000 | D152: x | E152: 2 | F152: =C152*E152 -> 6000
B154: COMP. TOTAL MEIO-FIO E SARJETA = | D154: =SUM(F151:F152) -> 6000 | F154: M
A156: =ORÇAMENTO!C49 -> 7.2 | B156: =ORÇAMENTO!D49 -> PINTURA DE MEIO-FIO COM TINTA BRANCA A BASE DE CAL (CAIAÇÃO).
B158: VIAS | C158: Comp. (m) | E158: Lados | G158: Total (m)
B159: VIAS DO MUNICÍPIO | C159: 6000 | D159: x | E159: 2 | F159: = | G159: =C159*E159 -> 12000
B161: ÁREA DE PINTURA = | C161: =G159 -> 12000 | F161: M
A165: LORENA FARIAS GOMES Engenheira Civil CREA-PA 1519048920 Portaria 068/2025 GPMS

Sheet B.D.I
A2: ESTADO DO PARÁ
A3: MUNICÍPIO DE SALVATERRA
A4: PREFEITURA MUNICIPAL DE SALVATERRA
A5: OBRA: | C5: SERVIÇOS DE PAVIMENTAÇÃO ASFÁLTICA DE 3,0 KM (TRÊS QUILÔMETROS) DE VIAS, LOCALIZADAS NA ZONA URBANA DO MUNICÍPIO DE SALVATERRA.
A6: REGIONAL: | C6: ='DADOS DA OBRA'!C6 -> MARAJÓ
B8: BDI - SEM DESONERAÇÃO
B10: Item | C10: PARCELA DO BDI
B11: 1 | C11: AC = Taxa de Administração Central | J11: 0.0401
B12: 2 | C12: S e G = Taxas de Seguro e Garantia | J12: 0.004
B13: 3 | C13: R = Taxa de Risco | J13: 0.0056
B14: 4 | C14: DF = Taxa de Despesas Financeiras | J14: 0.0111
B15: 5 | C15: L = Taxa de Lucro / Remuneração | J15: 0.073
B16: 6 | C16: I = Taxa de incidência de Impostos (PIS, COFINS e ISS) | J16: =J23 -> 0.0665
B18: Item | C18: Impostos
B19: 6.1 | C19: ISS | J19: 0.03
B20: 6.2 | C20: PIS | J20: 0.0065
B21: 6.3 | C21: COFINS | J21: 0.03
B22: 6.4 | C22: CPRB | J22: 0 | U22: 6.4 | V22: CPRB | W22: 0.045
H23: Total Impostos = | J23: =SUM(J19:J22) -> 0.0665
B24: Fórmula para o cálculo de BDI
J25: =ROUND((((1+J11+J12+J13)*(1+J14)*(1+J15))/(1-J16))-1,4) -> 0.22
B27: Notas:
B28: 1) Alíquota de ISS é determinada pela “Relação de Serviços” do município onde se prestará o serviço conforme art. 1º e art.8º da Lei Complementar nº116/2001.
B29: 2) Alíquota máxima de PIS é de até 1,65% conforme Lei nº10.637/02 em consonância com o Regime de Tributação da Empresa
B30: 3) Alíquota máxima de COFINS é de 3% conforme inciso XX do art. 10 da Lei nº10.833/03.
B31: 4) Os percentuais dos itens que compõem analiticamente o BDI são so limites referenciais máximos adotados pela Administração consoante com o art.40 inciso X da Lei 8.666/93.
B32: 5) Antes da aplicação do BDI (Teto Empresa de Lucros Real ) os insumos constantes do art.3º da Lei nº10.637/02 deverão sofrer redução de 1,65%, após 31/12/2008, reduzir também do insumo o percentual de 7,6% da COFINS conforme art. 3º da Lei nº10.833/03 combinado com o inciso XX do art.10 da mesma Lei.
B33: BDI CALCULADO DE ACORDO COM AS RECOMENDAÇÕES DO TRIBUNAL DE CONTAS DA UNIÃO FONTE: - Acórdão Nº 2622/2013-P.
B35: LORENA FARIAS GOMES Engenheira Civil CREA-PA 1519048920 Portaria 068/2025 GPMS
P42: 24.23
P43: 4.5
P44: =P43+P42 -> 28.73

Sheet Enc. Sociais
A2: ESTADO DO PARÁ
A3: MUNICÍPIO DE SALVATERRA
A4: PREFEITURA MUNICIPAL DE SALVATERRA
A5: OBRA: | B5: SERVIÇOS DE PAVIMENTAÇÃO ASFÁLTICA DE 3,0 KM (TRÊS QUILÔMETROS) DE VIAS, LOCALIZADAS NA ZONA URBANA DO MUNICÍPIO DE SALVATERRA.
A6: REGIONAL: | B6: ='DADOS DA OBRA'!C6 -> MARAJÓ
A7: ENCARGOS SOCIAIS E TRABALHISTAS
A8: ENCARGOS SOCIAIS | C8: HORISTA | D8: MENSALISTA
A9: GRUPO A | C9: % | D9: %
A10: A1 | B10: INSS | C10: 0.2 | D10: 0.2
A11: A2 | B11: SESI | C11: 0.015 | D11: 0.015
A12: A3 | B12: SENAI | C12: 0.01 | D12: 0.01
A13: A4 | B13: INCRA | C13: 0.002 | D13: 0.002
A14: A5 | B14: SEBRAE | C14: 0.006 | D14: 0.006
A15: A6 | B15: Salário-educação | C15: 0.025 | D15: 0.025
A16: A7 | B16: Seguro contra acidentes de trabalho | C16: 0.03 | D16: 0.03
A17: A8 | B17: FGTS | C17: 0.08 | D17: 0.08
A18: A9 | B18: SECONCI
A19: A | B19: Total | C19: =SUM(C10:C18) -> 0.368 | D19: =SUM(D10:D18) -> 0.368
A21: GRUPO B | C21: % | D21: %
A22: B1 | B22: Repouso semanal remunerado | C22: 0.1813 | D22: Não incide
A23: B2 | B23: Feriados | C23: 0.0416 | D23: Não incide
A24: B3 | B24: Auxílio - Enfermidade | C24: 0.0087 | D24: 0.0065
A25: B4 | B25: 13º Salário | C25: 0.1122 | D25: 0.0833
A26: B5 | B26: Licença Paternidade | C26: 0.0007 | D26: 0.0005
A27: B6 | B27: Faltas Justificadas | C27: 0.0075 | D27: 0.0056
A28: B7 | B28: Dias de Chuvas | C28: 0.0283 | D28: Não incide
A29: B8 | B29: Auxílio Acidente de Trabalho | C29: 0.001 | D29: 0.0007
A30: B9 | B30: Férias Gozadas | C30: 0.1282 | D30: 0.0953
A31: B10 | B31: Salário Maternidade | C31: 0.0003 | D31: 0.0003
A32: B | B32: Total | C32: =SUM(C22:C31) -> 0.5098 | D32: =D24+D25+D26+D27+D29+D30+D31 -> 0.1922
A34: GRUPO C | C34: % | D34: %
A35: C1 | B35: Aviso Prévio Indenizado | C35: 0.0581 | D35: 0.0432
A36: C2 | B36: Aviso Prévio Trabalhado | C36: 0.0014 | D36: 0.001
A37: C3 | B37: Férias Indenizadas | C37: 0.0177 | D37: 0.0131
A38: C4 | B38: Depósito Rescisão Sem Justa Causa | C38: 0.0296 | D38: 0.022
A39: C5 | B39: Indenização Adicional | C39: 0.0049 | D39: 0.0036
A40: C | B40: Total | C40: =SUM(C35:C39) -> 0.1117 | D40: =SUM(D35:D39) -> 0.0829
A42: GRUPO D | C42: % | D42: %
A43: D1 | B43: Reincidência de Grupo A sobre Grupo B | C43: 0.1876 | D43: 0.0707
A44: D2 | B44: Reincidência de Grupo A sobre Aviso Prévio Trabalhado e Reincidência do FGTS sobre Aviso Prévio Indenizado | C44: 0.0052 | D44: 0.0038
A45: D | B45: Total | C45: =SUM(C43:C44) -> 0.1928 | D45: =SUM(D43:D44) -> 0.0745
A47: TOTAL DOS ENCARGOS SOCIAIS: | C47: =C45+C40+C32+C19 -> 1.1823 | D47: =D45+D40+D32+D19 -> 0.7176
A49: LORENA FARIAS GOMES Engenheira Civil CREA-PA 1519048920 Portaria 068/2025 GPMS

Sheet CFF Não Desonerado
AFA1: GOVERNO DO ESTADO DO PARÁ | AFQ1: GOVERNO DO ESTADO DO PARÁ | AGG1: GOVERNO DO ESTADO DO PARÁ | AGW1: GOVERNO DO ESTADO DO PARÁ | AHM1: GOVERNO DO ESTADO DO PARÁ | AIC1: GOVERNO DO ESTADO DO PARÁ | AIS1: GOVERNO DO ESTADO DO PARÁ | AJI1: GOVERNO DO ESTADO DO PARÁ | AJY1: GOVERNO DO ESTADO DO PARÁ | AKO1: GOVERNO DO ESTADO DO PARÁ | ALE1: GOVERNO DO ESTADO DO PARÁ | ALU1: GOVERNO DO ESTADO DO PARÁ | AMK1: GOVERNO DO ESTADO DO PARÁ | ANA1: GOVERNO DO ESTADO DO PARÁ | ANQ1: GOVERNO DO ESTADO DO PARÁ | AOG1: GOVERNO DO ESTADO DO PARÁ | AOW1: GOVERNO DO ESTADO DO PARÁ | APM1: GOVERNO DO ESTADO DO PARÁ | AQC1: GOVERNO DO ESTADO DO PARÁ | AQS1: GOVERNO DO ESTADO DO PARÁ | ARI1: GOVERNO DO ESTADO DO PARÁ | ARY1: GOVERNO DO ESTADO DO PARÁ | ASO1: GOVERNO DO ESTADO DO PARÁ | ATE1: GOVERNO DO ESTADO DO PARÁ | ATU1: GOVERNO DO ESTADO DO PARÁ | AUK1: GOVERNO DO ESTADO DO PARÁ | AVA1: GOVERNO DO ESTADO DO PARÁ | AVQ1: GOVERNO DO ESTADO DO PARÁ | AWG1: GOVERNO DO ESTADO DO PARÁ | AWW1: GOVERNO DO ESTADO DO PARÁ | AXM1: GOVERNO DO ESTADO DO PARÁ | AYC1: GOVERNO DO ESTADO DO PARÁ | AYS1: GOVERNO DO ESTADO DO PARÁ | AZI1: GOVERNO DO ESTADO DO PARÁ | AZY1: GOVERNO DO ESTADO DO PARÁ | BAO1: GOVERNO DO ESTADO DO PARÁ | BBE1: GOVERNO DO ESTADO DO PARÁ | BBU1: GOVERNO DO ESTADO DO PARÁ | BCK1: GOVERNO DO ESTADO DO PARÁ | BDA1: GOVERNO DO ESTADO DO PARÁ | BDQ1: GOVERNO DO ESTADO DO PARÁ | BEG1: GOVERNO DO ESTADO DO PARÁ | BEW1: GOVERNO DO ESTADO DO PARÁ | BFM1: GOVERNO DO ESTADO DO PARÁ | BGC1: GOVERNO DO ESTADO DO PARÁ | BGS1: GOVERNO DO ESTADO DO PARÁ | BHI1: GOVERNO DO ESTADO DO PARÁ | BHY1: GOVERNO DO ESTADO DO PARÁ | BIO1: GOVERNO DO ESTADO DO PARÁ | BJE1: GOVERNO DO ESTADO DO PARÁ | BJU1: GOVERNO DO ESTADO DO PARÁ | BKK1: GOVERNO DO ESTADO DO PARÁ | BLA1: GOVERNO DO ESTADO DO PARÁ | BLQ1: GOVERNO DO ESTADO DO PARÁ | BMG1: GOVERNO DO ESTADO DO PARÁ | BMW1: GOVERNO DO ESTADO DO PARÁ | BNM1: GOVERNO DO ESTADO DO PARÁ | BOC1: GOVERNO DO ESTADO DO PARÁ | BOS1: GOVERNO DO ESTADO DO PARÁ | BPI1: GOVERNO DO ESTADO DO PARÁ | BPY1: GOVERNO DO ESTADO DO PARÁ | BQO1: GOVERNO DO ESTADO DO PARÁ | BRE1: GOVERNO DO ESTADO DO PARÁ | BRU1: GOVERNO DO ESTADO DO PARÁ | BSK1: GOVERNO DO ESTADO DO PARÁ | BTA1: GOVERNO DO ESTADO DO PARÁ | BTQ1: GOVERNO DO ESTADO DO PARÁ | BUG1: GOVERNO DO ESTADO DO PARÁ | BUW1: GOVERNO DO ESTADO DO PARÁ | BVM1: GOVERNO DO ESTADO DO PARÁ | BWC1: GOVERNO DO ESTADO DO PARÁ | BWS1: GOVERNO DO ESTADO DO PARÁ | BXI1: GOVERNO DO ESTADO DO PARÁ | BXY1: GOVERNO DO ESTADO DO PARÁ | BYO1: GOVERNO DO ESTADO DO PARÁ | BZE1: GOVERNO DO ESTADO DO PARÁ | BZU1: GOVERNO DO ESTADO DO PARÁ | CAK1: GOVERNO DO ESTADO DO PARÁ | CBA1: GOVERNO DO ESTADO DO PARÁ | CBQ1: GOVERNO DO ESTADO DO PARÁ | CCG1: GOVERNO DO ESTADO DO PARÁ | CCW1: GOVERNO DO ESTADO DO PARÁ | CDM1: GOVERNO DO ESTADO DO PARÁ | CEC1: GOVERNO DO ESTADO DO PARÁ | CES1: GOVERNO DO ESTADO DO PARÁ | CFI1: GOVERNO DO ESTADO DO PARÁ | CFY1: GOVERNO DO ESTADO DO PARÁ | CGO1: GOVERNO DO ESTADO DO PARÁ | CHE1: GOVERNO DO ESTADO DO PARÁ | CHU1: GOVERNO DO ESTADO DO PARÁ | CIK1: GOVERNO DO ESTADO DO PARÁ | CJA1: GOVERNO DO ESTADO DO PARÁ | CJQ1: GOVERNO DO ESTADO DO PARÁ | CKG1: GOVERNO DO ESTADO DO PARÁ | CKW1: GOVERNO DO ESTADO DO PARÁ | CLM1: GOVERNO DO ESTADO DO PARÁ | CMC1: GOVERNO DO ESTADO DO PARÁ | CMS1: GOVERNO DO ESTADO DO PARÁ | CNI1: GOVERNO DO ESTADO DO PARÁ | CNY1: GOVERNO DO ESTADO DO PARÁ | COO1: GOVERNO DO ESTADO DO PARÁ | CPE1: GOVERNO DO ESTADO DO PARÁ | CPU1: GOVERNO DO ESTADO DO PARÁ | CQK1: GOVERNO DO ESTADO DO PARÁ | CRA1: GOVERNO DO ESTADO DO PARÁ | CRQ1: GOVERNO DO ESTADO DO PARÁ | CSG1: GOVERNO DO ESTADO DO PARÁ | CSW1: GOVERNO DO ESTADO DO PARÁ | CTM1: GOVERNO DO ESTADO DO PARÁ | CUC1: GOVERNO DO ESTADO DO PARÁ | CUS1: GOVERNO DO ESTADO DO PARÁ | CVI1: GOVERNO DO ESTADO DO PARÁ | CVY1: GOVERNO DO ESTADO DO PARÁ | CWO1: GOVERNO DO ESTADO DO PARÁ | CXE1: GOVERNO DO ESTADO DO PARÁ | CXU1: GOVERNO DO ESTADO DO PARÁ | CYK1: GOVERNO DO ESTADO DO PARÁ | CZA1: GOVERNO DO ESTADO DO PARÁ | CZQ1: GOVERNO DO ESTADO DO PARÁ | DAG1: GOVERNO DO ESTADO DO PARÁ | DAW1: GOVERNO DO ESTADO DO PARÁ | DBM1: GOVERNO DO ESTADO DO PARÁ | DCC1: GOVERNO DO ESTADO DO PARÁ | DCS1: GOVERNO DO ESTADO DO PARÁ | DDI1: GOVERNO DO ESTADO DO PARÁ | DDY1: GOVERNO DO ESTADO DO PARÁ | DEO1: GOVERNO DO ESTADO DO PARÁ | DFE1: GOVERNO DO ESTADO DO PARÁ | DFU1: GOVERNO DO ESTADO DO PARÁ | DGK1: GOVERNO DO ESTADO DO PARÁ | DHA1: GOVERNO DO ESTADO DO PARÁ | DHQ1: GOVERNO DO ESTADO DO PARÁ | DIG1: GOVERNO DO ESTADO DO PARÁ | DIW1: GOVERNO DO ESTADO DO PARÁ | DJM1: GOVERNO DO ESTADO DO PARÁ | DKC1: GOVERNO DO ESTADO DO PARÁ | DKS1: GOVERNO DO ESTADO DO PARÁ | DLI1: GOVERNO DO ESTADO DO PARÁ | DLY1: GOVERNO DO ESTADO DO PARÁ | DMO1: GOVERNO DO ESTADO DO PARÁ | DNE1: GOVERNO DO ESTADO DO PARÁ | DNU1: GOVERNO DO ESTADO DO PARÁ | DOK1: GOVERNO DO ESTADO DO PARÁ | DPA1: GOVERNO DO ESTADO DO PARÁ | DPQ1: GOVERNO DO ESTADO DO PARÁ | DQG1: GOVERNO DO ESTADO DO PARÁ | DQW1: GOVERNO DO ESTADO DO PARÁ | DRM1: GOVERNO DO ESTADO DO PARÁ | DSC1: GOVERNO DO ESTADO DO PARÁ | DSS1: GOVERNO DO ESTADO DO PARÁ | DTI1: GOVERNO DO ESTADO DO PARÁ | DTY1: GOVERNO DO ESTADO DO PARÁ | DUO1: GOVERNO DO ESTADO DO PARÁ | DVE1: GOVERNO DO ESTADO DO PARÁ | DVU1: GOVERNO DO ESTADO DO PARÁ | DWK1: GOVERNO DO ESTADO DO PARÁ | DXA1: GOVERNO DO ESTADO DO PARÁ | DXQ1: GOVERNO DO ESTADO DO PARÁ | DYG1: GOVERNO DO ESTADO DO PARÁ | DYW1: GOVERNO DO ESTADO DO PARÁ | DZM1: GOVERNO DO ESTADO DO PARÁ | EAC1: GOVERNO DO ESTADO DO PARÁ | EAS1: GOVERNO DO ESTADO DO PARÁ | EBI1: GOVERNO DO ESTADO DO PARÁ | EBY1: GOVERNO DO ESTADO DO PARÁ | ECO1: GOVERNO DO ESTADO DO PARÁ | EDE1: GOVERNO DO ESTADO DO PARÁ | EDU1: GOVERNO DO ESTADO DO PARÁ | EEK1: GOVERNO DO ESTADO DO PARÁ | EFA1: GOVERNO DO ESTADO DO PARÁ | EFQ1: GOVERNO DO ESTADO DO PARÁ | EGG1: GOVERNO DO ESTADO DO PARÁ | EGW1: GOVERNO DO ESTADO DO PARÁ | EHM1: GOVERNO DO ESTADO DO PARÁ | EIC1: GOVERNO DO ESTADO DO PARÁ | EIS1: GOVERNO DO ESTADO DO PARÁ | EJI1: GOVERNO DO ESTADO DO PARÁ | EJY1: GOVERNO DO ESTADO DO PARÁ | EKO1: GOVERNO DO ESTADO DO PARÁ | ELE1: GOVERNO DO ESTADO DO PARÁ | ELU1: GOVERNO DO ESTADO DO PARÁ | EMK1: GOVERNO DO ESTADO DO PARÁ | ENA1: GOVERNO DO ESTADO DO PARÁ | ENQ1: GOVERNO DO ESTADO DO PARÁ | EOG1: GOVERNO DO ESTADO DO PARÁ | EOW1: GOVERNO DO ESTADO DO PARÁ | EPM1: GOVERNO DO ESTADO DO PARÁ | EQC1: GOVERNO DO ESTADO DO PARÁ | EQS1: GOVERNO DO ESTADO DO PARÁ | ERI1: GOVERNO DO ESTADO DO PARÁ | ERY1: GOVERNO DO ESTADO DO PARÁ | ESO1: GOVERNO DO ESTADO DO PARÁ | ETE1: GOVERNO DO ESTADO DO PARÁ | ETU1: GOVERNO DO ESTADO DO PARÁ | EUK1: GOVERNO DO ESTADO DO PARÁ | EVA1: GOVERNO DO ESTADO DO PARÁ | EVQ1: GOVERNO DO ESTADO DO PARÁ | EWG1: GOVERNO DO ESTADO DO PARÁ | EWW1: GOVERNO DO ESTADO DO PARÁ | EXM1: GOVERNO DO ESTADO DO PARÁ | EYC1: GOVERNO DO ESTADO DO PARÁ | EYS1: GOVERNO DO ESTADO DO PARÁ | EZI1: GOVERNO DO ESTADO DO PARÁ | EZY1: GOVERNO DO ESTADO DO PARÁ | FAO1: GOVERNO DO ESTADO DO PARÁ | FBE1: GOVERNO DO ESTADO DO PARÁ | FBU1: GOVERNO DO ESTADO DO PARÁ | FCK1: GOVERNO DO ESTADO DO PARÁ | FDA1: GOVERNO DO ESTADO DO PARÁ | FDQ1: GOVERNO DO ESTADO DO PARÁ | FEG1: GOVERNO DO ESTADO DO PARÁ | FEW1: GOVERNO DO ESTADO DO PARÁ | FFM1: GOVERNO DO ESTADO DO PARÁ | FGC1: GOVERNO DO ESTADO DO PARÁ | FGS1: GOVERNO DO ESTADO DO PARÁ | FHI1: GOVERNO DO ESTADO DO PARÁ | FHY1: GOVERNO DO ESTADO DO PARÁ | FIO1: GOVERNO DO ESTADO DO PARÁ | FJE1: GOVERNO DO ESTADO DO PARÁ | FJU1: GOVERNO DO ESTADO DO PARÁ | FKK1: GOVERNO DO ESTADO DO PARÁ | FLA1: GOVERNO DO ESTADO DO PARÁ | FLQ1: GOVERNO DO ESTADO DO PARÁ | FMG1: GOVERNO DO ESTADO DO PARÁ | FMW1: GOVERNO DO ESTADO DO PARÁ | FNM1: GOVERNO DO ESTADO DO PARÁ | FOC1: GOVERNO DO ESTADO DO PARÁ | FOS1: GOVERNO DO ESTADO DO PARÁ | FPI1: GOVERNO DO ESTADO DO PARÁ | FPY1: GOVERNO DO ESTADO DO PARÁ | FQO1: GOVERNO DO ESTADO DO PARÁ | FRE1: GOVERNO DO ESTADO DO PARÁ | FRU1: GOVERNO DO ESTADO DO PARÁ | FSK1: GOVERNO DO ESTADO DO PARÁ | FTA1: GOVERNO DO ESTADO DO PARÁ | FTQ1: GOVERNO DO ESTADO DO PARÁ | FUG1: GOVERNO DO ESTADO DO PARÁ | FUW1: GOVERNO DO ESTADO DO PARÁ | FVM1: GOVERNO DO ESTADO DO PARÁ | FWC1: GOVERNO DO ESTADO DO PARÁ | FWS1: GOVERNO DO ESTADO DO PARÁ | FXI1: GOVERNO DO ESTADO DO PARÁ | FXY1: GOVERNO DO ESTADO DO PARÁ | FYO1: GOVERNO DO ESTADO DO PARÁ | FZE1: GOVERNO DO ESTADO DO PARÁ | FZU1: GOVERNO DO ESTADO DO PARÁ | GAK1: GOVERNO DO ESTADO DO PARÁ | GBA1: GOVERNO DO ESTADO DO PARÁ | GBQ1: GOVERNO DO ESTADO DO PARÁ | GCG1: GOVERNO DO ESTADO DO PARÁ | GCW1: GOVERNO DO ESTADO DO PARÁ | GDM1: GOVERNO DO ESTADO DO PARÁ | GEC1: GOVERNO DO ESTADO DO PARÁ | GES1: GOVERNO DO ESTADO DO PARÁ | GFI1: GOVERNO DO ESTADO DO PARÁ | GFY1: GOVERNO DO ESTADO DO PARÁ | GGO1: GOVERNO DO ESTADO DO PARÁ | GHE1: GOVERNO DO ESTADO DO PARÁ | GHU1: GOVERNO DO ESTADO DO PARÁ | GIK1: GOVERNO DO ESTADO DO PARÁ | GJA1: GOVERNO DO ESTADO DO PARÁ | GJQ1: GOVERNO DO ESTADO DO PARÁ | GKG1: GOVERNO DO ESTADO DO PARÁ | GKW1: GOVERNO DO ESTADO DO PARÁ | GLM1: GOVERNO DO ESTADO DO PARÁ | GMC1: GOVERNO DO ESTADO DO PARÁ | GMS1: GOVERNO DO ESTADO DO PARÁ | GNI1: GOVERNO DO ESTADO DO PARÁ | GNY1: GOVERNO DO ESTADO DO PARÁ | GOO1: GOVERNO DO ESTADO DO PARÁ | GPE1: GOVERNO DO ESTADO DO PARÁ | GPU1: GOVERNO DO ESTADO DO PARÁ | GQK1: GOVERNO DO ESTADO DO PARÁ | GRA1: GOVERNO DO ESTADO DO PARÁ | GRQ1: GOVERNO DO ESTADO DO PARÁ | GSG1: GOVERNO DO ESTADO DO PARÁ | GSW1: GOVERNO DO ESTADO DO PARÁ | GTM1: GOVERNO DO ESTADO DO PARÁ | GUC1: GOVERNO DO ESTADO DO PARÁ | GUS1: GOVERNO DO ESTADO DO PARÁ | GVI1: GOVERNO DO ESTADO DO PARÁ | GVY1: GOVERNO DO ESTADO DO PARÁ | GWO1: GOVERNO DO ESTADO DO PARÁ | GXE1: GOVERNO DO ESTADO DO PARÁ | GXU1: GOVERNO DO ESTADO DO PARÁ | GYK1: GOVERNO DO ESTADO DO PARÁ | GZA1: GOVERNO DO ESTADO DO PARÁ | GZQ1: GOVERNO DO ESTADO DO PARÁ | HAG1: GOVERNO DO ESTADO DO PARÁ | HAW1: GOVERNO DO ESTADO DO PARÁ | HBM1: GOVERNO DO ESTADO DO PARÁ | HCC1: GOVERNO DO ESTADO DO PARÁ | HCS1: GOVERNO DO ESTADO DO PARÁ | HDI1: GOVERNO DO ESTADO DO PARÁ | HDY1: GOVERNO DO ESTADO DO PARÁ | HEO1: GOVERNO DO ESTADO DO PARÁ | HFE1: GOVERNO DO ESTADO DO PARÁ | HFU1: GOVERNO DO ESTADO DO PARÁ | HGK1: GOVERNO DO ESTADO DO PARÁ | HHA1: GOVERNO DO ESTADO DO PARÁ | HHQ1: GOVERNO DO ESTADO DO PARÁ | HIG1: GOVERNO DO ESTADO DO PARÁ | HIW1: GOVERNO DO ESTADO DO PARÁ | HJM1: GOVERNO DO ESTADO DO PARÁ | HKC1: GOVERNO DO ESTADO DO PARÁ | HKS1: GOVERNO DO ESTADO DO PARÁ | HLI1: GOVERNO DO ESTADO DO PARÁ | HLY1: GOVERNO DO ESTADO DO PARÁ | HMO1: GOVERNO DO ESTADO DO PARÁ | HNE1: GOVERNO DO ESTADO DO PARÁ | HNU1: GOVERNO DO ESTADO DO PARÁ | HOK1: GOVERNO DO ESTADO DO PARÁ | HPA1: GOVERNO DO ESTADO DO PARÁ | HPQ1: GOVERNO DO ESTADO DO PARÁ | HQG1: GOVERNO DO ESTADO DO PARÁ | HQW1: GOVERNO DO ESTADO DO PARÁ | HRM1: GOVERNO DO ESTADO DO PARÁ | HSC1: GOVERNO DO ESTADO DO PARÁ | HSS1: GOVERNO DO ESTADO DO PARÁ | HTI1: GOVERNO DO ESTADO DO PARÁ | HTY1: GOVERNO DO ESTADO DO PARÁ | HUO1: GOVERNO DO ESTADO DO PARÁ | HVE1: GOVERNO DO ESTADO DO PARÁ | HVU1: GOVERNO DO ESTADO DO PARÁ | HWK1: GOVERNO DO ESTADO DO PARÁ | HXA1: GOVERNO DO ESTADO DO PARÁ | HXQ1: GOVERNO DO ESTADO DO PARÁ | HYG1: GOVERNO DO ESTADO DO PARÁ | HYW1: GOVERNO DO ESTADO DO PARÁ | HZM1: GOVERNO DO ESTADO DO PARÁ | IAC1: GOVERNO DO ESTADO DO PARÁ | IAS1: GOVERNO DO ESTADO DO PARÁ | IBI1: GOVERNO DO ESTADO DO PARÁ | IBY1: GOVERNO DO ESTADO DO PARÁ | ICO1: GOVERNO DO ESTADO DO PARÁ | IDE1: GOVERNO DO ESTADO DO PARÁ | IDU1: GOVERNO DO ESTADO DO PARÁ | IEK1: GOVERNO DO ESTADO DO PARÁ | IFA1: GOVERNO DO ESTADO DO PARÁ | IFQ1: GOVERNO DO ESTADO DO PARÁ | IGG1: GOVERNO DO ESTADO DO PARÁ | IGW1: GOVERNO DO ESTADO DO PARÁ | IHM1: GOVERNO DO ESTADO DO PARÁ | IIC1: GOVERNO DO ESTADO DO PARÁ | IIS1: GOVERNO DO ESTADO DO PARÁ | IJI1: GOVERNO DO ESTADO DO PARÁ | IJY1: GOVERNO DO ESTADO DO PARÁ | IKO1: GOVERNO DO ESTADO DO PARÁ | ILE1: GOVERNO DO ESTADO DO PARÁ | ILU1: GOVERNO DO ESTADO DO PARÁ | IMK1: GOVERNO DO ESTADO DO PARÁ | INA1: GOVERNO DO ESTADO DO PARÁ | INQ1: GOVERNO DO ESTADO DO PARÁ | IOG1: GOVERNO DO ESTADO DO PARÁ | IOW1: GOVERNO DO ESTADO DO PARÁ | IPM1: GOVERNO DO ESTADO DO PARÁ | IQC1: GOVERNO DO ESTADO DO PARÁ | IQS1: GOVERNO DO ESTADO DO PARÁ | IRI1: GOVERNO DO ESTADO DO PARÁ | IRY1: GOVERNO DO ESTADO DO PARÁ | ISO1: GOVERNO DO ESTADO DO PARÁ | ITE1: GOVERNO DO ESTADO DO PARÁ | ITU1: GOVERNO DO ESTADO DO PARÁ | IUK1: GOVERNO DO ESTADO DO PARÁ | IVA1: GOVERNO DO ESTADO DO PARÁ | IVQ1: GOVERNO DO ESTADO DO PARÁ | IWG1: GOVERNO DO ESTADO DO PARÁ | IWW1: GOVERNO DO ESTADO DO PARÁ | IXM1: GOVERNO DO ESTADO DO PARÁ | IYC1: GOVERNO DO ESTADO DO PARÁ | IYS1: GOVERNO DO ESTADO DO PARÁ | IZI1: GOVERNO DO ESTADO DO PARÁ | IZY1: GOVERNO DO ESTADO DO PARÁ | JAO1: GOVERNO DO ESTADO DO PARÁ | JBE1: GOVERNO DO ESTADO DO PARÁ | JBU1: GOVERNO DO ESTADO DO PARÁ | JCK1: GOVERNO DO ESTADO DO PARÁ | JDA1: GOVERNO DO ESTADO DO PARÁ | JDQ1: GOVERNO DO ESTADO DO PARÁ | JEG1: GOVERNO DO ESTADO DO PARÁ | JEW1: GOVERNO DO ESTADO DO PARÁ | JFM1: GOVERNO DO ESTADO DO PARÁ | JGC1: GOVERNO DO ESTADO DO PARÁ | JGS1: GOVERNO DO ESTADO DO PARÁ | JHI1: GOVERNO DO ESTADO DO PARÁ | JHY1: GOVERNO DO ESTADO DO PARÁ | JIO1: GOVERNO DO ESTADO DO PARÁ | JJE1: GOVERNO DO ESTADO DO PARÁ | JJU1: GOVERNO DO ESTADO DO PARÁ | JKK1: GOVERNO DO ESTADO DO PARÁ | JLA1: GOVERNO DO ESTADO DO PARÁ | JLQ1: GOVERNO DO ESTADO DO PARÁ | JMG1: GOVERNO DO ESTADO DO PARÁ | JMW1: GOVERNO DO ESTADO DO PARÁ | JNM1: GOVERNO DO ESTADO DO PARÁ | JOC1: GOVERNO DO ESTADO DO PARÁ | JOS1: GOVERNO DO ESTADO DO PARÁ | JPI1: GOVERNO DO ESTADO DO PARÁ | JPY1: GOVERNO DO ESTADO DO PARÁ | JQO1: GOVERNO DO ESTADO DO PARÁ | JRE1: GOVERNO DO ESTADO DO PARÁ | JRU1: GOVERNO DO ESTADO DO PARÁ | JSK1: GOVERNO DO ESTADO DO PARÁ | JTA1: GOVERNO DO ESTADO DO PARÁ | JTQ1: GOVERNO DO ESTADO DO PARÁ | JUG1: GOVERNO DO ESTADO DO PARÁ | JUW1: GOVERNO DO ESTADO DO PARÁ | JVM1: GOVERNO DO ESTADO DO PARÁ | JWC1: GOVERNO DO ESTADO DO PARÁ | JWS1: GOVERNO DO ESTADO DO PARÁ | JXI1: GOVERNO DO ESTADO DO PARÁ | JXY1: GOVERNO DO ESTADO DO PARÁ | JYO1: GOVERNO DO ESTADO DO PARÁ | JZE1: GOVERNO DO ESTADO DO PARÁ | JZU1: GOVERNO DO ESTADO DO PARÁ | KAK1: GOVERNO DO ESTADO DO PARÁ | KBA1: GOVERNO DO ESTADO DO PARÁ | KBQ1: GOVERNO DO ESTADO DO PARÁ | KCG1: GOVERNO DO ESTADO DO PARÁ | KCW1: GOVERNO DO ESTADO DO PARÁ | KDM1: GOVERNO DO ESTADO DO PARÁ | KEC1: GOVERNO DO ESTADO DO PARÁ | KES1: GOVERNO DO ESTADO DO PARÁ | KFI1: GOVERNO DO ESTADO DO PARÁ | KFY1: GOVERNO DO ESTADO DO PARÁ | KGO1: GOVERNO DO ESTADO DO PARÁ | KHE1: GOVERNO DO ESTADO DO PARÁ | KHU1: GOVERNO DO ESTADO DO PARÁ | KIK1: GOVERNO DO ESTADO DO PARÁ | KJA1: GOVERNO DO ESTADO DO PARÁ | KJQ1: GOVERNO DO ESTADO DO PARÁ | KKG1: GOVERNO DO ESTADO DO PARÁ | KKW1: GOVERNO DO ESTADO DO PARÁ | KLM1: GOVERNO DO ESTADO DO PARÁ | KMC1: GOVERNO DO ESTADO DO PARÁ | KMS1: GOVERNO DO ESTADO DO PARÁ | KNI1: GOVERNO DO ESTADO DO PARÁ | KNY1: GOVERNO DO ESTADO DO PARÁ | KOO1: GOVERNO DO ESTADO DO PARÁ | KPE1: GOVERNO DO ESTADO DO PARÁ | KPU1: GOVERNO DO ESTADO DO PARÁ | KQK1: GOVERNO DO ESTADO DO PARÁ | KRA1: GOVERNO DO ESTADO DO PARÁ | KRQ1: GOVERNO DO ESTADO DO PARÁ | KSG1: GOVERNO DO ESTADO DO PARÁ | KSW1: GOVERNO DO ESTADO DO PARÁ | KTM1: GOVERNO DO ESTADO DO PARÁ | KUC1: GOVERNO DO ESTADO DO PARÁ | KUS1: GOVERNO DO ESTADO DO PARÁ | KVI1: GOVERNO DO ESTADO DO PARÁ | KVY1: GOVERNO DO ESTADO DO PARÁ | KWO1: GOVERNO DO ESTADO DO PARÁ | KXE1: GOVERNO DO ESTADO DO PARÁ | KXU1: GOVERNO DO ESTADO DO PARÁ | KYK1: GOVERNO DO ESTADO DO PARÁ | KZA1: GOVERNO DO ESTADO DO PARÁ | KZQ1: GOVERNO DO ESTADO DO PARÁ | LAG1: GOVERNO DO ESTADO DO PARÁ | LAW1: GOVERNO DO ESTADO DO PARÁ | LBM1: GOVERNO DO ESTADO DO PARÁ | LCC1: GOVERNO DO ESTADO DO PARÁ | LCS1: GOVERNO DO ESTADO DO PARÁ | LDI1: GOVERNO DO ESTADO DO PARÁ | LDY1: GOVERNO DO ESTADO DO PARÁ | LEO1: GOVERNO DO ESTADO DO PARÁ | LFE1: GOVERNO DO ESTADO DO PARÁ | LFU1: GOVERNO DO ESTADO DO PARÁ | LGK1: GOVERNO DO ESTADO DO PARÁ | LHA1: GOVERNO DO ESTADO DO PARÁ | LHQ1: GOVERNO DO ESTADO DO PARÁ | LIG1: GOVERNO DO ESTADO DO PARÁ | LIW1: GOVERNO DO ESTADO DO PARÁ | LJM1: GOVERNO DO ESTADO DO PARÁ | LKC1: GOVERNO DO ESTADO DO PARÁ | LKS1: GOVERNO DO ESTADO DO PARÁ | LLI1: GOVERNO DO ESTADO DO PARÁ | LLY1: GOVERNO DO ESTADO DO PARÁ | LMO1: GOVERNO DO ESTADO DO PARÁ | LNE1: GOVERNO DO ESTADO DO PARÁ | LNU1: GOVERNO DO ESTADO DO PARÁ | LOK1: GOVERNO DO ESTADO DO PARÁ | LPA1: GOVERNO DO ESTADO DO PARÁ | LPQ1: GOVERNO DO ESTADO DO PARÁ | LQG1: GOVERNO DO ESTADO DO PARÁ | LQW1: GOVERNO DO ESTADO DO PARÁ | LRM1: GOVERNO DO ESTADO DO PARÁ | LSC1: GOVERNO DO ESTADO DO PARÁ | LSS1: GOVERNO DO ESTADO DO PARÁ | LTI1: GOVERNO DO ESTADO DO PARÁ | LTY1: GOVERNO DO ESTADO DO PARÁ | LUO1: GOVERNO DO ESTADO DO PARÁ | LVE1: GOVERNO DO ESTADO DO PARÁ | LVU1: GOVERNO DO ESTADO DO PARÁ | LWK1: GOVERNO DO ESTADO DO PARÁ | LXA1: GOVERNO DO ESTADO DO PARÁ | LXQ1: GOVERNO DO ESTADO DO PARÁ | LYG1: GOVERNO DO ESTADO DO PARÁ | LYW1: GOVERNO DO ESTADO DO PARÁ | LZM1: GOVERNO DO ESTADO DO PARÁ | MAC1: GOVERNO DO ESTADO DO PARÁ | MAS1: GOVERNO DO ESTADO DO PARÁ | MBI1: GOVERNO DO ESTADO DO PARÁ | MBY1: GOVERNO DO ESTADO DO PARÁ | MCO1: GOVERNO DO ESTADO DO PARÁ | MDE1: GOVERNO DO ESTADO DO PARÁ | MDU1: GOVERNO DO ESTADO DO PARÁ | MEK1: GOVERNO DO ESTADO DO PARÁ | MFA1: GOVERNO DO ESTADO DO PARÁ | MFQ1: GOVERNO DO ESTADO DO PARÁ | MGG1: GOVERNO DO ESTADO DO PARÁ | MGW1: GOVERNO DO ESTADO DO PARÁ | MHM1: GOVERNO DO ESTADO DO PARÁ | MIC1: GOVERNO DO ESTADO DO PARÁ | MIS1: GOVERNO DO ESTADO DO PARÁ | MJI1: GOVERNO DO ESTADO DO PARÁ | MJY1: GOVERNO DO ESTADO DO PARÁ | MKO1: GOVERNO DO ESTADO DO PARÁ | MLE1: GOVERNO DO ESTADO DO PARÁ | MLU1: GOVERNO DO ESTADO DO PARÁ | MMK1: GOVERNO DO ESTADO DO PARÁ | MNA1: GOVERNO DO ESTADO DO PARÁ | MNQ1: GOVERNO DO ESTADO DO PARÁ | MOG1: GOVERNO DO ESTADO DO PARÁ | MOW1: GOVERNO DO ESTADO DO PARÁ | MPM1: GOVERNO DO ESTADO DO PARÁ | MQC1: GOVERNO DO ESTADO DO PARÁ | MQS1: GOVERNO DO ESTADO DO PARÁ | MRI1: GOVERNO DO ESTADO DO PARÁ | MRY1: GOVERNO DO ESTADO DO PARÁ | MSO1: GOVERNO DO ESTADO DO PARÁ | MTE1: GOVERNO DO ESTADO DO PARÁ | MTU1: GOVERNO DO ESTADO DO PARÁ | MUK1: GOVERNO DO ESTADO DO PARÁ | MVA1: GOVERNO DO ESTADO DO PARÁ | MVQ1: GOVERNO DO ESTADO DO PARÁ | MWG1: GOVERNO DO ESTADO DO PARÁ | MWW1: GOVERNO DO ESTADO DO PARÁ | MXM1: GOVERNO DO ESTADO DO PARÁ | MYC1: GOVERNO DO ESTADO DO PARÁ | MYS1: GOVERNO DO ESTADO DO PARÁ | MZI1: GOVERNO DO ESTADO DO PARÁ | MZY1: GOVERNO DO ESTADO DO PARÁ | NAO1: GOVERNO DO ESTADO DO PARÁ | NBE1: GOVERNO DO ESTADO DO PARÁ | NBU1: GOVERNO DO ESTADO DO PARÁ | NCK1: GOVERNO DO ESTADO DO PARÁ | NDA1: GOVERNO DO ESTADO DO PARÁ | NDQ1: GOVERNO DO ESTADO DO PARÁ | NEG1: GOVERNO DO ESTADO DO PARÁ | NEW1: GOVERNO DO ESTADO DO PARÁ | NFM1: GOVERNO DO ESTADO DO PARÁ | NGC1: GOVERNO DO ESTADO DO PARÁ | NGS1: GOVERNO DO ESTADO DO PARÁ | NHI1: GOVERNO DO ESTADO DO PARÁ | NHY1: GOVERNO DO ESTADO DO PARÁ | NIO1: GOVERNO DO ESTADO DO PARÁ | NJE1: GOVERNO DO ESTADO DO PARÁ | NJU1: GOVERNO DO ESTADO DO PARÁ | NKK1: GOVERNO DO ESTADO DO PARÁ | NLA1: GOVERNO DO ESTADO DO PARÁ | NLQ1: GOVERNO DO ESTADO DO PARÁ | NMG1: GOVERNO DO ESTADO DO PARÁ | NMW1: GOVERNO DO ESTADO DO PARÁ | NNM1: GOVERNO DO ESTADO DO PARÁ | NOC1: GOVERNO DO ESTADO DO PARÁ | NOS1: GOVERNO DO ESTADO DO PARÁ | NPI1: GOVERNO DO ESTADO DO PARÁ | NPY1: GOVERNO DO ESTADO DO PARÁ | NQO1: GOVERNO DO ESTADO DO PARÁ | NRE1: GOVERNO DO ESTADO DO PARÁ | NRU1: GOVERNO DO ESTADO DO PARÁ | NSK1: GOVERNO DO ESTADO DO PARÁ | NTA1: GOVERNO DO ESTADO DO PARÁ | NTQ1: GOVERNO DO ESTADO DO PARÁ | NUG1: GOVERNO DO ESTADO DO PARÁ | NUW1: GOVERNO DO ESTADO DO PARÁ | NVM1: GOVERNO DO ESTADO DO PARÁ | NWC1: GOVERNO DO ESTADO DO PARÁ | NWS1: GOVERNO DO ESTADO DO PARÁ | NXI1: GOVERNO DO ESTADO DO PARÁ | NXY1: GOVERNO DO ESTADO DO PARÁ | NYO1: GOVERNO DO ESTADO DO PARÁ | NZE1: GOVERNO DO ESTADO DO PARÁ | NZU1: GOVERNO DO ESTADO DO PARÁ | OAK1: GOVERNO DO ESTADO DO PARÁ | OBA1: GOVERNO DO ESTADO DO PARÁ | OBQ1: GOVERNO DO ESTADO DO PARÁ | OCG1: GOVERNO DO ESTADO DO PARÁ | OCW1: GOVERNO DO ESTADO DO PARÁ | ODM1: GOVERNO DO ESTADO DO PARÁ | OEC1: GOVERNO DO ESTADO DO PARÁ | OES1: GOVERNO DO ESTADO DO PARÁ | OFI1: GOVERNO DO ESTADO DO PARÁ | OFY1: GOVERNO DO ESTADO DO PARÁ | OGO1: GOVERNO DO ESTADO DO PARÁ | OHE1: GOVERNO DO ESTADO DO PARÁ | OHU1: GOVERNO DO ESTADO DO PARÁ | OIK1: GOVERNO DO ESTADO DO PARÁ | OJA1: GOVERNO DO ESTADO DO PARÁ | OJQ1: GOVERNO DO ESTADO DO PARÁ | OKG1: GOVERNO DO ESTADO DO PARÁ | OKW1: GOVERNO DO ESTADO DO PARÁ | OLM1: GOVERNO DO ESTADO DO PARÁ | OMC1: GOVERNO DO ESTADO DO PARÁ | OMS1: GOVERNO DO ESTADO DO PARÁ | ONI1: GOVERNO DO ESTADO DO PARÁ | ONY1: GOVERNO DO ESTADO DO PARÁ | OOO1: GOVERNO DO ESTADO DO PARÁ | OPE1: GOVERNO DO ESTADO DO PARÁ | OPU1: GOVERNO DO ESTADO DO PARÁ | OQK1: GOVERNO DO ESTADO DO PARÁ | ORA1: GOVERNO DO ESTADO DO PARÁ | ORQ1: GOVERNO DO ESTADO DO PARÁ | OSG1: GOVERNO DO ESTADO DO PARÁ | OSW1: GOVERNO DO ESTADO DO PARÁ | OTM1: GOVERNO DO ESTADO DO PARÁ | OUC1: GOVERNO DO ESTADO DO PARÁ | OUS1: GOVERNO DO ESTADO DO PARÁ | OVI1: GOVERNO DO ESTADO DO PARÁ | OVY1: GOVERNO DO ESTADO DO PARÁ | OWO1: GOVERNO DO ESTADO DO PARÁ | OXE1: GOVERNO DO ESTADO DO PARÁ | OXU1: GOVERNO DO ESTADO DO PARÁ | OYK1: GOVERNO DO ESTADO DO PARÁ | OZA1: GOVERNO DO ESTADO DO PARÁ | OZQ1: GOVERNO DO ESTADO DO PARÁ | PAG1: GOVERNO DO ESTADO DO PARÁ | PAW1: GOVERNO DO ESTADO DO PARÁ | PBM1: GOVERNO DO ESTADO DO PARÁ | PCC1: GOVERNO DO ESTADO DO PARÁ | PCS1: GOVERNO DO ESTADO DO PARÁ | PDI1: GOVERNO DO ESTADO DO PARÁ | PDY1: GOVERNO DO ESTADO DO PARÁ | PEO1: GOVERNO DO ESTADO DO PARÁ | PFE1: GOVERNO DO ESTADO DO PARÁ | PFU1: GOVERNO DO ESTADO DO PARÁ | PGK1: GOVERNO DO ESTADO DO PARÁ | PHA1: GOVERNO DO ESTADO DO PARÁ | PHQ1: GOVERNO DO ESTADO DO PARÁ | PIG1: GOVERNO DO ESTADO DO PARÁ | PIW1: GOVERNO DO ESTADO DO PARÁ | PJM1: GOVERNO DO ESTADO DO PARÁ | PKC1: GOVERNO DO ESTADO DO PARÁ | PKS1: GOVERNO DO ESTADO DO PARÁ | PLI1: GOVERNO DO ESTADO DO PARÁ | PLY1: GOVERNO DO ESTADO DO PARÁ | PMO1: GOVERNO DO ESTADO DO PARÁ | PNE1: GOVERNO DO ESTADO DO PARÁ | PNU1: GOVERNO DO ESTADO DO PARÁ | POK1: GOVERNO DO ESTADO DO PARÁ | PPA1: GOVERNO DO ESTADO DO PARÁ | PPQ1: GOVERNO DO ESTADO DO PARÁ | PQG1: GOVERNO DO ESTADO DO PARÁ | PQW1: GOVERNO DO ESTADO DO PARÁ | PRM1: GOVERNO DO ESTADO DO PARÁ | PSC1: GOVERNO DO ESTADO DO PARÁ | PSS1: GOVERNO DO ESTADO DO PARÁ | PTI1: GOVERNO DO ESTADO DO PARÁ | PTY1: GOVERNO DO ESTADO DO PARÁ | PUO1: GOVERNO DO ESTADO DO PARÁ | PVE1: GOVERNO DO ESTADO DO PARÁ | PVU1: GOVERNO DO ESTADO DO PARÁ | PWK1: GOVERNO DO ESTADO DO PARÁ | PXA1: GOVERNO DO ESTADO DO PARÁ | PXQ1: GOVERNO DO ESTADO DO PARÁ | PYG1: GOVERNO DO ESTADO DO PARÁ | PYW1: GOVERNO DO ESTADO DO PARÁ | PZM1: GOVERNO DO ESTADO DO PARÁ | QAC1: GOVERNO DO ESTADO DO PARÁ | QAS1: GOVERNO DO ESTADO DO PARÁ | QBI1: GOVERNO DO ESTADO DO PARÁ | QBY1: GOVERNO DO ESTADO DO PARÁ | QCO1: GOVERNO DO ESTADO DO PARÁ | QDE1: GOVERNO DO ESTADO DO PARÁ | QDU1: GOVERNO DO ESTADO DO PARÁ | QEK1: GOVERNO DO ESTADO DO PARÁ | QFA1: GOVERNO DO ESTADO DO PARÁ | QFQ1: GOVERNO DO ESTADO DO PARÁ | QGG1: GOVERNO DO ESTADO DO PARÁ | QGW1: GOVERNO DO ESTADO DO PARÁ | QHM1: GOVERNO DO ESTADO DO PARÁ | QIC1: GOVERNO DO ESTADO DO PARÁ | QIS1: GOVERNO DO ESTADO DO PARÁ | QJI1: GOVERNO DO ESTADO DO PARÁ | QJY1: GOVERNO DO ESTADO DO PARÁ | QKO1: GOVERNO DO ESTADO DO PARÁ | QLE1: GOVERNO DO ESTADO DO PARÁ | QLU1: GOVERNO DO ESTADO DO PARÁ | QMK1: GOVERNO DO ESTADO DO PARÁ | QNA1: GOVERNO DO ESTADO DO PARÁ | QNQ1: GOVERNO DO ESTADO DO PARÁ | QOG1: GOVERNO DO ESTADO DO PARÁ | QOW1: GOVERNO DO ESTADO DO PARÁ | QPM1: GOVERNO DO ESTADO DO PARÁ | QQC1: GOVERNO DO ESTADO DO PARÁ | QQS1: GOVERNO DO ESTADO DO PARÁ | QRI1: GOVERNO DO ESTADO DO PARÁ | QRY1: GOVERNO DO ESTADO DO PARÁ | QSO1: GOVERNO DO ESTADO DO PARÁ | QTE1: GOVERNO DO ESTADO DO PARÁ | QTU1: GOVERNO DO ESTADO DO PARÁ | QUK1: GOVERNO DO ESTADO DO PARÁ | QVA1: GOVERNO DO ESTADO DO PARÁ | QVQ1: GOVERNO DO ESTADO DO PARÁ | QWG1: GOVERNO DO ESTADO DO PARÁ | QWW1: GOVERNO DO ESTADO DO PARÁ | QXM1: GOVERNO DO ESTADO DO PARÁ | QYC1: GOVERNO DO ESTADO DO PARÁ | QYS1: GOVERNO DO ESTADO DO PARÁ | QZI1: GOVERNO DO ESTADO DO PARÁ | QZY1: GOVERNO DO ESTADO DO PARÁ | RAO1: GOVERNO DO ESTADO DO PARÁ | RBE1: GOVERNO DO ESTADO DO PARÁ | RBU1: GOVERNO DO ESTADO DO PARÁ | RCK1: GOVERNO DO ESTADO DO PARÁ | RDA1: GOVERNO DO ESTADO DO PARÁ | RDQ1: GOVERNO DO ESTADO DO PARÁ | REG1: GOVERNO DO ESTADO DO PARÁ | REW1: GOVERNO DO ESTADO DO PARÁ | RFM1: GOVERNO DO ESTADO DO PARÁ | RGC1: GOVERNO DO ESTADO DO PARÁ | RGS1: GOVERNO DO ESTADO DO PARÁ | RHI1: GOVERNO DO ESTADO DO PARÁ | RHY1: GOVERNO DO ESTADO DO PARÁ | RIO1: GOVERNO DO ESTADO DO PARÁ | RJE1: GOVERNO DO ESTADO DO PARÁ | RJU1: GOVERNO DO ESTADO DO PARÁ | RKK1: GOVERNO DO ESTADO DO PARÁ | RLA1: GOVERNO DO ESTADO DO PARÁ | RLQ1: GOVERNO DO ESTADO DO PARÁ | RMG1: GOVERNO DO ESTADO DO PARÁ | RMW1: GOVERNO DO ESTADO DO PARÁ | RNM1: GOVERNO DO ESTADO DO PARÁ | ROC1: GOVERNO DO ESTADO DO PARÁ | ROS1: GOVERNO DO ESTADO DO PARÁ | RPI1: GOVERNO DO ESTADO DO PARÁ | RPY1: GOVERNO DO ESTADO DO PARÁ | RQO1: GOVERNO DO ESTADO DO PARÁ | RRE1: GOVERNO DO ESTADO DO PARÁ | RRU1: GOVERNO DO ESTADO DO PARÁ | RSK1: GOVERNO DO ESTADO DO PARÁ | RTA1: GOVERNO DO ESTADO DO PARÁ | RTQ1: GOVERNO DO ESTADO DO PARÁ | RUG1: GOVERNO DO ESTADO DO PARÁ | RUW1: GOVERNO DO ESTADO DO PARÁ | RVM1: GOVERNO DO ESTADO DO PARÁ | RWC1: GOVERNO DO ESTADO DO PARÁ | RWS1: GOVERNO DO ESTADO DO PARÁ | RXI1: GOVERNO DO ESTADO DO PARÁ | RXY1: GOVERNO DO ESTADO DO PARÁ | RYO1: GOVERNO DO ESTADO DO PARÁ | RZE1: GOVERNO DO ESTADO DO PARÁ | RZU1: GOVERNO DO ESTADO DO PARÁ | SAK1: GOVERNO DO ESTADO DO PARÁ | SBA1: GOVERNO DO ESTADO DO PARÁ | SBQ1: GOVERNO DO ESTADO DO PARÁ | SCG1: GOVERNO DO ESTADO DO PARÁ | SCW1: GOVERNO DO ESTADO DO PARÁ | SDM1: GOVERNO DO ESTADO DO PARÁ | SEC1: GOVERNO DO ESTADO DO PARÁ | SES1: GOVERNO DO ESTADO DO PARÁ | SFI1: GOVERNO DO ESTADO DO PARÁ | SFY1: GOVERNO DO ESTADO DO PARÁ | SGO1: GOVERNO DO ESTADO DO PARÁ | SHE1: GOVERNO DO ESTADO DO PARÁ | SHU1: GOVERNO DO ESTADO DO PARÁ | SIK1: GOVERNO DO ESTADO DO PARÁ | SJA1: GOVERNO DO ESTADO DO PARÁ | SJQ1: GOVERNO DO ESTADO DO PARÁ | SKG1: GOVERNO DO ESTADO DO PARÁ | SKW1: GOVERNO DO ESTADO DO PARÁ | SLM1: GOVERNO DO ESTADO DO PARÁ | SMC1: GOVERNO DO ESTADO DO PARÁ | SMS1: GOVERNO DO ESTADO DO PARÁ | SNI1: GOVERNO DO ESTADO DO PARÁ | SNY1: GOVERNO DO ESTADO DO PARÁ | SOO1: GOVERNO DO ESTADO DO PARÁ | SPE1: GOVERNO DO ESTADO DO PARÁ | SPU1: GOVERNO DO ESTADO DO PARÁ | SQK1: GOVERNO DO ESTADO DO PARÁ | SRA1: GOVERNO DO ESTADO DO PARÁ | SRQ1: GOVERNO DO ESTADO DO PARÁ | SSG1: GOVERNO DO ESTADO DO PARÁ | SSW1: GOVERNO DO ESTADO DO PARÁ | STM1: GOVERNO DO ESTADO DO PARÁ | SUC1: GOVERNO DO ESTADO DO PARÁ | SUS1: GOVERNO DO ESTADO DO PARÁ | SVI1: GOVERNO DO ESTADO DO PARÁ | SVY1: GOVERNO DO ESTADO DO PARÁ | SWO1: GOVERNO DO ESTADO DO PARÁ | SXE1: GOVERNO DO ESTADO DO PARÁ | SXU1: GOVERNO DO ESTADO DO PARÁ | SYK1: GOVERNO DO ESTADO DO PARÁ | SZA1: GOVERNO DO ESTADO DO PARÁ | SZQ1: GOVERNO DO ESTADO DO PARÁ | TAG1: GOVERNO DO ESTADO DO PARÁ | TAW1: GOVERNO DO ESTADO DO PARÁ | TBM1: GOVERNO DO ESTADO DO PARÁ | TCC1: GOVERNO DO ESTADO DO PARÁ | TCS1: GOVERNO DO ESTADO DO PARÁ | TDI1: GOVERNO DO ESTADO DO PARÁ | TDY1: GOVERNO DO ESTADO DO PARÁ | TEO1: GOVERNO DO ESTADO DO PARÁ | TFE1: GOVERNO DO ESTADO DO PARÁ | TFU1: GOVERNO DO ESTADO DO PARÁ | TGK1: GOVERNO DO ESTADO DO PARÁ | THA1: GOVERNO DO ESTADO DO PARÁ | THQ1: GOVERNO DO ESTADO DO PARÁ | TIG1: GOVERNO DO ESTADO DO PARÁ | TIW1: GOVERNO DO ESTADO DO PARÁ | TJM1: GOVERNO DO ESTADO DO PARÁ | TKC1: GOVERNO DO ESTADO DO PARÁ | TKS1: GOVERNO DO ESTADO DO PARÁ | TLI1: GOVERNO DO ESTADO DO PARÁ | TLY1: GOVERNO DO ESTADO DO PARÁ | TMO1: GOVERNO DO ESTADO DO PARÁ | TNE1: GOVERNO DO ESTADO DO PARÁ | TNU1: GOVERNO DO ESTADO DO PARÁ | TOK1: GOVERNO DO ESTADO DO PARÁ | TPA1: GOVERNO DO ESTADO DO PARÁ | TPQ1: GOVERNO DO ESTADO DO PARÁ | TQG1: GOVERNO DO ESTADO DO PARÁ | TQW1: GOVERNO DO ESTADO DO PARÁ | TRM1: GOVERNO DO ESTADO DO PARÁ | TSC1: GOVERNO DO ESTADO DO PARÁ | TSS1: GOVERNO DO ESTADO DO PARÁ | TTI1: GOVERNO DO ESTADO DO PARÁ | TTY1: GOVERNO DO ESTADO DO PARÁ | TUO1: GOVERNO DO ESTADO DO PARÁ | TVE1: GOVERNO DO ESTADO DO PARÁ | TVU1: GOVERNO DO ESTADO DO PARÁ | TWK1: GOVERNO DO ESTADO DO PARÁ | TXA1: GOVERNO DO ESTADO DO PARÁ | TXQ1: GOVERNO DO ESTADO DO PARÁ | TYG1: GOVERNO DO ESTADO DO PARÁ | TYW1: GOVERNO DO ESTADO DO PARÁ | TZM1: GOVERNO DO ESTADO DO PARÁ | UAC1: GOVERNO DO ESTADO DO PARÁ | UAS1: GOVERNO DO ESTADO DO PARÁ | UBI1: GOVERNO DO ESTADO DO PARÁ | UBY1: GOVERNO DO ESTADO DO PARÁ | UCO1: GOVERNO DO ESTADO DO PARÁ | UDE1: GOVERNO DO ESTADO DO PARÁ | UDU1: GOVERNO DO ESTADO DO PARÁ | UEK1: GOVERNO DO ESTADO DO PARÁ | UFA1: GOVERNO DO ESTADO DO PARÁ | UFQ1: GOVERNO DO ESTADO DO PARÁ | UGG1: GOVERNO DO ESTADO DO PARÁ | UGW1: GOVERNO DO ESTADO DO PARÁ | UHM1: GOVERNO DO ESTADO DO PARÁ | UIC1: GOVERNO DO ESTADO DO PARÁ | UIS1: GOVERNO DO ESTADO DO PARÁ | UJI1: GOVERNO DO ESTADO DO PARÁ | UJY1: GOVERNO DO ESTADO DO PARÁ | UKO1: GOVERNO DO ESTADO DO PARÁ | ULE1: GOVERNO DO ESTADO DO PARÁ | ULU1: GOVERNO DO ESTADO DO PARÁ | UMK1: GOVERNO DO ESTADO DO PARÁ | UNA1: GOVERNO DO ESTADO DO PARÁ | UNQ1: GOVERNO DO ESTADO DO PARÁ | UOG1: GOVERNO DO ESTADO DO PARÁ | UOW1: GOVERNO DO ESTADO DO PARÁ | UPM1: GOVERNO DO ESTADO DO PARÁ | UQC1: GOVERNO DO ESTADO DO PARÁ | UQS1: GOVERNO DO ESTADO DO PARÁ | URI1: GOVERNO DO ESTADO DO PARÁ | URY1: GOVERNO DO ESTADO DO PARÁ | USO1: GOVERNO DO ESTADO DO PARÁ | UTE1: GOVERNO DO ESTADO DO PARÁ | UTU1: GOVERNO DO ESTADO DO PARÁ | UUK1: GOVERNO DO ESTADO DO PARÁ | UVA1: GOVERNO DO ESTADO DO PARÁ | UVQ1: GOVERNO DO ESTADO DO PARÁ | UWG1: GOVERNO DO ESTADO DO PARÁ | UWW1: GOVERNO DO ESTADO DO PARÁ | UXM1: GOVERNO DO ESTADO DO PARÁ | UYC1: GOVERNO DO ESTADO DO PARÁ | UYS1: GOVERNO DO ESTADO DO PARÁ | UZI1: GOVERNO DO ESTADO DO PARÁ | UZY1: GOVERNO DO ESTADO DO PARÁ | VAO1: GOVERNO DO ESTADO DO PARÁ | VBE1: GOVERNO DO ESTADO DO PARÁ | VBU1: GOVERNO DO ESTADO DO PARÁ | VCK1: GOVERNO DO ESTADO DO PARÁ | VDA1: GOVERNO DO ESTADO DO PARÁ | VDQ1: GOVERNO DO ESTADO DO PARÁ | VEG1: GOVERNO DO ESTADO DO PARÁ | VEW1: GOVERNO DO ESTADO DO PARÁ | VFM1: GOVERNO DO ESTADO DO PARÁ | VGC1: GOVERNO DO ESTADO DO PARÁ | VGS1: GOVERNO DO ESTADO DO PARÁ | VHI1: GOVERNO DO ESTADO DO PARÁ | VHY1: GOVERNO DO ESTADO DO PARÁ | VIO1: GOVERNO DO ESTADO DO PARÁ | VJE1: GOVERNO DO ESTADO DO PARÁ | VJU1: GOVERNO DO ESTADO DO PARÁ | VKK1: GOVERNO DO ESTADO DO PARÁ | VLA1: GOVERNO DO ESTADO DO PARÁ | VLQ1: GOVERNO DO ESTADO DO PARÁ | VMG1: GOVERNO DO ESTADO DO PARÁ | VMW1: GOVERNO DO ESTADO DO PARÁ | VNM1: GOVERNO DO ESTADO DO PARÁ | VOC1: GOVERNO DO ESTADO DO PARÁ | VOS1: GOVERNO DO ESTADO DO PARÁ | VPI1: GOVERNO DO ESTADO DO PARÁ | VPY1: GOVERNO DO ESTADO DO PARÁ | VQO1: GOVERNO DO ESTADO DO PARÁ | VRE1: GOVERNO DO ESTADO DO PARÁ | VRU1: GOVERNO DO ESTADO DO PARÁ | VSK1: GOVERNO DO ESTADO DO PARÁ | VTA1: GOVERNO DO ESTADO DO PARÁ | VTQ1: GOVERNO DO ESTADO DO PARÁ | VUG1: GOVERNO DO ESTADO DO PARÁ | VUW1: GOVERNO DO ESTADO DO PARÁ | VVM1: GOVERNO DO ESTADO DO PARÁ | VWC1: GOVERNO DO ESTADO DO PARÁ | VWS1: GOVERNO DO ESTADO DO PARÁ | VXI1: GOVERNO DO ESTADO DO PARÁ | VXY1: GOVERNO DO ESTADO DO PARÁ | VYO1: GOVERNO DO ESTADO DO PARÁ | VZE1: GOVERNO DO ESTADO DO PARÁ | VZU1: GOVERNO DO ESTADO DO PARÁ | WAK1: GOVERNO DO ESTADO DO PARÁ | WBA1: GOVERNO DO ESTADO DO PARÁ | WBQ1: GOVERNO DO ESTADO DO PARÁ | WCG1: GOVERNO DO ESTADO DO PARÁ | WCW1: GOVERNO DO ESTADO DO PARÁ | WDM1: GOVERNO DO ESTADO DO PARÁ | WEC1: GOVERNO DO ESTADO DO PARÁ | WES1: GOVERNO DO ESTADO DO PARÁ | WFI1: GOVERNO DO ESTADO DO PARÁ | WFY1: GOVERNO DO ESTADO DO PARÁ | WGO1: GOVERNO DO ESTADO DO PARÁ | WHE1: GOVERNO DO ESTADO DO PARÁ | WHU1: GOVERNO DO ESTADO DO PARÁ | WIK1: GOVERNO DO ESTADO DO PARÁ | WJA1: GOVERNO DO ESTADO DO PARÁ | WJQ1: GOVERNO DO ESTADO DO PARÁ | WKG1: GOVERNO DO ESTADO DO PARÁ | WKW1: GOVERNO DO ESTADO DO PARÁ | WLM1: GOVERNO DO ESTADO DO PARÁ | WMC1: GOVERNO DO ESTADO DO PARÁ | WMS1: GOVERNO DO ESTADO DO PARÁ | WNI1: GOVERNO DO ESTADO DO PARÁ | WNY1: GOVERNO DO ESTADO DO PARÁ | WOO1: GOVERNO DO ESTADO DO PARÁ | WPE1: GOVERNO DO ESTADO DO PARÁ | WPU1: GOVERNO DO ESTADO DO PARÁ | WQK1: GOVERNO DO ESTADO DO PARÁ | WRA1: GOVERNO DO ESTADO DO PARÁ | WRQ1: GOVERNO DO ESTADO DO PARÁ | WSG1: GOVERNO DO ESTADO DO PARÁ | WSW1: GOVERNO DO ESTADO DO PARÁ | WTM1: GOVERNO DO ESTADO DO PARÁ | WUC1: GOVERNO DO ESTADO DO PARÁ | WUS1: GOVERNO DO ESTADO DO PARÁ | WVI1: GOVERNO DO ESTADO DO PARÁ | WVY1: GOVERNO DO ESTADO DO PARÁ | WWO1: GOVERNO DO ESTADO DO PARÁ | WXE1: GOVERNO DO ESTADO DO PARÁ | WXU1: GOVERNO DO ESTADO DO PARÁ | WYK1: GOVERNO DO ESTADO DO PARÁ | WZA1: GOVERNO DO ESTADO DO PARÁ | WZQ1: GOVERNO DO ESTADO DO PARÁ | XAG1: GOVERNO DO ESTADO DO PARÁ | XAW1: GOVERNO DO ESTADO DO PARÁ | XBM1: GOVERNO DO ESTADO DO PARÁ | XCC1: GOVERNO DO ESTADO DO PARÁ | XCS1: GOVERNO DO ESTADO DO PARÁ | XDI1: GOVERNO DO ESTADO DO PARÁ | XDY1: GOVERNO DO ESTADO DO PARÁ | XEO1: GOVERNO DO ESTADO DO PARÁ
A2: ='DADOS DA OBRA'!A2:H2 -> ESTADO DO PARÁ | AFA2: SECRETARIA DE ESTADO DE DESENVOLVIMENTO URBANO E OBRAS PÚBLICAS | AFQ2: SECRETARIA DE ESTADO DE DESENVOLVIMENTO URBANO E OBRAS PÚBLICAS | AGG2: SECRETARIA DE ESTADO DE DESENVOLVIMENTO URBANO E OBRAS PÚBLICAS | AGW2: SECRETARIA DE ESTADO DE DESENVOLVIMENTO URBANO E OBRAS PÚBLICAS | AHM2: SECRETARIA DE ESTADO DE DESENVOLVIMENTO URBANO E OBRAS PÚBLICAS | AIC2: SECRETARIA DE ESTADO DE DESENVOLVIMENTO URBANO E OBRAS PÚBLICAS | AIS2: SECRETARIA DE ESTADO DE DESENVOLVIMENTO URBANO E OBRAS PÚBLICAS | AJI2: SECRETARIA DE ESTADO DE DESENVOLVIMENTO URBANO E OBRAS PÚBLICAS | AJY2: SECRETARIA DE ESTADO DE DESENVOLVIMENTO URBANO E OBRAS PÚBLICAS | AKO2: SECRETARIA DE ESTADO DE DESENVOLVIMENTO URBANO E OBRAS PÚBLICAS | ALE2: SECRETARIA DE ESTADO DE DESENVOLVIMENTO URBANO E OBRAS PÚBLICAS | ALU2: SECRETARIA DE ESTADO DE DESENVOLVIMENTO URBANO E OBRAS PÚBLICAS | AMK2: SECRETARIA DE ESTADO DE DESENVOLVIMENTO URBANO E OBRAS PÚBLICAS | ANA2: SECRETARIA DE ESTADO DE DESENVOLVIMENTO URBANO E OBRAS PÚBLICAS | ANQ2: SECRETARIA DE ESTADO DE DESENVOLVIMENTO URBANO E OBRAS PÚBLICAS | AOG2: SECRETARIA DE ESTADO DE DESENVOLVIMENTO URBANO E OBRAS PÚBLICAS | AOW2: SECRETARIA DE ESTADO DE DESENVOLVIMENTO URBANO E OBRAS PÚBLICAS | APM2: SECRETARIA DE ESTADO DE DESENVOLVIMENTO URBANO E OBRAS PÚBLICAS | AQC2: SECRETARIA DE ESTADO DE DESENVOLVIMENTO URBANO E OBRAS PÚBLICAS | AQS2: SECRETARIA DE ESTADO DE DESENVOLVIMENTO URBANO E OBRAS PÚBLICAS | ARI2: SECRETARIA DE ESTADO DE DESENVOLVIMENTO URBANO E OBRAS PÚBLICAS | ARY2: SECRETARIA DE ESTADO DE DESENVOLVIMENTO URBANO E OBRAS PÚBLICAS | ASO2: SECRETARIA DE ESTADO DE DESENVOLVIMENTO URBANO E OBRAS PÚBLICAS | ATE2: SECRETARIA DE ESTADO DE DESENVOLVIMENTO URBANO E OBRAS PÚBLICAS | ATU2: SECRETARIA DE ESTADO DE DESENVOLVIMENTO URBANO E OBRAS PÚBLICAS | AUK2: SECRETARIA DE ESTADO DE DESENVOLVIMENTO URBANO E OBRAS PÚBLICAS | AVA2: SECRETARIA DE ESTADO DE DESENVOLVIMENTO URBANO E OBRAS PÚBLICAS | AVQ2: SECRETARIA DE ESTADO DE DESENVOLVIMENTO URBANO E OBRAS PÚBLICAS | AWG2: SECRETARIA DE ESTADO DE DESENVOLVIMENTO URBANO E OBRAS PÚBLICAS | AWW2: SECRETARIA DE ESTADO DE DESENVOLVIMENTO URBANO E OBRAS PÚBLICAS | AXM2: SECRETARIA DE ESTADO DE DESENVOLVIMENTO URBANO E OBRAS PÚBLICAS | AYC2: SECRETARIA DE ESTADO DE DESENVOLVIMENTO URBANO E OBRAS PÚBLICAS | AYS2: SECRETARIA DE ESTADO DE DESENVOLVIMENTO URBANO E OBRAS PÚBLICAS | AZI2: SECRETARIA DE ESTADO DE DESENVOLVIMENTO URBANO E OBRAS PÚBLICAS | AZY2: SECRETARIA DE ESTADO DE DESENVOLVIMENTO URBANO E OBRAS PÚBLICAS | BAO2: SECRETARIA DE ESTADO DE DESENVOLVIMENTO URBANO E OBRAS PÚBLICAS | BBE2: SECRETARIA DE ESTADO DE DESENVOLVIMENTO URBANO E OBRAS PÚBLICAS | BBU2: SECRETARIA DE ESTADO DE DESENVOLVIMENTO URBANO E OBRAS PÚBLICAS | BCK2: SECRETARIA DE ESTADO DE DESENVOLVIMENTO URBANO E OBRAS PÚBLICAS | BDA2: SECRETARIA DE ESTADO DE DESENVOLVIMENTO URBANO E OBRAS PÚBLICAS | BDQ2: SECRETARIA DE ESTADO DE DESENVOLVIMENTO URBANO E OBRAS PÚBLICAS | BEG2: SECRETARIA DE ESTADO DE DESENVOLVIMENTO URBANO E OBRAS PÚBLICAS | BEW2: SECRETARIA DE ESTADO DE DESENVOLVIMENTO URBANO E OBRAS PÚBLICAS | BFM2: SECRETARIA DE ESTADO DE DESENVOLVIMENTO URBANO E OBRAS PÚBLICAS | BGC2: SECRETARIA DE ESTADO DE DESENVOLVIMENTO URBANO E OBRAS PÚBLICAS | BGS2: SECRETARIA DE ESTADO DE DESENVOLVIMENTO URBANO E OBRAS PÚBLICAS | BHI2: SECRETARIA DE ESTADO DE DESENVOLVIMENTO URBANO E OBRAS PÚBLICAS | BHY2: SECRETARIA DE ESTADO DE DESENVOLVIMENTO URBANO E OBRAS PÚBLICAS | BIO2: SECRETARIA DE ESTADO DE DESENVOLVIMENTO URBANO E OBRAS PÚBLICAS | BJE2: SECRETARIA DE ESTADO DE DESENVOLVIMENTO URBANO E OBRAS PÚBLICAS | BJU2: SECRETARIA DE ESTADO DE DESENVOLVIMENTO URBANO E OBRAS PÚBLICAS | BKK2: SECRETARIA DE ESTADO DE DESENVOLVIMENTO URBANO E OBRAS PÚBLICAS | BLA2: SECRETARIA DE ESTADO DE DESENVOLVIMENTO URBANO E OBRAS PÚBLICAS | BLQ2: SECRETARIA DE ESTADO DE DESENVOLVIMENTO URBANO E OBRAS PÚBLICAS | BMG2: SECRETARIA DE ESTADO DE DESENVOLVIMENTO URBANO E OBRAS PÚBLICAS | BMW2: SECRETARIA DE ESTADO DE DESENVOLVIMENTO URBANO E OBRAS PÚBLICAS | BNM2: SECRETARIA DE ESTADO DE DESENVOLVIMENTO URBANO E OBRAS PÚBLICAS | BOC2: SECRETARIA DE ESTADO DE DESENVOLVIMENTO URBANO E OBRAS PÚBLICAS | BOS2: SECRETARIA DE ESTADO DE DESENVOLVIMENTO URBANO E OBRAS PÚBLICAS | BPI2: SECRETARIA DE ESTADO DE DESENVOLVIMENTO URBANO E OBRAS PÚBLICAS | BPY2: SECRETARIA DE ESTADO DE DESENVOLVIMENTO URBANO E OBRAS PÚBLICAS | BQO2: SECRETARIA DE ESTADO DE DESENVOLVIMENTO URBANO E OBRAS PÚBLICAS | BRE2: SECRETARIA DE ESTADO DE DESENVOLVIMENTO URBANO E OBRAS PÚBLICAS | BRU2: SECRETARIA DE ESTADO DE DESENVOLVIMENTO URBANO E OBRAS PÚBLICAS | BSK2: SECRETARIA DE ESTADO DE DESENVOLVIMENTO URBANO E OBRAS PÚBLICAS | BTA2: SECRETARIA DE ESTADO DE DESENVOLVIMENTO URBANO E OBRAS PÚBLICAS | BTQ2: SECRETARIA DE ESTADO DE DESENVOLVIMENTO URBANO E OBRAS PÚBLICAS | BUG2: SECRETARIA DE ESTADO DE DESENVOLVIMENTO URBANO E OBRAS PÚBLICAS | BUW2: SECRETARIA DE ESTADO DE DESENVOLVIMENTO URBANO E OBRAS PÚBLICAS | BVM2: SECRETARIA DE ESTADO DE DESENVOLVIMENTO URBANO E OBRAS PÚBLICAS | BWC2: SECRETARIA DE ESTADO DE DESENVOLVIMENTO URBANO E OBRAS PÚBLICAS | BWS2: SECRETARIA DE ESTADO DE DESENVOLVIMENTO URBANO E OBRAS PÚBLICAS | BXI2: SECRETARIA DE ESTADO DE DESENVOLVIMENTO URBANO E OBRAS PÚBLICAS | BXY2: SECRETARIA DE ESTADO DE DESENVOLVIMENTO URBANO E OBRAS PÚBLICAS | BYO2: SECRETARIA DE ESTADO DE DESENVOLVIMENTO URBANO E OBRAS PÚBLICAS | BZE2: SECRETARIA DE ESTADO DE DESENVOLVIMENTO URBANO E OBRAS PÚBLICAS | BZU2: SECRETARIA DE ESTADO DE DESENVOLVIMENTO URBANO E OBRAS PÚBLICAS | CAK2: SECRETARIA DE ESTADO DE DESENVOLVIMENTO URBANO E OBRAS PÚBLICAS | CBA2: SECRETARIA DE ESTADO DE DESENVOLVIMENTO URBANO E OBRAS PÚBLICAS | CBQ2: SECRETARIA DE ESTADO DE DESENVOLVIMENTO URBANO E OBRAS PÚBLICAS | CCG2: SECRETARIA DE ESTADO DE DESENVOLVIMENTO URBANO E OBRAS PÚBLICAS | CCW2: SECRETARIA DE ESTADO DE DESENVOLVIMENTO URBANO E OBRAS PÚBLICAS | CDM2: SECRETARIA DE ESTADO DE DESENVOLVIMENTO URBANO E OBRAS PÚBLICAS | CEC2: SECRETARIA DE ESTADO DE DESENVOLVIMENTO URBANO E OBRAS PÚBLICAS | CES2: SECRETARIA DE ESTADO DE DESENVOLVIMENTO URBANO E OBRAS PÚBLICAS | CFI2: SECRETARIA DE ESTADO DE DESENVOLVIMENTO URBANO E OBRAS PÚBLICAS | CFY2: SECRETARIA DE ESTADO DE DESENVOLVIMENTO URBANO E OBRAS PÚBLICAS | CGO2: SECRETARIA DE ESTADO DE DESENVOLVIMENTO URBANO E OBRAS PÚBLICAS | CHE2: SECRETARIA DE ESTADO DE DESENVOLVIMENTO URBANO E OBRAS PÚBLICAS | CHU2: SECRETARIA DE ESTADO DE DESENVOLVIMENTO URBANO E OBRAS PÚBLICAS | CIK2: SECRETARIA DE ESTADO DE DESENVOLVIMENTO URBANO E OBRAS PÚBLICAS | CJA2: SECRETARIA DE ESTADO DE DESENVOLVIMENTO URBANO E OBRAS PÚBLICAS | CJQ2: SECRETARIA DE ESTADO DE DESENVOLVIMENTO URBANO E OBRAS PÚBLICAS | CKG2: SECRETARIA DE ESTADO DE DESENVOLVIMENTO URBANO E OBRAS PÚBLICAS | CKW2: SECRETARIA DE ESTADO DE DESENVOLVIMENTO URBANO E OBRAS PÚBLICAS | CLM2: SECRETARIA DE ESTADO DE DESENVOLVIMENTO URBANO E OBRAS PÚBLICAS | CMC2: SECRETARIA DE ESTADO DE DESENVOLVIMENTO URBANO E OBRAS PÚBLICAS | CMS2: SECRETARIA DE ESTADO DE DESENVOLVIMENTO URBANO E OBRAS PÚBLICAS | CNI2: SECRETARIA DE ESTADO DE DESENVOLVIMENTO URBANO E OBRAS PÚBLICAS | CNY2: SECRETARIA DE ESTADO DE DESENVOLVIMENTO URBANO E OBRAS PÚBLICAS | COO2: SECRETARIA DE ESTADO DE DESENVOLVIMENTO URBANO E OBRAS PÚBLICAS | CPE2: SECRETARIA DE ESTADO DE DESENVOLVIMENTO URBANO E OBRAS PÚBLICAS | CPU2: SECRETARIA DE ESTADO DE DESENVOLVIMENTO URBANO E OBRAS PÚBLICAS | CQK2: SECRETARIA DE ESTADO DE DESENVOLVIMENTO URBANO E OBRAS PÚBLICAS | CRA2: SECRETARIA DE ESTADO DE DESENVOLVIMENTO URBANO E OBRAS PÚBLICAS | CRQ2: SECRETARIA DE ESTADO DE DESENVOLVIMENTO URBANO E OBRAS PÚBLICAS | CSG2: SECRETARIA DE ESTADO DE DESENVOLVIMENTO URBANO E OBRAS PÚBLICAS | CSW2: SECRETARIA DE ESTADO DE DESENVOLVIMENTO URBANO E OBRAS PÚBLICAS | CTM2: SECRETARIA DE ESTADO DE DESENVOLVIMENTO URBANO E OBRAS PÚBLICAS | CUC2: SECRETARIA DE ESTADO DE DESENVOLVIMENTO URBANO E OBRAS PÚBLICAS | CUS2: SECRETARIA DE ESTADO DE DESENVOLVIMENTO URBANO E OBRAS PÚBLICAS | CVI2: SECRETARIA DE ESTADO DE DESENVOLVIMENTO URBANO E OBRAS PÚBLICAS | CVY2: SECRETARIA DE ESTADO DE DESENVOLVIMENTO URBANO E OBRAS PÚBLICAS | CWO2: SECRETARIA DE ESTADO DE DESENVOLVIMENTO URBANO E OBRAS PÚBLICAS | CXE2: SECRETARIA DE ESTADO DE DESENVOLVIMENTO URBANO E OBRAS PÚBLICAS | CXU2: SECRETARIA DE ESTADO DE DESENVOLVIMENTO URBANO E OBRAS PÚBLICAS | CYK2: SECRETARIA DE ESTADO DE DESENVOLVIMENTO URBANO E OBRAS PÚBLICAS | CZA2: SECRETARIA DE ESTADO DE DESENVOLVIMENTO URBANO E OBRAS PÚBLICAS | CZQ2: SECRETARIA DE ESTADO DE DESENVOLVIMENTO URBANO E OBRAS PÚBLICAS | DAG2: SECRETARIA DE ESTADO DE DESENVOLVIMENTO URBANO E OBRAS PÚBLICAS | DAW2: SECRETARIA DE ESTADO DE DESENVOLVIMENTO URBANO E OBRAS PÚBLICAS | DBM2: SECRETARIA DE ESTADO DE DESENVOLVIMENTO URBANO E OBRAS PÚBLICAS | DCC2: SECRETARIA DE ESTADO DE DESENVOLVIMENTO URBANO E OBRAS PÚBLICAS | DCS2: SECRETARIA DE ESTADO DE DESENVOLVIMENTO URBANO E OBRAS PÚBLICAS | DDI2: SECRETARIA DE ESTADO DE DESENVOLVIMENTO URBANO E OBRAS PÚBLICAS | DDY2: SECRETARIA DE ESTADO DE DESENVOLVIMENTO URBANO E OBRAS PÚBLICAS | DEO2: SECRETARIA DE ESTADO DE DESENVOLVIMENTO URBANO E OBRAS PÚBLICAS | DFE2: SECRETARIA DE ESTADO DE DESENVOLVIMENTO URBANO E OBRAS PÚBLICAS | DFU2: SECRETARIA DE ESTADO DE DESENVOLVIMENTO URBANO E OBRAS PÚBLICAS | DGK2: SECRETARIA DE ESTADO DE DESENVOLVIMENTO URBANO E OBRAS PÚBLICAS | DHA2: SECRETARIA DE ESTADO DE DESENVOLVIMENTO URBANO E OBRAS PÚBLICAS | DHQ2: SECRETARIA DE ESTADO DE DESENVOLVIMENTO URBANO E OBRAS PÚBLICAS | DIG2: SECRETARIA DE ESTADO DE DESENVOLVIMENTO URBANO E OBRAS PÚBLICAS | DIW2: SECRETARIA DE ESTADO DE DESENVOLVIMENTO URBANO E OBRAS PÚBLICAS | DJM2: SECRETARIA DE ESTADO DE DESENVOLVIMENTO URBANO E OBRAS PÚBLICAS | DKC2: SECRETARIA DE ESTADO DE DESENVOLVIMENTO URBANO E OBRAS PÚBLICAS | DKS2: SECRETARIA DE ESTADO DE DESENVOLVIMENTO URBANO E OBRAS PÚBLICAS | DLI2: SECRETARIA DE ESTADO DE DESENVOLVIMENTO URBANO E OBRAS PÚBLICAS | DLY2: SECRETARIA DE ESTADO DE DESENVOLVIMENTO URBANO E OBRAS PÚBLICAS | DMO2: SECRETARIA DE ESTADO DE DESENVOLVIMENTO URBANO E OBRAS PÚBLICAS | DNE2: SECRETARIA DE ESTADO DE DESENVOLVIMENTO URBANO E OBRAS PÚBLICAS | DNU2: SECRETARIA DE ESTADO DE DESENVOLVIMENTO URBANO E OBRAS PÚBLICAS | DOK2: SECRETARIA DE ESTADO DE DESENVOLVIMENTO URBANO E OBRAS PÚBLICAS | DPA2: SECRETARIA DE ESTADO DE DESENVOLVIMENTO URBANO E OBRAS PÚBLICAS | DPQ2: SECRETARIA DE ESTADO DE DESENVOLVIMENTO URBANO E OBRAS PÚBLICAS | DQG2: SECRETARIA DE ESTADO DE DESENVOLVIMENTO URBANO E OBRAS PÚBLICAS | DQW2: SECRETARIA DE ESTADO DE DESENVOLVIMENTO URBANO E OBRAS PÚBLICAS | DRM2: SECRETARIA DE ESTADO DE DESENVOLVIMENTO URBANO E OBRAS PÚBLICAS | DSC2: SECRETARIA DE ESTADO DE DESENVOLVIMENTO URBANO E OBRAS PÚBLICAS | DSS2: SECRETARIA DE ESTADO DE DESENVOLVIMENTO URBANO E OBRAS PÚBLICAS | DTI2: SECRETARIA DE ESTADO DE DESENVOLVIMENTO URBANO E OBRAS PÚBLICAS | DTY2: SECRETARIA DE ESTADO DE DESENVOLVIMENTO URBANO E OBRAS PÚBLICAS | DUO2: SECRETARIA DE ESTADO DE DESENVOLVIMENTO URBANO E OBRAS PÚBLICAS | DVE2: SECRETARIA DE ESTADO DE DESENVOLVIMENTO URBANO E OBRAS PÚBLICAS | DVU2: SECRETARIA DE ESTADO DE DESENVOLVIMENTO URBANO E OBRAS PÚBLICAS | DWK2: SECRETARIA DE ESTADO DE DESENVOLVIMENTO URBANO E OBRAS PÚBLICAS | DXA2: SECRETARIA DE ESTADO DE DESENVOLVIMENTO URBANO E OBRAS PÚBLICAS | DXQ2: SECRETARIA DE ESTADO DE DESENVOLVIMENTO URBANO E OBRAS PÚBLICAS | DYG2: SECRETARIA DE ESTADO DE DESENVOLVIMENTO URBANO E OBRAS PÚBLICAS | DYW2: SECRETARIA DE ESTADO DE DESENVOLVIMENTO URBANO E OBRAS PÚBLICAS | DZM2: SECRETARIA DE ESTADO DE DESENVOLVIMENTO URBANO E OBRAS PÚBLICAS | EAC2: SECRETARIA DE ESTADO DE DESENVOLVIMENTO URBANO E OBRAS PÚBLICAS | EAS2: SECRETARIA DE ESTADO DE DESENVOLVIMENTO URBANO E OBRAS PÚBLICAS | EBI2: SECRETARIA DE ESTADO DE DESENVOLVIMENTO URBANO E OBRAS PÚBLICAS | EBY2: SECRETARIA DE ESTADO DE DESENVOLVIMENTO URBANO E OBRAS PÚBLICAS | ECO2: SECRETARIA DE ESTADO DE DESENVOLVIMENTO URBANO E OBRAS PÚBLICAS | EDE2: SECRETARIA DE ESTADO DE DESENVOLVIMENTO URBANO E OBRAS PÚBLICAS | EDU2: SECRETARIA DE ESTADO DE DESENVOLVIMENTO URBANO E OBRAS PÚBLICAS | EEK2: SECRETARIA DE ESTADO DE DESENVOLVIMENTO URBANO E OBRAS PÚBLICAS | EFA2: SECRETARIA DE ESTADO DE DESENVOLVIMENTO URBANO E OBRAS PÚBLICAS | EFQ2: SECRETARIA DE ESTADO DE DESENVOLVIMENTO URBANO E OBRAS PÚBLICAS | EGG2: SECRETARIA DE ESTADO DE DESENVOLVIMENTO URBANO E OBRAS PÚBLICAS | EGW2: SECRETARIA DE ESTADO DE DESENVOLVIMENTO URBANO E OBRAS PÚBLICAS | EHM2: SECRETARIA DE ESTADO DE DESENVOLVIMENTO URBANO E OBRAS PÚBLICAS | EIC2: SECRETARIA DE ESTADO DE DESENVOLVIMENTO URBANO E OBRAS PÚBLICAS | EIS2: SECRETARIA DE ESTADO DE DESENVOLVIMENTO URBANO E OBRAS PÚBLICAS | EJI2: SECRETARIA DE ESTADO DE DESENVOLVIMENTO URBANO E OBRAS PÚBLICAS | EJY2: SECRETARIA DE ESTADO DE DESENVOLVIMENTO URBANO E OBRAS PÚBLICAS | EKO2: SECRETARIA DE ESTADO DE DESENVOLVIMENTO URBANO E OBRAS PÚBLICAS | ELE2: SECRETARIA DE ESTADO DE DESENVOLVIMENTO URBANO E OBRAS PÚBLICAS | ELU2: SECRETARIA DE ESTADO DE DESENVOLVIMENTO URBANO E OBRAS PÚBLICAS | EMK2: SECRETARIA DE ESTADO DE DESENVOLVIMENTO URBANO E OBRAS PÚBLICAS | ENA2: SECRETARIA DE ESTADO DE DESENVOLVIMENTO URBANO E OBRAS PÚBLICAS | ENQ2: SECRETARIA DE ESTADO DE DESENVOLVIMENTO URBANO E OBRAS PÚBLICAS | EOG2: SECRETARIA DE ESTADO DE DESENVOLVIMENTO URBANO E OBRAS PÚBLICAS | EOW2: SECRETARIA DE ESTADO DE DESENVOLVIMENTO URBANO E OBRAS PÚBLICAS | EPM2: SECRETARIA DE ESTADO DE DESENVOLVIMENTO URBANO E OBRAS PÚBLICAS | EQC2: SECRETARIA DE ESTADO DE DESENVOLVIMENTO URBANO E OBRAS PÚBLICAS | EQS2: SECRETARIA DE ESTADO DE DESENVOLVIMENTO URBANO E OBRAS PÚBLICAS | ERI2: SECRETARIA DE ESTADO DE DESENVOLVIMENTO URBANO E OBRAS PÚBLICAS | ERY2: SECRETARIA DE ESTADO DE DESENVOLVIMENTO URBANO E OBRAS PÚBLICAS | ESO2: SECRETARIA DE ESTADO DE DESENVOLVIMENTO URBANO E OBRAS PÚBLICAS | ETE2: SECRETARIA DE ESTADO DE DESENVOLVIMENTO URBANO E OBRAS PÚBLICAS | ETU2: SECRETARIA DE ESTADO DE DESENVOLVIMENTO URBANO E OBRAS PÚBLICAS | EUK2: SECRETARIA DE ESTADO DE DESENVOLVIMENTO URBANO E OBRAS PÚBLICAS | EVA2: SECRETARIA DE ESTADO DE DESENVOLVIMENTO URBANO E OBRAS PÚBLICAS | EVQ2: SECRETARIA DE ESTADO DE DESENVOLVIMENTO URBANO E OBRAS PÚBLICAS | EWG2: SECRETARIA DE ESTADO DE DESENVOLVIMENTO URBANO E OBRAS PÚBLICAS | EWW2: SECRETARIA DE ESTADO DE DESENVOLVIMENTO URBANO E OBRAS PÚBLICAS | EXM2: SECRETARIA DE ESTADO DE DESENVOLVIMENTO URBANO E OBRAS PÚBLICAS | EYC2: SECRETARIA DE ESTADO DE DESENVOLVIMENTO URBANO E OBRAS PÚBLICAS | EYS2: SECRETARIA DE ESTADO DE DESENVOLVIMENTO URBANO E OBRAS PÚBLICAS | EZI2: SECRETARIA DE ESTADO DE DESENVOLVIMENTO URBANO E OBRAS PÚBLICAS | EZY2: SECRETARIA DE ESTADO DE DESENVOLVIMENTO URBANO E OBRAS PÚBLICAS | FAO2: SECRETARIA DE ESTADO DE DESENVOLVIMENTO URBANO E OBRAS PÚBLICAS | FBE2: SECRETARIA DE ESTADO DE DESENVOLVIMENTO URBANO E OBRAS PÚBLICAS | FBU2: SECRETARIA DE ESTADO DE DESENVOLVIMENTO URBANO E OBRAS PÚBLICAS | FCK2: SECRETARIA DE ESTADO DE DESENVOLVIMENTO URBANO E OBRAS PÚBLICAS | FDA2: SECRETARIA DE ESTADO DE DESENVOLVIMENTO URBANO E OBRAS PÚBLICAS | FDQ2: SECRETARIA DE ESTADO DE DESENVOLVIMENTO URBANO E OBRAS PÚBLICAS | FEG2: SECRETARIA DE ESTADO DE DESENVOLVIMENTO URBANO E OBRAS PÚBLICAS | FEW2: SECRETARIA DE ESTADO DE DESENVOLVIMENTO URBANO E OBRAS PÚBLICAS | FFM2: SECRETARIA DE ESTADO DE DESENVOLVIMENTO URBANO E OBRAS PÚBLICAS | FGC2: SECRETARIA DE ESTADO DE DESENVOLVIMENTO URBANO E OBRAS PÚBLICAS | FGS2: SECRETARIA DE ESTADO DE DESENVOLVIMENTO URBANO E OBRAS PÚBLICAS | FHI2: SECRETARIA DE ESTADO DE DESENVOLVIMENTO URBANO E OBRAS PÚBLICAS | FHY2: SECRETARIA DE ESTADO DE DESENVOLVIMENTO URBANO E OBRAS PÚBLICAS | FIO2: SECRETARIA DE ESTADO DE DESENVOLVIMENTO URBANO E OBRAS PÚBLICAS | FJE2: SECRETARIA DE ESTADO DE DESENVOLVIMENTO URBANO E OBRAS PÚBLICAS | FJU2: SECRETARIA DE ESTADO DE DESENVOLVIMENTO URBANO E OBRAS PÚBLICAS | FKK2: SECRETARIA DE ESTADO DE DESENVOLVIMENTO URBANO E OBRAS PÚBLICAS | FLA2: SECRETARIA DE ESTADO DE DESENVOLVIMENTO URBANO E OBRAS PÚBLICAS | FLQ2: SECRETARIA DE ESTADO DE DESENVOLVIMENTO URBANO E OBRAS PÚBLICAS | FMG2: SECRETARIA DE ESTADO DE DESENVOLVIMENTO URBANO E OBRAS PÚBLICAS | FMW2: SECRETARIA DE ESTADO DE DESENVOLVIMENTO URBANO E OBRAS PÚBLICAS | FNM2: SECRETARIA DE ESTADO DE DESENVOLVIMENTO URBANO E OBRAS PÚBLICAS | FOC2: SECRETARIA DE ESTADO DE DESENVOLVIMENTO URBANO E OBRAS PÚBLICAS | FOS2: SECRETARIA DE ESTADO DE DESENVOLVIMENTO URBANO E OBRAS PÚBLICAS | FPI2: SECRETARIA DE ESTADO DE DESENVOLVIMENTO URBANO E OBRAS PÚBLICAS | FPY2: SECRETARIA DE ESTADO DE DESENVOLVIMENTO URBANO E OBRAS PÚBLICAS | FQO2: SECRETARIA DE ESTADO DE DESENVOLVIMENTO URBANO E OBRAS PÚBLICAS | FRE2: SECRETARIA DE ESTADO DE DESENVOLVIMENTO URBANO E OBRAS PÚBLICAS | FRU2: SECRETARIA DE ESTADO DE DESENVOLVIMENTO URBANO E OBRAS PÚBLICAS | FSK2: SECRETARIA DE ESTADO DE DESENVOLVIMENTO URBANO E OBRAS PÚBLICAS | FTA2: SECRETARIA DE ESTADO DE DESENVOLVIMENTO URBANO E OBRAS PÚBLICAS | FTQ2: SECRETARIA DE ESTADO DE DESENVOLVIMENTO URBANO E OBRAS PÚBLICAS | FUG2: SECRETARIA DE ESTADO DE DESENVOLVIMENTO URBANO E OBRAS PÚBLICAS | FUW2: SECRETARIA DE ESTADO DE DESENVOLVIMENTO URBANO E OBRAS PÚBLICAS | FVM2: SECRETARIA DE ESTADO DE DESENVOLVIMENTO URBANO E OBRAS PÚBLICAS | FWC2: SECRETARIA DE ESTADO DE DESENVOLVIMENTO URBANO E OBRAS PÚBLICAS | FWS2: SECRETARIA DE ESTADO DE DESENVOLVIMENTO URBANO E OBRAS PÚBLICAS | FXI2: SECRETARIA DE ESTADO DE DESENVOLVIMENTO URBANO E OBRAS PÚBLICAS | FXY2: SECRETARIA DE ESTADO DE DESENVOLVIMENTO URBANO E OBRAS PÚBLICAS | FYO2: SECRETARIA DE ESTADO DE DESENVOLVIMENTO URBANO E OBRAS PÚBLICAS | FZE2: SECRETARIA DE ESTADO DE DESENVOLVIMENTO URBANO E OBRAS PÚBLICAS | FZU2: SECRETARIA DE ESTADO DE DESENVOLVIMENTO URBANO E OBRAS PÚBLICAS | GAK2: SECRETARIA DE ESTADO DE DESENVOLVIMENTO URBANO E OBRAS PÚBLICAS | GBA2: SECRETARIA DE ESTADO DE DESENVOLVIMENTO URBANO E OBRAS PÚBLICAS | GBQ2: SECRETARIA DE ESTADO DE DESENVOLVIMENTO URBANO E OBRAS PÚBLICAS | GCG2: SECRETARIA DE ESTADO DE DESENVOLVIMENTO URBANO E OBRAS PÚBLICAS | GCW2: SECRETARIA DE ESTADO DE DESENVOLVIMENTO URBANO E OBRAS PÚBLICAS | GDM2: SECRETARIA DE ESTADO DE DESENVOLVIMENTO URBANO E OBRAS PÚBLICAS | GEC2: SECRETARIA DE ESTADO DE DESENVOLVIMENTO URBANO E OBRAS PÚBLICAS | GES2: SECRETARIA DE ESTADO DE DESENVOLVIMENTO URBANO E OBRAS PÚBLICAS | GFI2: SECRETARIA DE ESTADO DE DESENVOLVIMENTO URBANO E OBRAS PÚBLICAS | GFY2: SECRETARIA DE ESTADO DE DESENVOLVIMENTO URBANO E OBRAS PÚBLICAS | GGO2: SECRETARIA DE ESTADO DE DESENVOLVIMENTO URBANO E OBRAS PÚBLICAS | GHE2: SECRETARIA DE ESTADO DE DESENVOLVIMENTO URBANO E OBRAS PÚBLICAS | GHU2: SECRETARIA DE ESTADO DE DESENVOLVIMENTO URBANO E OBRAS PÚBLICAS | GIK2: SECRETARIA DE ESTADO DE DESENVOLVIMENTO URBANO E OBRAS PÚBLICAS | GJA2: SECRETARIA DE ESTADO DE DESENVOLVIMENTO URBANO E OBRAS PÚBLICAS | GJQ2: SECRETARIA DE ESTADO DE DESENVOLVIMENTO URBANO E OBRAS PÚBLICAS | GKG2: SECRETARIA DE ESTADO DE DESENVOLVIMENTO URBANO E OBRAS PÚBLICAS | GKW2: SECRETARIA DE ESTADO DE DESENVOLVIMENTO URBANO E OBRAS PÚBLICAS | GLM2: SECRETARIA DE ESTADO DE DESENVOLVIMENTO URBANO E OBRAS PÚBLICAS | GMC2: SECRETARIA DE ESTADO DE DESENVOLVIMENTO URBANO E OBRAS PÚBLICAS | GMS2: SECRETARIA DE ESTADO DE DESENVOLVIMENTO URBANO E OBRAS PÚBLICAS | GNI2: SECRETARIA DE ESTADO DE DESENVOLVIMENTO URBANO E OBRAS PÚBLICAS | GNY2: SECRETARIA DE ESTADO DE DESENVOLVIMENTO URBANO E OBRAS PÚBLICAS | GOO2: SECRETARIA DE ESTADO DE DESENVOLVIMENTO URBANO E OBRAS PÚBLICAS | GPE2: SECRETARIA DE ESTADO DE DESENVOLVIMENTO URBANO E OBRAS PÚBLICAS | GPU2: SECRETARIA DE ESTADO DE DESENVOLVIMENTO URBANO E OBRAS PÚBLICAS | GQK2: SECRETARIA DE ESTADO DE DESENVOLVIMENTO URBANO E OBRAS PÚBLICAS | GRA2: SECRETARIA DE ESTADO DE DESENVOLVIMENTO URBANO E OBRAS PÚBLICAS | GRQ2: SECRETARIA DE ESTADO DE DESENVOLVIMENTO URBANO E OBRAS PÚBLICAS | GSG2: SECRETARIA DE ESTADO DE DESENVOLVIMENTO URBANO E OBRAS PÚBLICAS | GSW2: SECRETARIA DE ESTADO DE DESENVOLVIMENTO URBANO E OBRAS PÚBLICAS | GTM2: SECRETARIA DE ESTADO DE DESENVOLVIMENTO URBANO E OBRAS PÚBLICAS | GUC2: SECRETARIA DE ESTADO DE DESENVOLVIMENTO URBANO E OBRAS PÚBLICAS | GUS2: SECRETARIA DE ESTADO DE DESENVOLVIMENTO URBANO E OBRAS PÚBLICAS | GVI2: SECRETARIA DE ESTADO DE DESENVOLVIMENTO URBANO E OBRAS PÚBLICAS | GVY2: SECRETARIA DE ESTADO DE DESENVOLVIMENTO URBANO E OBRAS PÚBLICAS | GWO2: SECRETARIA DE ESTADO DE DESENVOLVIMENTO URBANO E OBRAS PÚBLICAS | GXE2: SECRETARIA DE ESTADO DE DESENVOLVIMENTO URBANO E OBRAS PÚBLICAS | GXU2: SECRETARIA DE ESTADO DE DESENVOLVIMENTO URBANO E OBRAS PÚBLICAS | GYK2: SECRETARIA DE ESTADO DE DESENVOLVIMENTO URBANO E OBRAS PÚBLICAS | GZA2: SECRETARIA DE ESTADO DE DESENVOLVIMENTO URBANO E OBRAS PÚBLICAS | GZQ2: SECRETARIA DE ESTADO DE DESENVOLVIMENTO URBANO E OBRAS PÚBLICAS | HAG2: SECRETARIA DE ESTADO DE DESENVOLVIMENTO URBANO E OBRAS PÚBLICAS | HAW2: SECRETARIA DE ESTADO DE DESENVOLVIMENTO URBANO E OBRAS PÚBLICAS | HBM2: SECRETARIA DE ESTADO DE DESENVOLVIMENTO URBANO E OBRAS PÚBLICAS | HCC2: SECRETARIA DE ESTADO DE DESENVOLVIMENTO URBANO E OBRAS PÚBLICAS | HCS2: SECRETARIA DE ESTADO DE DESENVOLVIMENTO URBANO E OBRAS PÚBLICAS | HDI2: SECRETARIA DE ESTADO DE DESENVOLVIMENTO URBANO E OBRAS PÚBLICAS | HDY2: SECRETARIA DE ESTADO DE DESENVOLVIMENTO URBANO E OBRAS PÚBLICAS | HEO2: SECRETARIA DE ESTADO DE DESENVOLVIMENTO URBANO E OBRAS PÚBLICAS | HFE2: SECRETARIA DE ESTADO DE DESENVOLVIMENTO URBANO E OBRAS PÚBLICAS | HFU2: SECRETARIA DE ESTADO DE DESENVOLVIMENTO URBANO E OBRAS PÚBLICAS | HGK2: SECRETARIA DE ESTADO DE DESENVOLVIMENTO URBANO E OBRAS PÚBLICAS | HHA2: SECRETARIA DE ESTADO DE DESENVOLVIMENTO URBANO E OBRAS PÚBLICAS | HHQ2: SECRETARIA DE ESTADO DE DESENVOLVIMENTO URBANO E OBRAS PÚBLICAS | HIG2: SECRETARIA DE ESTADO DE DESENVOLVIMENTO URBANO E OBRAS PÚBLICAS | HIW2: SECRETARIA DE ESTADO DE DESENVOLVIMENTO URBANO E OBRAS PÚBLICAS | HJM2: SECRETARIA DE ESTADO DE DESENVOLVIMENTO URBANO E OBRAS PÚBLICAS | HKC2: SECRETARIA DE ESTADO DE DESENVOLVIMENTO URBANO E OBRAS PÚBLICAS | HKS2: SECRETARIA DE ESTADO DE DESENVOLVIMENTO URBANO E OBRAS PÚBLICAS | HLI2: SECRETARIA DE ESTADO DE DESENVOLVIMENTO URBANO E OBRAS PÚBLICAS | HLY2: SECRETARIA DE ESTADO DE DESENVOLVIMENTO URBANO E OBRAS PÚBLICAS | HMO2: SECRETARIA DE ESTADO DE DESENVOLVIMENTO URBANO E OBRAS PÚBLICAS | HNE2: SECRETARIA DE ESTADO DE DESENVOLVIMENTO URBANO E OBRAS PÚBLICAS | HNU2: SECRETARIA DE ESTADO DE DESENVOLVIMENTO URBANO E OBRAS PÚBLICAS | HOK2: SECRETARIA DE ESTADO DE DESENVOLVIMENTO URBANO E OBRAS PÚBLICAS | HPA2: SECRETARIA DE ESTADO DE DESENVOLVIMENTO URBANO E OBRAS PÚBLICAS | HPQ2: SECRETARIA DE ESTADO DE DESENVOLVIMENTO URBANO E OBRAS PÚBLICAS | HQG2: SECRETARIA DE ESTADO DE DESENVOLVIMENTO URBANO E OBRAS PÚBLICAS | HQW2: SECRETARIA DE ESTADO DE DESENVOLVIMENTO URBANO E OBRAS PÚBLICAS | HRM2: SECRETARIA DE ESTADO DE DESENVOLVIMENTO URBANO E OBRAS PÚBLICAS | HSC2: SECRETARIA DE ESTADO DE DESENVOLVIMENTO URBANO E OBRAS PÚBLICAS | HSS2: SECRETARIA DE ESTADO DE DESENVOLVIMENTO URBANO E OBRAS PÚBLICAS | HTI2: SECRETARIA DE ESTADO DE DESENVOLVIMENTO URBANO E OBRAS PÚBLICAS | HTY2: SECRETARIA DE ESTADO DE DESENVOLVIMENTO URBANO E OBRAS PÚBLICAS | HUO2: SECRETARIA DE ESTADO DE DESENVOLVIMENTO URBANO E OBRAS PÚBLICAS | HVE2: SECRETARIA DE ESTADO DE DESENVOLVIMENTO URBANO E OBRAS PÚBLICAS | HVU2: SECRETARIA DE ESTADO DE DESENVOLVIMENTO URBANO E OBRAS PÚBLICAS | HWK2: SECRETARIA DE ESTADO DE DESENVOLVIMENTO URBANO E OBRAS PÚBLICAS | HXA2: SECRETARIA DE ESTADO DE DESENVOLVIMENTO URBANO E OBRAS PÚBLICAS | HXQ2: SECRETARIA DE ESTADO DE DESENVOLVIMENTO URBANO E OBRAS PÚBLICAS | HYG2: SECRETARIA DE ESTADO DE DESENVOLVIMENTO URBANO E OBRAS PÚBLICAS | HYW2: SECRETARIA DE ESTADO DE DESENVOLVIMENTO URBANO E OBRAS PÚBLICAS | HZM2: SECRETARIA DE ESTADO DE DESENVOLVIMENTO URBANO E OBRAS PÚBLICAS | IAC2: SECRETARIA DE ESTADO DE DESENVOLVIMENTO URBANO E OBRAS PÚBLICAS | IAS2: SECRETARIA DE ESTADO DE DESENVOLVIMENTO URBANO E OBRAS PÚBLICAS | IBI2: SECRETARIA DE ESTADO DE DESENVOLVIMENTO URBANO E OBRAS PÚBLICAS | IBY2: SECRETARIA DE ESTADO DE DESENVOLVIMENTO URBANO E OBRAS PÚBLICAS | ICO2: SECRETARIA DE ESTADO DE DESENVOLVIMENTO URBANO E OBRAS PÚBLICAS | IDE2: SECRETARIA DE ESTADO DE DESENVOLVIMENTO URBANO E OBRAS PÚBLICAS | IDU2: SECRETARIA DE ESTADO DE DESENVOLVIMENTO URBANO E OBRAS PÚBLICAS | IEK2: SECRETARIA DE ESTADO DE DESENVOLVIMENTO URBANO E OBRAS PÚBLICAS | IFA2: SECRETARIA DE ESTADO DE DESENVOLVIMENTO URBANO E OBRAS PÚBLICAS | IFQ2: SECRETARIA DE ESTADO DE DESENVOLVIMENTO URBANO E OBRAS PÚBLICAS | IGG2: SECRETARIA DE ESTADO DE DESENVOLVIMENTO URBANO E OBRAS PÚBLICAS | IGW2: SECRETARIA DE ESTADO DE DESENVOLVIMENTO URBANO E OBRAS PÚBLICAS | IHM2: SECRETARIA DE ESTADO DE DESENVOLVIMENTO URBANO E OBRAS PÚBLICAS | IIC2: SECRETARIA DE ESTADO DE DESENVOLVIMENTO URBANO E OBRAS PÚBLICAS | IIS2: SECRETARIA DE ESTADO DE DESENVOLVIMENTO URBANO E OBRAS PÚBLICAS | IJI2: SECRETARIA DE ESTADO DE DESENVOLVIMENTO URBANO E OBRAS PÚBLICAS | IJY2: SECRETARIA DE ESTADO DE DESENVOLVIMENTO URBANO E OBRAS PÚBLICAS | IKO2: SECRETARIA DE ESTADO DE DESENVOLVIMENTO URBANO E OBRAS PÚBLICAS | ILE2: SECRETARIA DE ESTADO DE DESENVOLVIMENTO URBANO E OBRAS PÚBLICAS | ILU2: SECRETARIA DE ESTADO DE DESENVOLVIMENTO URBANO E OBRAS PÚBLICAS | IMK2: SECRETARIA DE ESTADO DE DESENVOLVIMENTO URBANO E OBRAS PÚBLICAS | INA2: SECRETARIA DE ESTADO DE DESENVOLVIMENTO URBANO E OBRAS PÚBLICAS | INQ2: SECRETARIA DE ESTADO DE DESENVOLVIMENTO URBANO E OBRAS PÚBLICAS | IOG2: SECRETARIA DE ESTADO DE DESENVOLVIMENTO URBANO E OBRAS PÚBLICAS | IOW2: SECRETARIA DE ESTADO DE DESENVOLVIMENTO URBANO E OBRAS PÚBLICAS | IPM2: SECRETARIA DE ESTADO DE DESENVOLVIMENTO URBANO E OBRAS PÚBLICAS | IQC2: SECRETARIA DE ESTADO DE DESENVOLVIMENTO URBANO E OBRAS PÚBLICAS | IQS2: SECRETARIA DE ESTADO DE DESENVOLVIMENTO URBANO E OBRAS PÚBLICAS | IRI2: SECRETARIA DE ESTADO DE DESENVOLVIMENTO URBANO E OBRAS PÚBLICAS | IRY2: SECRETARIA DE ESTADO DE DESENVOLVIMENTO URBANO E OBRAS PÚBLICAS | ISO2: SECRETARIA DE ESTADO DE DESENVOLVIMENTO URBANO E OBRAS PÚBLICAS | ITE2: SECRETARIA DE ESTADO DE DESENVOLVIMENTO URBANO E OBRAS PÚBLICAS | ITU2: SECRETARIA DE ESTADO DE DESENVOLVIMENTO URBANO E OBRAS PÚBLICAS | IUK2: SECRETARIA DE ESTADO DE DESENVOLVIMENTO URBANO E OBRAS PÚBLICAS | IVA2: SECRETARIA DE ESTADO DE DESENVOLVIMENTO URBANO E OBRAS PÚBLICAS | IVQ2: SECRETARIA DE ESTADO DE DESENVOLVIMENTO URBANO E OBRAS PÚBLICAS | IWG2: SECRETARIA DE ESTADO DE DESENVOLVIMENTO URBANO E OBRAS PÚBLICAS | IWW2: SECRETARIA DE ESTADO DE DESENVOLVIMENTO URBANO E OBRAS PÚBLICAS | IXM2: SECRETARIA DE ESTADO DE DESENVOLVIMENTO URBANO E OBRAS PÚBLICAS | IYC2: SECRETARIA DE ESTADO DE DESENVOLVIMENTO URBANO E OBRAS PÚBLICAS | IYS2: SECRETARIA DE ESTADO DE DESENVOLVIMENTO URBANO E OBRAS PÚBLICAS | IZI2: SECRETARIA DE ESTADO DE DESENVOLVIMENTO URBANO E OBRAS PÚBLICAS | IZY2: SECRETARIA DE ESTADO DE DESENVOLVIMENTO URBANO E OBRAS PÚBLICAS | JAO2: SECRETARIA DE ESTADO DE DESENVOLVIMENTO URBANO E OBRAS PÚBLICAS | JBE2: SECRETARIA DE ESTADO DE DESENVOLVIMENTO URBANO E OBRAS PÚBLICAS | JBU2: SECRETARIA DE ESTADO DE DESENVOLVIMENTO URBANO E OBRAS PÚBLICAS | JCK2: SECRETARIA DE ESTADO DE DESENVOLVIMENTO URBANO E OBRAS PÚBLICAS | JDA2: SECRETARIA DE ESTADO DE DESENVOLVIMENTO URBANO E OBRAS PÚBLICAS | JDQ2: SECRETARIA DE ESTADO DE DESENVOLVIMENTO URBANO E OBRAS PÚBLICAS | JEG2: SECRETARIA DE ESTADO DE DESENVOLVIMENTO URBANO E OBRAS PÚBLICAS | JEW2: SECRETARIA DE ESTADO DE DESENVOLVIMENTO URBANO E OBRAS PÚBLICAS | JFM2: SECRETARIA DE ESTADO DE DESENVOLVIMENTO URBANO E OBRAS PÚBLICAS | JGC2: SECRETARIA DE ESTADO DE DESENVOLVIMENTO URBANO E OBRAS PÚBLICAS | JGS2: SECRETARIA DE ESTADO DE DESENVOLVIMENTO URBANO E OBRAS PÚBLICAS | JHI2: SECRETARIA DE ESTADO DE DESENVOLVIMENTO URBANO E OBRAS PÚBLICAS | JHY2: SECRETARIA DE ESTADO DE DESENVOLVIMENTO URBANO E OBRAS PÚBLICAS | JIO2: SECRETARIA DE ESTADO DE DESENVOLVIMENTO URBANO E OBRAS PÚBLICAS | JJE2: SECRETARIA DE ESTADO DE DESENVOLVIMENTO URBANO E OBRAS PÚBLICAS | JJU2: SECRETARIA DE ESTADO DE DESENVOLVIMENTO URBANO E OBRAS PÚBLICAS | JKK2: SECRETARIA DE ESTADO DE DESENVOLVIMENTO URBANO E OBRAS PÚBLICAS | JLA2: SECRETARIA DE ESTADO DE DESENVOLVIMENTO URBANO E OBRAS PÚBLICAS | JLQ2: SECRETARIA DE ESTADO DE DESENVOLVIMENTO URBANO E OBRAS PÚBLICAS | JMG2: SECRETARIA DE ESTADO DE DESENVOLVIMENTO URBANO E OBRAS PÚBLICAS | JMW2: SECRETARIA DE ESTADO DE DESENVOLVIMENTO URBANO E OBRAS PÚBLICAS | JNM2: SECRETARIA DE ESTADO DE DESENVOLVIMENTO URBANO E OBRAS PÚBLICAS | JOC2: SECRETARIA DE ESTADO DE DESENVOLVIMENTO URBANO E OBRAS PÚBLICAS | JOS2: SECRETARIA DE ESTADO DE DESENVOLVIMENTO URBANO E OBRAS PÚBLICAS | JPI2: SECRETARIA DE ESTADO DE DESENVOLVIMENTO URBANO E OBRAS PÚBLICAS | JPY2: SECRETARIA DE ESTADO DE DESENVOLVIMENTO URBANO E OBRAS PÚBLICAS | JQO2: SECRETARIA DE ESTADO DE DESENVOLVIMENTO URBANO E OBRAS PÚBLICAS | JRE2: SECRETARIA DE ESTADO DE DESENVOLVIMENTO URBANO E OBRAS PÚBLICAS | JRU2: SECRETARIA DE ESTADO DE DESENVOLVIMENTO URBANO E OBRAS PÚBLICAS | JSK2: SECRETARIA DE ESTADO DE DESENVOLVIMENTO URBANO E OBRAS PÚBLICAS | JTA2: SECRETARIA DE ESTADO DE DESENVOLVIMENTO URBANO E OBRAS PÚBLICAS | JTQ2: SECRETARIA DE ESTADO DE DESENVOLVIMENTO URBANO E OBRAS PÚBLICAS | JUG2: SECRETARIA DE ESTADO DE DESENVOLVIMENTO URBANO E OBRAS PÚBLICAS | JUW2: SECRETARIA DE ESTADO DE DESENVOLVIMENTO URBANO E OBRAS PÚBLICAS | JVM2: SECRETARIA DE ESTADO DE DESENVOLVIMENTO URBANO E OBRAS PÚBLICAS | JWC2: SECRETARIA DE ESTADO DE DESENVOLVIMENTO URBANO E OBRAS PÚBLICAS | JWS2: SECRETARIA DE ESTADO DE DESENVOLVIMENTO URBANO E OBRAS PÚBLICAS | JXI2: SECRETARIA DE ESTADO DE DESENVOLVIMENTO URBANO E OBRAS PÚBLICAS | JXY2: SECRETARIA DE ESTADO DE DESENVOLVIMENTO URBANO E OBRAS PÚBLICAS | JYO2: SECRETARIA DE ESTADO DE DESENVOLVIMENTO URBANO E OBRAS PÚBLICAS | JZE2: SECRETARIA DE ESTADO DE DESENVOLVIMENTO URBANO E OBRAS PÚBLICAS | JZU2: SECRETARIA DE ESTADO DE DESENVOLVIMENTO URBANO E OBRAS PÚBLICAS | KAK2: SECRETARIA DE ESTADO DE DESENVOLVIMENTO URBANO E OBRAS PÚBLICAS | KBA2: SECRETARIA DE ESTADO DE DESENVOLVIMENTO URBANO E OBRAS PÚBLICAS | KBQ2: SECRETARIA DE ESTADO DE DESENVOLVIMENTO URBANO E OBRAS PÚBLICAS | KCG2: SECRETARIA DE ESTADO DE DESENVOLVIMENTO URBANO E OBRAS PÚBLICAS | KCW2: SECRETARIA DE ESTADO DE DESENVOLVIMENTO URBANO E OBRAS PÚBLICAS | KDM2: SECRETARIA DE ESTADO DE DESENVOLVIMENTO URBANO E OBRAS PÚBLICAS | KEC2: SECRETARIA DE ESTADO DE DESENVOLVIMENTO URBANO E OBRAS PÚBLICAS | KES2: SECRETARIA DE ESTADO DE DESENVOLVIMENTO URBANO E OBRAS PÚBLICAS | KFI2: SECRETARIA DE ESTADO DE DESENVOLVIMENTO URBANO E OBRAS PÚBLICAS | KFY2: SECRETARIA DE ESTADO DE DESENVOLVIMENTO URBANO E OBRAS PÚBLICAS | KGO2: SECRETARIA DE ESTADO DE DESENVOLVIMENTO URBANO E OBRAS PÚBLICAS | KHE2: SECRETARIA DE ESTADO DE DESENVOLVIMENTO URBANO E OBRAS PÚBLICAS | KHU2: SECRETARIA DE ESTADO DE DESENVOLVIMENTO URBANO E OBRAS PÚBLICAS | KIK2: SECRETARIA DE ESTADO DE DESENVOLVIMENTO URBANO E OBRAS PÚBLICAS | KJA2: SECRETARIA DE ESTADO DE DESENVOLVIMENTO URBANO E OBRAS PÚBLICAS | KJQ2: SECRETARIA DE ESTADO DE DESENVOLVIMENTO URBANO E OBRAS PÚBLICAS | KKG2: SECRETARIA DE ESTADO DE DESENVOLVIMENTO URBANO E OBRAS PÚBLICAS | KKW2: SECRETARIA DE ESTADO DE DESENVOLVIMENTO URBANO E OBRAS PÚBLICAS | KLM2: SECRETARIA DE ESTADO DE DESENVOLVIMENTO URBANO E OBRAS PÚBLICAS | KMC2: SECRETARIA DE ESTADO DE DESENVOLVIMENTO URBANO E OBRAS PÚBLICAS | KMS2: SECRETARIA DE ESTADO DE DESENVOLVIMENTO URBANO E OBRAS PÚBLICAS | KNI2: SECRETARIA DE ESTADO DE DESENVOLVIMENTO URBANO E OBRAS PÚBLICAS | KNY2: SECRETARIA DE ESTADO DE DESENVOLVIMENTO URBANO E OBRAS PÚBLICAS | KOO2: SECRETARIA DE ESTADO DE DESENVOLVIMENTO URBANO E OBRAS PÚBLICAS | KPE2: SECRETARIA DE ESTADO DE DESENVOLVIMENTO URBANO E OBRAS PÚBLICAS | KPU2: SECRETARIA DE ESTADO DE DESENVOLVIMENTO URBANO E OBRAS PÚBLICAS | KQK2: SECRETARIA DE ESTADO DE DESENVOLVIMENTO URBANO E OBRAS PÚBLICAS | KRA2: SECRETARIA DE ESTADO DE DESENVOLVIMENTO URBANO E OBRAS PÚBLICAS | KRQ2: SECRETARIA DE ESTADO DE DESENVOLVIMENTO URBANO E OBRAS PÚBLICAS | KSG2: SECRETARIA DE ESTADO DE DESENVOLVIMENTO URBANO E OBRAS PÚBLICAS | KSW2: SECRETARIA DE ESTADO DE DESENVOLVIMENTO URBANO E OBRAS PÚBLICAS | KTM2: SECRETARIA DE ESTADO DE DESENVOLVIMENTO URBANO E OBRAS PÚBLICAS | KUC2: SECRETARIA DE ESTADO DE DESENVOLVIMENTO URBANO E OBRAS PÚBLICAS | KUS2: SECRETARIA DE ESTADO DE DESENVOLVIMENTO URBANO E OBRAS PÚBLICAS | KVI2: SECRETARIA DE ESTADO DE DESENVOLVIMENTO URBANO E OBRAS PÚBLICAS | KVY2: SECRETARIA DE ESTADO DE DESENVOLVIMENTO URBANO E OBRAS PÚBLICAS | KWO2: SECRETARIA DE ESTADO DE DESENVOLVIMENTO URBANO E OBRAS PÚBLICAS | KXE2: SECRETARIA DE ESTADO DE DESENVOLVIMENTO URBANO E OBRAS PÚBLICAS | KXU2: SECRETARIA DE ESTADO DE DESENVOLVIMENTO URBANO E OBRAS PÚBLICAS | KYK2: SECRETARIA DE ESTADO DE DESENVOLVIMENTO URBANO E OBRAS PÚBLICAS | KZA2: SECRETARIA DE ESTADO DE DESENVOLVIMENTO URBANO E OBRAS PÚBLICAS | KZQ2: SECRETARIA DE ESTADO DE DESENVOLVIMENTO URBANO E OBRAS PÚBLICAS | LAG2: SECRETARIA DE ESTADO DE DESENVOLVIMENTO URBANO E OBRAS PÚBLICAS | LAW2: SECRETARIA DE ESTADO DE DESENVOLVIMENTO URBANO E OBRAS PÚBLICAS | LBM2: SECRETARIA DE ESTADO DE DESENVOLVIMENTO URBANO E OBRAS PÚBLICAS | LCC2: SECRETARIA DE ESTADO DE DESENVOLVIMENTO URBANO E OBRAS PÚBLICAS | LCS2: SECRETARIA DE ESTADO DE DESENVOLVIMENTO URBANO E OBRAS PÚBLICAS | LDI2: SECRETARIA DE ESTADO DE DESENVOLVIMENTO URBANO E OBRAS PÚBLICAS | LDY2: SECRETARIA DE ESTADO DE DESENVOLVIMENTO URBANO E OBRAS PÚBLICAS | LEO2: SECRETARIA DE ESTADO DE DESENVOLVIMENTO URBANO E OBRAS PÚBLICAS | LFE2: SECRETARIA DE ESTADO DE DESENVOLVIMENTO URBANO E OBRAS PÚBLICAS | LFU2: SECRETARIA DE ESTADO DE DESENVOLVIMENTO URBANO E OBRAS PÚBLICAS | LGK2: SECRETARIA DE ESTADO DE DESENVOLVIMENTO URBANO E OBRAS PÚBLICAS | LHA2: SECRETARIA DE ESTADO DE DESENVOLVIMENTO URBANO E OBRAS PÚBLICAS | LHQ2: SECRETARIA DE ESTADO DE DESENVOLVIMENTO URBANO E OBRAS PÚBLICAS | LIG2: SECRETARIA DE ESTADO DE DESENVOLVIMENTO URBANO E OBRAS PÚBLICAS | LIW2: SECRETARIA DE ESTADO DE DESENVOLVIMENTO URBANO E OBRAS PÚBLICAS | LJM2: SECRETARIA DE ESTADO DE DESENVOLVIMENTO URBANO E OBRAS PÚBLICAS | LKC2: SECRETARIA DE ESTADO DE DESENVOLVIMENTO URBANO E OBRAS PÚBLICAS | LKS2: SECRETARIA DE ESTADO DE DESENVOLVIMENTO URBANO E OBRAS PÚBLICAS | LLI2: SECRETARIA DE ESTADO DE DESENVOLVIMENTO URBANO E OBRAS PÚBLICAS | LLY2: SECRETARIA DE ESTADO DE DESENVOLVIMENTO URBANO E OBRAS PÚBLICAS | LMO2: SECRETARIA DE ESTADO DE DESENVOLVIMENTO URBANO E OBRAS PÚBLICAS | LNE2: SECRETARIA DE ESTADO DE DESENVOLVIMENTO URBANO E OBRAS PÚBLICAS | LNU2: SECRETARIA DE ESTADO DE DESENVOLVIMENTO URBANO E OBRAS PÚBLICAS | LOK2: SECRETARIA DE ESTADO DE DESENVOLVIMENTO URBANO E OBRAS PÚBLICAS | LPA2: SECRETARIA DE ESTADO DE DESENVOLVIMENTO URBANO E OBRAS PÚBLICAS | LPQ2: SECRETARIA DE ESTADO DE DESENVOLVIMENTO URBANO E OBRAS PÚBLICAS | LQG2: SECRETARIA DE ESTADO DE DESENVOLVIMENTO URBANO E OBRAS PÚBLICAS | LQW2: SECRETARIA DE ESTADO DE DESENVOLVIMENTO URBANO E OBRAS PÚBLICAS | LRM2: SECRETARIA DE ESTADO DE DESENVOLVIMENTO URBANO E OBRAS PÚBLICAS | LSC2: SECRETARIA DE ESTADO DE DESENVOLVIMENTO URBANO E OBRAS PÚBLICAS | LSS2: SECRETARIA DE ESTADO DE DESENVOLVIMENTO URBANO E OBRAS PÚBLICAS | LTI2: SECRETARIA DE ESTADO DE DESENVOLVIMENTO URBANO E OBRAS PÚBLICAS | LTY2: SECRETARIA DE ESTADO DE DESENVOLVIMENTO URBANO E OBRAS PÚBLICAS | LUO2: SECRETARIA DE ESTADO DE DESENVOLVIMENTO URBANO E OBRAS PÚBLICAS | LVE2: SECRETARIA DE ESTADO DE DESENVOLVIMENTO URBANO E OBRAS PÚBLICAS | LVU2: SECRETARIA DE ESTADO DE DESENVOLVIMENTO URBANO E OBRAS PÚBLICAS | LWK2: SECRETARIA DE ESTADO DE DESENVOLVIMENTO URBANO E OBRAS PÚBLICAS | LXA2: SECRETARIA DE ESTADO DE DESENVOLVIMENTO URBANO E OBRAS PÚBLICAS | LXQ2: SECRETARIA DE ESTADO DE DESENVOLVIMENTO URBANO E OBRAS PÚBLICAS | LYG2: SECRETARIA DE ESTADO DE DESENVOLVIMENTO URBANO E OBRAS PÚBLICAS | LYW2: SECRETARIA DE ESTADO DE DESENVOLVIMENTO URBANO E OBRAS PÚBLICAS | LZM2: SECRETARIA DE ESTADO DE DESENVOLVIMENTO URBANO E OBRAS PÚBLICAS | MAC2: SECRETARIA DE ESTADO DE DESENVOLVIMENTO URBANO E OBRAS PÚBLICAS | MAS2: SECRETARIA DE ESTADO DE DESENVOLVIMENTO URBANO E OBRAS PÚBLICAS | MBI2: SECRETARIA DE ESTADO DE DESENVOLVIMENTO URBANO E OBRAS PÚBLICAS | MBY2: SECRETARIA DE ESTADO DE DESENVOLVIMENTO URBANO E OBRAS PÚBLICAS | MCO2: SECRETARIA DE ESTADO DE DESENVOLVIMENTO URBANO E OBRAS PÚBLICAS | MDE2: SECRETARIA DE ESTADO DE DESENVOLVIMENTO URBANO E OBRAS PÚBLICAS | MDU2: SECRETARIA DE ESTADO DE DESENVOLVIMENTO URBANO E OBRAS PÚBLICAS | MEK2: SECRETARIA DE ESTADO DE DESENVOLVIMENTO URBANO E OBRAS PÚBLICAS | MFA2: SECRETARIA DE ESTADO DE DESENVOLVIMENTO URBANO E OBRAS PÚBLICAS | MFQ2: SECRETARIA DE ESTADO DE DESENVOLVIMENTO URBANO E OBRAS PÚBLICAS | MGG2: SECRETARIA DE ESTADO DE DESENVOLVIMENTO URBANO E OBRAS PÚBLICAS | MGW2: SECRETARIA DE ESTADO DE DESENVOLVIMENTO URBANO E OBRAS PÚBLICAS | MHM2: SECRETARIA DE ESTADO DE DESENVOLVIMENTO URBANO E OBRAS PÚBLICAS | MIC2: SECRETARIA DE ESTADO DE DESENVOLVIMENTO URBANO E OBRAS PÚBLICAS | MIS2: SECRETARIA DE ESTADO DE DESENVOLVIMENTO URBANO E OBRAS PÚBLICAS | MJI2: SECRETARIA DE ESTADO DE DESENVOLVIMENTO URBANO E OBRAS PÚBLICAS | MJY2: SECRETARIA DE ESTADO DE DESENVOLVIMENTO URBANO E OBRAS PÚBLICAS | MKO2: SECRETARIA DE ESTADO DE DESENVOLVIMENTO URBANO E OBRAS PÚBLICAS | MLE2: SECRETARIA DE ESTADO DE DESENVOLVIMENTO URBANO E OBRAS PÚBLICAS | MLU2: SECRETARIA DE ESTADO DE DESENVOLVIMENTO URBANO E OBRAS PÚBLICAS | MMK2: SECRETARIA DE ESTADO DE DESENVOLVIMENTO URBANO E OBRAS PÚBLICAS | MNA2: SECRETARIA DE ESTADO DE DESENVOLVIMENTO URBANO E OBRAS PÚBLICAS | MNQ2: SECRETARIA DE ESTADO DE DESENVOLVIMENTO URBANO E OBRAS PÚBLICAS | MOG2: SECRETARIA DE ESTADO DE DESENVOLVIMENTO URBANO E OBRAS PÚBLICAS | MOW2: SECRETARIA DE ESTADO DE DESENVOLVIMENTO URBANO E OBRAS PÚBLICAS | MPM2: SECRETARIA DE ESTADO DE DESENVOLVIMENTO URBANO E OBRAS PÚBLICAS | MQC2: SECRETARIA DE ESTADO DE DESENVOLVIMENTO URBANO E OBRAS PÚBLICAS | MQS2: SECRETARIA DE ESTADO DE DESENVOLVIMENTO URBANO E OBRAS PÚBLICAS | MRI2: SECRETARIA DE ESTADO DE DESENVOLVIMENTO URBANO E OBRAS PÚBLICAS | MRY2: SECRETARIA DE ESTADO DE DESENVOLVIMENTO URBANO E OBRAS PÚBLICAS | MSO2: SECRETARIA DE ESTADO DE DESENVOLVIMENTO URBANO E OBRAS PÚBLICAS | MTE2: SECRETARIA DE ESTADO DE DESENVOLVIMENTO URBANO E OBRAS PÚBLICAS | MTU2: SECRETARIA DE ESTADO DE DESENVOLVIMENTO URBANO E OBRAS PÚBLICAS | MUK2: SECRETARIA DE ESTADO DE DESENVOLVIMENTO URBANO E OBRAS PÚBLICAS | MVA2: SECRETARIA DE ESTADO DE DESENVOLVIMENTO URBANO E OBRAS PÚBLICAS | MVQ2: SECRETARIA DE ESTADO DE DESENVOLVIMENTO URBANO E OBRAS PÚBLICAS | MWG2: SECRETARIA DE ESTADO DE DESENVOLVIMENTO URBANO E OBRAS PÚBLICAS | MWW2: SECRETARIA DE ESTADO DE DESENVOLVIMENTO URBANO E OBRAS PÚBLICAS | MXM2: SECRETARIA DE ESTADO DE DESENVOLVIMENTO URBANO E OBRAS PÚBLICAS | MYC2: SECRETARIA DE ESTADO DE DESENVOLVIMENTO URBANO E OBRAS PÚBLICAS | MYS2: SECRETARIA DE ESTADO DE DESENVOLVIMENTO URBANO E OBRAS PÚBLICAS | MZI2: SECRETARIA DE ESTADO DE DESENVOLVIMENTO URBANO E OBRAS PÚBLICAS | MZY2: SECRETARIA DE ESTADO DE DESENVOLVIMENTO URBANO E OBRAS PÚBLICAS | NAO2: SECRETARIA DE ESTADO DE DESENVOLVIMENTO URBANO E OBRAS PÚBLICAS | NBE2: SECRETARIA DE ESTADO DE DESENVOLVIMENTO URBANO E OBRAS PÚBLICAS | NBU2: SECRETARIA DE ESTADO DE DESENVOLVIMENTO URBANO E OBRAS PÚBLICAS | NCK2: SECRETARIA DE ESTADO DE DESENVOLVIMENTO URBANO E OBRAS PÚBLICAS | NDA2: SECRETARIA DE ESTADO DE DESENVOLVIMENTO URBANO E OBRAS PÚBLICAS | NDQ2: SECRETARIA DE ESTADO DE DESENVOLVIMENTO URBANO E OBRAS PÚBLICAS | NEG2: SECRETARIA DE ESTADO DE DESENVOLVIMENTO URBANO E OBRAS PÚBLICAS | NEW2: SECRETARIA DE ESTADO DE DESENVOLVIMENTO URBANO E OBRAS PÚBLICAS | NFM2: SECRETARIA DE ESTADO DE DESENVOLVIMENTO URBANO E OBRAS PÚBLICAS | NGC2: SECRETARIA DE ESTADO DE DESENVOLVIMENTO URBANO E OBRAS PÚBLICAS | NGS2: SECRETARIA DE ESTADO DE DESENVOLVIMENTO URBANO E OBRAS PÚBLICAS | NHI2: SECRETARIA DE ESTADO DE DESENVOLVIMENTO URBANO E OBRAS PÚBLICAS | NHY2: SECRETARIA DE ESTADO DE DESENVOLVIMENTO URBANO E OBRAS PÚBLICAS | NIO2: SECRETARIA DE ESTADO DE DESENVOLVIMENTO URBANO E OBRAS PÚBLICAS | NJE2: SECRETARIA DE ESTADO DE DESENVOLVIMENTO URBANO E OBRAS PÚBLICAS | NJU2: SECRETARIA DE ESTADO DE DESENVOLVIMENTO URBANO E OBRAS PÚBLICAS | NKK2: SECRETARIA DE ESTADO DE DESENVOLVIMENTO URBANO E OBRAS PÚBLICAS | NLA2: SECRETARIA DE ESTADO DE DESENVOLVIMENTO URBANO E OBRAS PÚBLICAS | NLQ2: SECRETARIA DE ESTADO DE DESENVOLVIMENTO URBANO E OBRAS PÚBLICAS | NMG2: SECRETARIA DE ESTADO DE DESENVOLVIMENTO URBANO E OBRAS PÚBLICAS | NMW2: SECRETARIA DE ESTADO DE DESENVOLVIMENTO URBANO E OBRAS PÚBLICAS | NNM2: SECRETARIA DE ESTADO DE DESENVOLVIMENTO URBANO E OBRAS PÚBLICAS | NOC2: SECRETARIA DE ESTADO DE DESENVOLVIMENTO URBANO E OBRAS PÚBLICAS | NOS2: SECRETARIA DE ESTADO DE DESENVOLVIMENTO URBANO E OBRAS PÚBLICAS | NPI2: SECRETARIA DE ESTADO DE DESENVOLVIMENTO URBANO E OBRAS PÚBLICAS | NPY2: SECRETARIA DE ESTADO DE DESENVOLVIMENTO URBANO E OBRAS PÚBLICAS | NQO2: SECRETARIA DE ESTADO DE DESENVOLVIMENTO URBANO E OBRAS PÚBLICAS | NRE2: SECRETARIA DE ESTADO DE DESENVOLVIMENTO URBANO E OBRAS PÚBLICAS | NRU2: SECRETARIA DE ESTADO DE DESENVOLVIMENTO URBANO E OBRAS PÚBLICAS | NSK2: SECRETARIA DE ESTADO DE DESENVOLVIMENTO URBANO E OBRAS PÚBLICAS | NTA2: SECRETARIA DE ESTADO DE DESENVOLVIMENTO URBANO E OBRAS PÚBLICAS | NTQ2: SECRETARIA DE ESTADO DE DESENVOLVIMENTO URBANO E OBRAS PÚBLICAS | NUG2: SECRETARIA DE ESTADO DE DESENVOLVIMENTO URBANO E OBRAS PÚBLICAS | NUW2: SECRETARIA DE ESTADO DE DESENVOLVIMENTO URBANO E OBRAS PÚBLICAS | NVM2: SECRETARIA DE ESTADO DE DESENVOLVIMENTO URBANO E OBRAS PÚBLICAS | NWC2: SECRETARIA DE ESTADO DE DESENVOLVIMENTO URBANO E OBRAS PÚBLICAS | NWS2: SECRETARIA DE ESTADO DE DESENVOLVIMENTO URBANO E OBRAS PÚBLICAS | NXI2: SECRETARIA DE ESTADO DE DESENVOLVIMENTO URBANO E OBRAS PÚBLICAS | NXY2: SECRETARIA DE ESTADO DE DESENVOLVIMENTO URBANO E OBRAS PÚBLICAS | NYO2: SECRETARIA DE ESTADO DE DESENVOLVIMENTO URBANO E OBRAS PÚBLICAS | NZE2: SECRETARIA DE ESTADO DE DESENVOLVIMENTO URBANO E OBRAS PÚBLICAS | NZU2: SECRETARIA DE ESTADO DE DESENVOLVIMENTO URBANO E OBRAS PÚBLICAS | OAK2: SECRETARIA DE ESTADO DE DESENVOLVIMENTO URBANO E OBRAS PÚBLICAS | OBA2: SECRETARIA DE ESTADO DE DESENVOLVIMENTO URBANO E OBRAS PÚBLICAS | OBQ2: SECRETARIA DE ESTADO DE DESENVOLVIMENTO URBANO E OBRAS PÚBLICAS | OCG2: SECRETARIA DE ESTADO DE DESENVOLVIMENTO URBANO E OBRAS PÚBLICAS | OCW2: SECRETARIA DE ESTADO DE DESENVOLVIMENTO URBANO E OBRAS PÚBLICAS | ODM2: SECRETARIA DE ESTADO DE DESENVOLVIMENTO URBANO E OBRAS PÚBLICAS | OEC2: SECRETARIA DE ESTADO DE DESENVOLVIMENTO URBANO E OBRAS PÚBLICAS | OES2: SECRETARIA DE ESTADO DE DESENVOLVIMENTO URBANO E OBRAS PÚBLICAS | OFI2: SECRETARIA DE ESTADO DE DESENVOLVIMENTO URBANO E OBRAS PÚBLICAS | OFY2: SECRETARIA DE ESTADO DE DESENVOLVIMENTO URBANO E OBRAS PÚBLICAS | OGO2: SECRETARIA DE ESTADO DE DESENVOLVIMENTO URBANO E OBRAS PÚBLICAS | OHE2: SECRETARIA DE ESTADO DE DESENVOLVIMENTO URBANO E OBRAS PÚBLICAS | OHU2: SECRETARIA DE ESTADO DE DESENVOLVIMENTO URBANO E OBRAS PÚBLICAS | OIK2: SECRETARIA DE ESTADO DE DESENVOLVIMENTO URBANO E OBRAS PÚBLICAS | OJA2: SECRETARIA DE ESTADO DE DESENVOLVIMENTO URBANO E OBRAS PÚBLICAS | OJQ2: SECRETARIA DE ESTADO DE DESENVOLVIMENTO URBANO E OBRAS PÚBLICAS | OKG2: SECRETARIA DE ESTADO DE DESENVOLVIMENTO URBANO E OBRAS PÚBLICAS | OKW2: SECRETARIA DE ESTADO DE DESENVOLVIMENTO URBANO E OBRAS PÚBLICAS | OLM2: SECRETARIA DE ESTADO DE DESENVOLVIMENTO URBANO E OBRAS PÚBLICAS | OMC2: SECRETARIA DE ESTADO DE DESENVOLVIMENTO URBANO E OBRAS PÚBLICAS | OMS2: SECRETARIA DE ESTADO DE DESENVOLVIMENTO URBANO E OBRAS PÚBLICAS | ONI2: SECRETARIA DE ESTADO DE DESENVOLVIMENTO URBANO E OBRAS PÚBLICAS | ONY2: SECRETARIA DE ESTADO DE DESENVOLVIMENTO URBANO E OBRAS PÚBLICAS | OOO2: SECRETARIA DE ESTADO DE DESENVOLVIMENTO URBANO E OBRAS PÚBLICAS | OPE2: SECRETARIA DE ESTADO DE DESENVOLVIMENTO URBANO E OBRAS PÚBLICAS | OPU2: SECRETARIA DE ESTADO DE DESENVOLVIMENTO URBANO E OBRAS PÚBLICAS | OQK2: SECRETARIA DE ESTADO DE DESENVOLVIMENTO URBANO E OBRAS PÚBLICAS | ORA2: SECRETARIA DE ESTADO DE DESENVOLVIMENTO URBANO E OBRAS PÚBLICAS | ORQ2: SECRETARIA DE ESTADO DE DESENVOLVIMENTO URBANO E OBRAS PÚBLICAS | OSG2: SECRETARIA DE ESTADO DE DESENVOLVIMENTO URBANO E OBRAS PÚBLICAS | OSW2: SECRETARIA DE ESTADO DE DESENVOLVIMENTO URBANO E OBRAS PÚBLICAS | OTM2: SECRETARIA DE ESTADO DE DESENVOLVIMENTO URBANO E OBRAS PÚBLICAS | OUC2: SECRETARIA DE ESTADO DE DESENVOLVIMENTO URBANO E OBRAS PÚBLICAS | OUS2: SECRETARIA DE ESTADO DE DESENVOLVIMENTO URBANO E OBRAS PÚBLICAS | OVI2: SECRETARIA DE ESTADO DE DESENVOLVIMENTO URBANO E OBRAS PÚBLICAS | OVY2: SECRETARIA DE ESTADO DE DESENVOLVIMENTO URBANO E OBRAS PÚBLICAS | OWO2: SECRETARIA DE ESTADO DE DESENVOLVIMENTO URBANO E OBRAS PÚBLICAS | OXE2: SECRETARIA DE ESTADO DE DESENVOLVIMENTO URBANO E OBRAS PÚBLICAS | OXU2: SECRETARIA DE ESTADO DE DESENVOLVIMENTO URBANO E OBRAS PÚBLICAS | OYK2: SECRETARIA DE ESTADO DE DESENVOLVIMENTO URBANO E OBRAS PÚBLICAS | OZA2: SECRETARIA DE ESTADO DE DESENVOLVIMENTO URBANO E OBRAS PÚBLICAS | OZQ2: SECRETARIA DE ESTADO DE DESENVOLVIMENTO URBANO E OBRAS PÚBLICAS | PAG2: SECRETARIA DE ESTADO DE DESENVOLVIMENTO URBANO E OBRAS PÚBLICAS | PAW2: SECRETARIA DE ESTADO DE DESENVOLVIMENTO URBANO E OBRAS PÚBLICAS | PBM2: SECRETARIA DE ESTADO DE DESENVOLVIMENTO URBANO E OBRAS PÚBLICAS | PCC2: SECRETARIA DE ESTADO DE DESENVOLVIMENTO URBANO E OBRAS PÚBLICAS | PCS2: SECRETARIA DE ESTADO DE DESENVOLVIMENTO URBANO E OBRAS PÚBLICAS | PDI2: SECRETARIA DE ESTADO DE DESENVOLVIMENTO URBANO E OBRAS PÚBLICAS | PDY2: SECRETARIA DE ESTADO DE DESENVOLVIMENTO URBANO E OBRAS PÚBLICAS | PEO2: SECRETARIA DE ESTADO DE DESENVOLVIMENTO URBANO E OBRAS PÚBLICAS | PFE2: SECRETARIA DE ESTADO DE DESENVOLVIMENTO URBANO E OBRAS PÚBLICAS | PFU2: SECRETARIA DE ESTADO DE DESENVOLVIMENTO URBANO E OBRAS PÚBLICAS | PGK2: SECRETARIA DE ESTADO DE DESENVOLVIMENTO URBANO E OBRAS PÚBLICAS | PHA2: SECRETARIA DE ESTADO DE DESENVOLVIMENTO URBANO E OBRAS PÚBLICAS | PHQ2: SECRETARIA DE ESTADO DE DESENVOLVIMENTO URBANO E OBRAS PÚBLICAS | PIG2: SECRETARIA DE ESTADO DE DESENVOLVIMENTO URBANO E OBRAS PÚBLICAS | PIW2: SECRETARIA DE ESTADO DE DESENVOLVIMENTO URBANO E OBRAS PÚBLICAS | PJM2: SECRETARIA DE ESTADO DE DESENVOLVIMENTO URBANO E OBRAS PÚBLICAS | PKC2: SECRETARIA DE ESTADO DE DESENVOLVIMENTO URBANO E OBRAS PÚBLICAS | PKS2: SECRETARIA DE ESTADO DE DESENVOLVIMENTO URBANO E OBRAS PÚBLICAS | PLI2: SECRETARIA DE ESTADO DE DESENVOLVIMENTO URBANO E OBRAS PÚBLICAS | PLY2: SECRETARIA DE ESTADO DE DESENVOLVIMENTO URBANO E OBRAS PÚBLICAS | PMO2: SECRETARIA DE ESTADO DE DESENVOLVIMENTO URBANO E OBRAS PÚBLICAS | PNE2: SECRETARIA DE ESTADO DE DESENVOLVIMENTO URBANO E OBRAS PÚBLICAS | PNU2: SECRETARIA DE ESTADO DE DESENVOLVIMENTO URBANO E OBRAS PÚBLICAS | POK2: SECRETARIA DE ESTADO DE DESENVOLVIMENTO URBANO E OBRAS PÚBLICAS | PPA2: SECRETARIA DE ESTADO DE DESENVOLVIMENTO URBANO E OBRAS PÚBLICAS | PPQ2: SECRETARIA DE ESTADO DE DESENVOLVIMENTO URBANO E OBRAS PÚBLICAS | PQG2: SECRETARIA DE ESTADO DE DESENVOLVIMENTO URBANO E OBRAS PÚBLICAS | PQW2: SECRETARIA DE ESTADO DE DESENVOLVIMENTO URBANO E OBRAS PÚBLICAS | PRM2: SECRETARIA DE ESTADO DE DESENVOLVIMENTO URBANO E OBRAS PÚBLICAS | PSC2: SECRETARIA DE ESTADO DE DESENVOLVIMENTO URBANO E OBRAS PÚBLICAS | PSS2: SECRETARIA DE ESTADO DE DESENVOLVIMENTO URBANO E OBRAS PÚBLICAS | PTI2: SECRETARIA DE ESTADO DE DESENVOLVIMENTO URBANO E OBRAS PÚBLICAS | PTY2: SECRETARIA DE ESTADO DE DESENVOLVIMENTO URBANO E OBRAS PÚBLICAS | PUO2: SECRETARIA DE ESTADO DE DESENVOLVIMENTO URBANO E OBRAS PÚBLICAS | PVE2: SECRETARIA DE ESTADO DE DESENVOLVIMENTO URBANO E OBRAS PÚBLICAS | PVU2: SECRETARIA DE ESTADO DE DESENVOLVIMENTO URBANO E OBRAS PÚBLICAS | PWK2: SECRETARIA DE ESTADO DE DESENVOLVIMENTO URBANO E OBRAS PÚBLICAS | PXA2: SECRETARIA DE ESTADO DE DESENVOLVIMENTO URBANO E OBRAS PÚBLICAS | PXQ2: SECRETARIA DE ESTADO DE DESENVOLVIMENTO URBANO E OBRAS PÚBLICAS | PYG2: SECRETARIA DE ESTADO DE DESENVOLVIMENTO URBANO E OBRAS PÚBLICAS | PYW2: SECRETARIA DE ESTADO DE DESENVOLVIMENTO URBANO E OBRAS PÚBLICAS | PZM2: SECRETARIA DE ESTADO DE DESENVOLVIMENTO URBANO E OBRAS PÚBLICAS | QAC2: SECRETARIA DE ESTADO DE DESENVOLVIMENTO URBANO E OBRAS PÚBLICAS | QAS2: SECRETARIA DE ESTADO DE DESENVOLVIMENTO URBANO E OBRAS PÚBLICAS | QBI2: SECRETARIA DE ESTADO DE DESENVOLVIMENTO URBANO E OBRAS PÚBLICAS | QBY2: SECRETARIA DE ESTADO DE DESENVOLVIMENTO URBANO E OBRAS PÚBLICAS | QCO2: SECRETARIA DE ESTADO DE DESENVOLVIMENTO URBANO E OBRAS PÚBLICAS | QDE2: SECRETARIA DE ESTADO DE DESENVOLVIMENTO URBANO E OBRAS PÚBLICAS | QDU2: SECRETARIA DE ESTADO DE DESENVOLVIMENTO URBANO E OBRAS PÚBLICAS | QEK2: SECRETARIA DE ESTADO DE DESENVOLVIMENTO URBANO E OBRAS PÚBLICAS | QFA2: SECRETARIA DE ESTADO DE DESENVOLVIMENTO URBANO E OBRAS PÚBLICAS | QFQ2: SECRETARIA DE ESTADO DE DESENVOLVIMENTO URBANO E OBRAS PÚBLICAS | QGG2: SECRETARIA DE ESTADO DE DESENVOLVIMENTO URBANO E OBRAS PÚBLICAS | QGW2: SECRETARIA DE ESTADO DE DESENVOLVIMENTO URBANO E OBRAS PÚBLICAS | QHM2: SECRETARIA DE ESTADO DE DESENVOLVIMENTO URBANO E OBRAS PÚBLICAS | QIC2: SECRETARIA DE ESTADO DE DESENVOLVIMENTO URBANO E OBRAS PÚBLICAS | QIS2: SECRETARIA DE ESTADO DE DESENVOLVIMENTO URBANO E OBRAS PÚBLICAS | QJI2: SECRETARIA DE ESTADO DE DESENVOLVIMENTO URBANO E OBRAS PÚBLICAS | QJY2: SECRETARIA DE ESTADO DE DESENVOLVIMENTO URBANO E OBRAS PÚBLICAS | QKO2: SECRETARIA DE ESTADO DE DESENVOLVIMENTO URBANO E OBRAS PÚBLICAS | QLE2: SECRETARIA DE ESTADO DE DESENVOLVIMENTO URBANO E OBRAS PÚBLICAS | QLU2: SECRETARIA DE ESTADO DE DESENVOLVIMENTO URBANO E OBRAS PÚBLICAS | QMK2: SECRETARIA DE ESTADO DE DESENVOLVIMENTO URBANO E OBRAS PÚBLICAS | QNA2: SECRETARIA DE ESTADO DE DESENVOLVIMENTO URBANO E OBRAS PÚBLICAS | QNQ2: SECRETARIA DE ESTADO DE DESENVOLVIMENTO URBANO E OBRAS PÚBLICAS | QOG2: SECRETARIA DE ESTADO DE DESENVOLVIMENTO URBANO E OBRAS PÚBLICAS | QOW2: SECRETARIA DE ESTADO DE DESENVOLVIMENTO URBANO E OBRAS PÚBLICAS | QPM2: SECRETARIA DE ESTADO DE DESENVOLVIMENTO URBANO E OBRAS PÚBLICAS | QQC2: SECRETARIA DE ESTADO DE DESENVOLVIMENTO URBANO E OBRAS PÚBLICAS | QQS2: SECRETARIA DE ESTADO DE DESENVOLVIMENTO URBANO E OBRAS PÚBLICAS | QRI2: SECRETARIA DE ESTADO DE DESENVOLVIMENTO URBANO E OBRAS PÚBLICAS | QRY2: SECRETARIA DE ESTADO DE DESENVOLVIMENTO URBANO E OBRAS PÚBLICAS | QSO2: SECRETARIA DE ESTADO DE DESENVOLVIMENTO URBANO E OBRAS PÚBLICAS | QTE2: SECRETARIA DE ESTADO DE DESENVOLVIMENTO URBANO E OBRAS PÚBLICAS | QTU2: SECRETARIA DE ESTADO DE DESENVOLVIMENTO URBANO E OBRAS PÚBLICAS | QUK2: SECRETARIA DE ESTADO DE DESENVOLVIMENTO URBANO E OBRAS PÚBLICAS | QVA2: SECRETARIA DE ESTADO DE DESENVOLVIMENTO URBANO E OBRAS PÚBLICAS | QVQ2: SECRETARIA DE ESTADO DE DESENVOLVIMENTO URBANO E OBRAS PÚBLICAS | QWG2: SECRETARIA DE ESTADO DE DESENVOLVIMENTO URBANO E OBRAS PÚBLICAS | QWW2: SECRETARIA DE ESTADO DE DESENVOLVIMENTO URBANO E OBRAS PÚBLICAS | QXM2: SECRETARIA DE ESTADO DE DESENVOLVIMENTO URBANO E OBRAS PÚBLICAS | QYC2: SECRETARIA DE ESTADO DE DESENVOLVIMENTO URBANO E OBRAS PÚBLICAS | QYS2: SECRETARIA DE ESTADO DE DESENVOLVIMENTO URBANO E OBRAS PÚBLICAS | QZI2: SECRETARIA DE ESTADO DE DESENVOLVIMENTO URBANO E OBRAS PÚBLICAS | QZY2: SECRETARIA DE ESTADO DE DESENVOLVIMENTO URBANO E OBRAS PÚBLICAS | RAO2: SECRETARIA DE ESTADO DE DESENVOLVIMENTO URBANO E OBRAS PÚBLICAS | RBE2: SECRETARIA DE ESTADO DE DESENVOLVIMENTO URBANO E OBRAS PÚBLICAS | RBU2: SECRETARIA DE ESTADO DE DESENVOLVIMENTO URBANO E OBRAS PÚBLICAS | RCK2: SECRETARIA DE ESTADO DE DESENVOLVIMENTO URBANO E OBRAS PÚBLICAS | RDA2: SECRETARIA DE ESTADO DE DESENVOLVIMENTO URBANO E OBRAS PÚBLICAS | RDQ2: SECRETARIA DE ESTADO DE DESENVOLVIMENTO URBANO E OBRAS PÚBLICAS | REG2: SECRETARIA DE ESTADO DE DESENVOLVIMENTO URBANO E OBRAS PÚBLICAS | REW2: SECRETARIA DE ESTADO DE DESENVOLVIMENTO URBANO E OBRAS PÚBLICAS | RFM2: SECRETARIA DE ESTADO DE DESENVOLVIMENTO URBANO E OBRAS PÚBLICAS | RGC2: SECRETARIA DE ESTADO DE DESENVOLVIMENTO URBANO E OBRAS PÚBLICAS | RGS2: SECRETARIA DE ESTADO DE DESENVOLVIMENTO URBANO E OBRAS PÚBLICAS | RHI2: SECRETARIA DE ESTADO DE DESENVOLVIMENTO URBANO E OBRAS PÚBLICAS | RHY2: SECRETARIA DE ESTADO DE DESENVOLVIMENTO URBANO E OBRAS PÚBLICAS | RIO2: SECRETARIA DE ESTADO DE DESENVOLVIMENTO URBANO E OBRAS PÚBLICAS | RJE2: SECRETARIA DE ESTADO DE DESENVOLVIMENTO URBANO E OBRAS PÚBLICAS | RJU2: SECRETARIA DE ESTADO DE DESENVOLVIMENTO URBANO E OBRAS PÚBLICAS | RKK2: SECRETARIA DE ESTADO DE DESENVOLVIMENTO URBANO E OBRAS PÚBLICAS | RLA2: SECRETARIA DE ESTADO DE DESENVOLVIMENTO URBANO E OBRAS PÚBLICAS | RLQ2: SECRETARIA DE ESTADO DE DESENVOLVIMENTO URBANO E OBRAS PÚBLICAS | RMG2: SECRETARIA DE ESTADO DE DESENVOLVIMENTO URBANO E OBRAS PÚBLICAS | RMW2: SECRETARIA DE ESTADO DE DESENVOLVIMENTO URBANO E OBRAS PÚBLICAS | RNM2: SECRETARIA DE ESTADO DE DESENVOLVIMENTO URBANO E OBRAS PÚBLICAS | ROC2: SECRETARIA DE ESTADO DE DESENVOLVIMENTO URBANO E OBRAS PÚBLICAS | ROS2: SECRETARIA DE ESTADO DE DESENVOLVIMENTO URBANO E OBRAS PÚBLICAS | RPI2: SECRETARIA DE ESTADO DE DESENVOLVIMENTO URBANO E OBRAS PÚBLICAS | RPY2: SECRETARIA DE ESTADO DE DESENVOLVIMENTO URBANO E OBRAS PÚBLICAS | RQO2: SECRETARIA DE ESTADO DE DESENVOLVIMENTO URBANO E OBRAS PÚBLICAS | RRE2: SECRETARIA DE ESTADO DE DESENVOLVIMENTO URBANO E OBRAS PÚBLICAS | RRU2: SECRETARIA DE ESTADO DE DESENVOLVIMENTO URBANO E OBRAS PÚBLICAS | RSK2: SECRETARIA DE ESTADO DE DESENVOLVIMENTO URBANO E OBRAS PÚBLICAS | RTA2: SECRETARIA DE ESTADO DE DESENVOLVIMENTO URBANO E OBRAS PÚBLICAS | RTQ2: SECRETARIA DE ESTADO DE DESENVOLVIMENTO URBANO E OBRAS PÚBLICAS | RUG2: SECRETARIA DE ESTADO DE DESENVOLVIMENTO URBANO E OBRAS PÚBLICAS | RUW2: SECRETARIA DE ESTADO DE DESENVOLVIMENTO URBANO E OBRAS PÚBLICAS | RVM2: SECRETARIA DE ESTADO DE DESENVOLVIMENTO URBANO E OBRAS PÚBLICAS | RWC2: SECRETARIA DE ESTADO DE DESENVOLVIMENTO URBANO E OBRAS PÚBLICAS | RWS2: SECRETARIA DE ESTADO DE DESENVOLVIMENTO URBANO E OBRAS PÚBLICAS | RXI2: SECRETARIA DE ESTADO DE DESENVOLVIMENTO URBANO E OBRAS PÚBLICAS | RXY2: SECRETARIA DE ESTADO DE DESENVOLVIMENTO URBANO E OBRAS PÚBLICAS | RYO2: SECRETARIA DE ESTADO DE DESENVOLVIMENTO URBANO E OBRAS PÚBLICAS | RZE2: SECRETARIA DE ESTADO DE DESENVOLVIMENTO URBANO E OBRAS PÚBLICAS | RZU2: SECRETARIA DE ESTADO DE DESENVOLVIMENTO URBANO E OBRAS PÚBLICAS | SAK2: SECRETARIA DE ESTADO DE DESENVOLVIMENTO URBANO E OBRAS PÚBLICAS | SBA2: SECRETARIA DE ESTADO DE DESENVOLVIMENTO URBANO E OBRAS PÚBLICAS | SBQ2: SECRETARIA DE ESTADO DE DESENVOLVIMENTO URBANO E OBRAS PÚBLICAS | SCG2: SECRETARIA DE ESTADO DE DESENVOLVIMENTO URBANO E OBRAS PÚBLICAS | SCW2: SECRETARIA DE ESTADO DE DESENVOLVIMENTO URBANO E OBRAS PÚBLICAS | SDM2: SECRETARIA DE ESTADO DE DESENVOLVIMENTO URBANO E OBRAS PÚBLICAS | SEC2: SECRETARIA DE ESTADO DE DESENVOLVIMENTO URBANO E OBRAS PÚBLICAS | SES2: SECRETARIA DE ESTADO DE DESENVOLVIMENTO URBANO E OBRAS PÚBLICAS | SFI2: SECRETARIA DE ESTADO DE DESENVOLVIMENTO URBANO E OBRAS PÚBLICAS | SFY2: SECRETARIA DE ESTADO DE DESENVOLVIMENTO URBANO E OBRAS PÚBLICAS | SGO2: SECRETARIA DE ESTADO DE DESENVOLVIMENTO URBANO E OBRAS PÚBLICAS | SHE2: SECRETARIA DE ESTADO DE DESENVOLVIMENTO URBANO E OBRAS PÚBLICAS | SHU2: SECRETARIA DE ESTADO DE DESENVOLVIMENTO URBANO E OBRAS PÚBLICAS | SIK2: SECRETARIA DE ESTADO DE DESENVOLVIMENTO URBANO E OBRAS PÚBLICAS | SJA2: SECRETARIA DE ESTADO DE DESENVOLVIMENTO URBANO E OBRAS PÚBLICAS | SJQ2: SECRETARIA DE ESTADO DE DESENVOLVIMENTO URBANO E OBRAS PÚBLICAS | SKG2: SECRETARIA DE ESTADO DE DESENVOLVIMENTO URBANO E OBRAS PÚBLICAS | SKW2: SECRETARIA DE ESTADO DE DESENVOLVIMENTO URBANO E OBRAS PÚBLICAS | SLM2: SECRETARIA DE ESTADO DE DESENVOLVIMENTO URBANO E OBRAS PÚBLICAS | SMC2: SECRETARIA DE ESTADO DE DESENVOLVIMENTO URBANO E OBRAS PÚBLICAS | SMS2: SECRETARIA DE ESTADO DE DESENVOLVIMENTO URBANO E OBRAS PÚBLICAS | SNI2: SECRETARIA DE ESTADO DE DESENVOLVIMENTO URBANO E OBRAS PÚBLICAS | SNY2: SECRETARIA DE ESTADO DE DESENVOLVIMENTO URBANO E OBRAS PÚBLICAS | SOO2: SECRETARIA DE ESTADO DE DESENVOLVIMENTO URBANO E OBRAS PÚBLICAS | SPE2: SECRETARIA DE ESTADO DE DESENVOLVIMENTO URBANO E OBRAS PÚBLICAS | SPU2: SECRETARIA DE ESTADO DE DESENVOLVIMENTO URBANO E OBRAS PÚBLICAS | SQK2: SECRETARIA DE ESTADO DE DESENVOLVIMENTO URBANO E OBRAS PÚBLICAS | SRA2: SECRETARIA DE ESTADO DE DESENVOLVIMENTO URBANO E OBRAS PÚBLICAS | SRQ2: SECRETARIA DE ESTADO DE DESENVOLVIMENTO URBANO E OBRAS PÚBLICAS | SSG2: SECRETARIA DE ESTADO DE DESENVOLVIMENTO URBANO E OBRAS PÚBLICAS | SSW2: SECRETARIA DE ESTADO DE DESENVOLVIMENTO URBANO E OBRAS PÚBLICAS | STM2: SECRETARIA DE ESTADO DE DESENVOLVIMENTO URBANO E OBRAS PÚBLICAS | SUC2: SECRETARIA DE ESTADO DE DESENVOLVIMENTO URBANO E OBRAS PÚBLICAS | SUS2: SECRETARIA DE ESTADO DE DESENVOLVIMENTO URBANO E OBRAS PÚBLICAS | SVI2: SECRETARIA DE ESTADO DE DESENVOLVIMENTO URBANO E OBRAS PÚBLICAS | SVY2: SECRETARIA DE ESTADO DE DESENVOLVIMENTO URBANO E OBRAS PÚBLICAS | SWO2: SECRETARIA DE ESTADO DE DESENVOLVIMENTO URBANO E OBRAS PÚBLICAS | SXE2: SECRETARIA DE ESTADO DE DESENVOLVIMENTO URBANO E OBRAS PÚBLICAS | SXU2: SECRETARIA DE ESTADO DE DESENVOLVIMENTO URBANO E OBRAS PÚBLICAS | SYK2: SECRETARIA DE ESTADO DE DESENVOLVIMENTO URBANO E OBRAS PÚBLICAS | SZA2: SECRETARIA DE ESTADO DE DESENVOLVIMENTO URBANO E OBRAS PÚBLICAS | SZQ2: SECRETARIA DE ESTADO DE DESENVOLVIMENTO URBANO E OBRAS PÚBLICAS | TAG2: SECRETARIA DE ESTADO DE DESENVOLVIMENTO URBANO E OBRAS PÚBLICAS | TAW2: SECRETARIA DE ESTADO DE DESENVOLVIMENTO URBANO E OBRAS PÚBLICAS | TBM2: SECRETARIA DE ESTADO DE DESENVOLVIMENTO URBANO E OBRAS PÚBLICAS | TCC2: SECRETARIA DE ESTADO DE DESENVOLVIMENTO URBANO E OBRAS PÚBLICAS | TCS2: SECRETARIA DE ESTADO DE DESENVOLVIMENTO URBANO E OBRAS PÚBLICAS | TDI2: SECRETARIA DE ESTADO DE DESENVOLVIMENTO URBANO E OBRAS PÚBLICAS | TDY2: SECRETARIA DE ESTADO DE DESENVOLVIMENTO URBANO E OBRAS PÚBLICAS | TEO2: SECRETARIA DE ESTADO DE DESENVOLVIMENTO URBANO E OBRAS PÚBLICAS | TFE2: SECRETARIA DE ESTADO DE DESENVOLVIMENTO URBANO E OBRAS PÚBLICAS | TFU2: SECRETARIA DE ESTADO DE DESENVOLVIMENTO URBANO E OBRAS PÚBLICAS | TGK2: SECRETARIA DE ESTADO DE DESENVOLVIMENTO URBANO E OBRAS PÚBLICAS | THA2: SECRETARIA DE ESTADO DE DESENVOLVIMENTO URBANO E OBRAS PÚBLICAS | THQ2: SECRETARIA DE ESTADO DE DESENVOLVIMENTO URBANO E OBRAS PÚBLICAS | TIG2: SECRETARIA DE ESTADO DE DESENVOLVIMENTO URBANO E OBRAS PÚBLICAS | TIW2: SECRETARIA DE ESTADO DE DESENVOLVIMENTO URBANO E OBRAS PÚBLICAS | TJM2: SECRETARIA DE ESTADO DE DESENVOLVIMENTO URBANO E OBRAS PÚBLICAS | TKC2: SECRETARIA DE ESTADO DE DESENVOLVIMENTO URBANO E OBRAS PÚBLICAS | TKS2: SECRETARIA DE ESTADO DE DESENVOLVIMENTO URBANO E OBRAS PÚBLICAS | TLI2: SECRETARIA DE ESTADO DE DESENVOLVIMENTO URBANO E OBRAS PÚBLICAS | TLY2: SECRETARIA DE ESTADO DE DESENVOLVIMENTO URBANO E OBRAS PÚBLICAS | TMO2: SECRETARIA DE ESTADO DE DESENVOLVIMENTO URBANO E OBRAS PÚBLICAS | TNE2: SECRETARIA DE ESTADO DE DESENVOLVIMENTO URBANO E OBRAS PÚBLICAS | TNU2: SECRETARIA DE ESTADO DE DESENVOLVIMENTO URBANO E OBRAS PÚBLICAS | TOK2: SECRETARIA DE ESTADO DE DESENVOLVIMENTO URBANO E OBRAS PÚBLICAS | TPA2: SECRETARIA DE ESTADO DE DESENVOLVIMENTO URBANO E OBRAS PÚBLICAS | TPQ2: SECRETARIA DE ESTADO DE DESENVOLVIMENTO URBANO E OBRAS PÚBLICAS | TQG2: SECRETARIA DE ESTADO DE DESENVOLVIMENTO URBANO E OBRAS PÚBLICAS | TQW2: SECRETARIA DE ESTADO DE DESENVOLVIMENTO URBANO E OBRAS PÚBLICAS | TRM2: SECRETARIA DE ESTADO DE DESENVOLVIMENTO URBANO E OBRAS PÚBLICAS | TSC2: SECRETARIA DE ESTADO DE DESENVOLVIMENTO URBANO E OBRAS PÚBLICAS | TSS2: SECRETARIA DE ESTADO DE DESENVOLVIMENTO URBANO E OBRAS PÚBLICAS | TTI2: SECRETARIA DE ESTADO DE DESENVOLVIMENTO URBANO E OBRAS PÚBLICAS | TTY2: SECRETARIA DE ESTADO DE DESENVOLVIMENTO URBANO E OBRAS PÚBLICAS | TUO2: SECRETARIA DE ESTADO DE DESENVOLVIMENTO URBANO E OBRAS PÚBLICAS | TVE2: SECRETARIA DE ESTADO DE DESENVOLVIMENTO URBANO E OBRAS PÚBLICAS | TVU2: SECRETARIA DE ESTADO DE DESENVOLVIMENTO URBANO E OBRAS PÚBLICAS | TWK2: SECRETARIA DE ESTADO DE DESENVOLVIMENTO URBANO E OBRAS PÚBLICAS | TXA2: SECRETARIA DE ESTADO DE DESENVOLVIMENTO URBANO E OBRAS PÚBLICAS | TXQ2: SECRETARIA DE ESTADO DE DESENVOLVIMENTO URBANO E OBRAS PÚBLICAS | TYG2: SECRETARIA DE ESTADO DE DESENVOLVIMENTO URBANO E OBRAS PÚBLICAS | TYW2: SECRETARIA DE ESTADO DE DESENVOLVIMENTO URBANO E OBRAS PÚBLICAS | TZM2: SECRETARIA DE ESTADO DE DESENVOLVIMENTO URBANO E OBRAS PÚBLICAS | UAC2: SECRETARIA DE ESTADO DE DESENVOLVIMENTO URBANO E OBRAS PÚBLICAS | UAS2: SECRETARIA DE ESTADO DE DESENVOLVIMENTO URBANO E OBRAS PÚBLICAS | UBI2: SECRETARIA DE ESTADO DE DESENVOLVIMENTO URBANO E OBRAS PÚBLICAS | UBY2: SECRETARIA DE ESTADO DE DESENVOLVIMENTO URBANO E OBRAS PÚBLICAS | UCO2: SECRETARIA DE ESTADO DE DESENVOLVIMENTO URBANO E OBRAS PÚBLICAS | UDE2: SECRETARIA DE ESTADO DE DESENVOLVIMENTO URBANO E OBRAS PÚBLICAS | UDU2: SECRETARIA DE ESTADO DE DESENVOLVIMENTO URBANO E OBRAS PÚBLICAS | UEK2: SECRETARIA DE ESTADO DE DESENVOLVIMENTO URBANO E OBRAS PÚBLICAS | UFA2: SECRETARIA DE ESTADO DE DESENVOLVIMENTO URBANO E OBRAS PÚBLICAS | UFQ2: SECRETARIA DE ESTADO DE DESENVOLVIMENTO URBANO E OBRAS PÚBLICAS | UGG2: SECRETARIA DE ESTADO DE DESENVOLVIMENTO URBANO E OBRAS PÚBLICAS | UGW2: SECRETARIA DE ESTADO DE DESENVOLVIMENTO URBANO E OBRAS PÚBLICAS | UHM2: SECRETARIA DE ESTADO DE DESENVOLVIMENTO URBANO E OBRAS PÚBLICAS | UIC2: SECRETARIA DE ESTADO DE DESENVOLVIMENTO URBANO E OBRAS PÚBLICAS | UIS2: SECRETARIA DE ESTADO DE DESENVOLVIMENTO URBANO E OBRAS PÚBLICAS | UJI2: SECRETARIA DE ESTADO DE DESENVOLVIMENTO URBANO E OBRAS PÚBLICAS | UJY2: SECRETARIA DE ESTADO DE DESENVOLVIMENTO URBANO E OBRAS PÚBLICAS | UKO2: SECRETARIA DE ESTADO DE DESENVOLVIMENTO URBANO E OBRAS PÚBLICAS | ULE2: SECRETARIA DE ESTADO DE DESENVOLVIMENTO URBANO E OBRAS PÚBLICAS | ULU2: SECRETARIA DE ESTADO DE DESENVOLVIMENTO URBANO E OBRAS PÚBLICAS | UMK2: SECRETARIA DE ESTADO DE DESENVOLVIMENTO URBANO E OBRAS PÚBLICAS | UNA2: SECRETARIA DE ESTADO DE DESENVOLVIMENTO URBANO E OBRAS PÚBLICAS | UNQ2: SECRETARIA DE ESTADO DE DESENVOLVIMENTO URBANO E OBRAS PÚBLICAS | UOG2: SECRETARIA DE ESTADO DE DESENVOLVIMENTO URBANO E OBRAS PÚBLICAS | UOW2: SECRETARIA DE ESTADO DE DESENVOLVIMENTO URBANO E OBRAS PÚBLICAS | UPM2: SECRETARIA DE ESTADO DE DESENVOLVIMENTO URBANO E OBRAS PÚBLICAS | UQC2: SECRETARIA DE ESTADO DE DESENVOLVIMENTO URBANO E OBRAS PÚBLICAS | UQS2: SECRETARIA DE ESTADO DE DESENVOLVIMENTO URBANO E OBRAS PÚBLICAS | URI2: SECRETARIA DE ESTADO DE DESENVOLVIMENTO URBANO E OBRAS PÚBLICAS | URY2: SECRETARIA DE ESTADO DE DESENVOLVIMENTO URBANO E OBRAS PÚBLICAS | USO2: SECRETARIA DE ESTADO DE DESENVOLVIMENTO URBANO E OBRAS PÚBLICAS | UTE2: SECRETARIA DE ESTADO DE DESENVOLVIMENTO URBANO E OBRAS PÚBLICAS | UTU2: SECRETARIA DE ESTADO DE DESENVOLVIMENTO URBANO E OBRAS PÚBLICAS | UUK2: SECRETARIA DE ESTADO DE DESENVOLVIMENTO URBANO E OBRAS PÚBLICAS | UVA2: SECRETARIA DE ESTADO DE DESENVOLVIMENTO URBANO E OBRAS PÚBLICAS | UVQ2: SECRETARIA DE ESTADO DE DESENVOLVIMENTO URBANO E OBRAS PÚBLICAS | UWG2: SECRETARIA DE ESTADO DE DESENVOLVIMENTO URBANO E OBRAS PÚBLICAS | UWW2: SECRETARIA DE ESTADO DE DESENVOLVIMENTO URBANO E OBRAS PÚBLICAS | UXM2: SECRETARIA DE ESTADO DE DESENVOLVIMENTO URBANO E OBRAS PÚBLICAS | UYC2: SECRETARIA DE ESTADO DE DESENVOLVIMENTO URBANO E OBRAS PÚBLICAS | UYS2: SECRETARIA DE ESTADO DE DESENVOLVIMENTO URBANO E OBRAS PÚBLICAS | UZI2: SECRETARIA DE ESTADO DE DESENVOLVIMENTO URBANO E OBRAS PÚBLICAS | UZY2: SECRETARIA DE ESTADO DE DESENVOLVIMENTO URBANO E OBRAS PÚBLICAS | VAO2: SECRETARIA DE ESTADO DE DESENVOLVIMENTO URBANO E OBRAS PÚBLICAS | VBE2: SECRETARIA DE ESTADO DE DESENVOLVIMENTO URBANO E OBRAS PÚBLICAS | VBU2: SECRETARIA DE ESTADO DE DESENVOLVIMENTO URBANO E OBRAS PÚBLICAS | VCK2: SECRETARIA DE ESTADO DE DESENVOLVIMENTO URBANO E OBRAS PÚBLICAS | VDA2: SECRETARIA DE ESTADO DE DESENVOLVIMENTO URBANO E OBRAS PÚBLICAS | VDQ2: SECRETARIA DE ESTADO DE DESENVOLVIMENTO URBANO E OBRAS PÚBLICAS | VEG2: SECRETARIA DE ESTADO DE DESENVOLVIMENTO URBANO E OBRAS PÚBLICAS | VEW2: SECRETARIA DE ESTADO DE DESENVOLVIMENTO URBANO E OBRAS PÚBLICAS | VFM2: SECRETARIA DE ESTADO DE DESENVOLVIMENTO URBANO E OBRAS PÚBLICAS | VGC2: SECRETARIA DE ESTADO DE DESENVOLVIMENTO URBANO E OBRAS PÚBLICAS | VGS2: SECRETARIA DE ESTADO DE DESENVOLVIMENTO URBANO E OBRAS PÚBLICAS | VHI2: SECRETARIA DE ESTADO DE DESENVOLVIMENTO URBANO E OBRAS PÚBLICAS | VHY2: SECRETARIA DE ESTADO DE DESENVOLVIMENTO URBANO E OBRAS PÚBLICAS | VIO2: SECRETARIA DE ESTADO DE DESENVOLVIMENTO URBANO E OBRAS PÚBLICAS | VJE2: SECRETARIA DE ESTADO DE DESENVOLVIMENTO URBANO E OBRAS PÚBLICAS | VJU2: SECRETARIA DE ESTADO DE DESENVOLVIMENTO URBANO E OBRAS PÚBLICAS | VKK2: SECRETARIA DE ESTADO DE DESENVOLVIMENTO URBANO E OBRAS PÚBLICAS | VLA2: SECRETARIA DE ESTADO DE DESENVOLVIMENTO URBANO E OBRAS PÚBLICAS | VLQ2: SECRETARIA DE ESTADO DE DESENVOLVIMENTO URBANO E OBRAS PÚBLICAS | VMG2: SECRETARIA DE ESTADO DE DESENVOLVIMENTO URBANO E OBRAS PÚBLICAS | VMW2: SECRETARIA DE ESTADO DE DESENVOLVIMENTO URBANO E OBRAS PÚBLICAS | VNM2: SECRETARIA DE ESTADO DE DESENVOLVIMENTO URBANO E OBRAS PÚBLICAS | VOC2: SECRETARIA DE ESTADO DE DESENVOLVIMENTO URBANO E OBRAS PÚBLICAS | VOS2: SECRETARIA DE ESTADO DE DESENVOLVIMENTO URBANO E OBRAS PÚBLICAS | VPI2: SECRETARIA DE ESTADO DE DESENVOLVIMENTO URBANO E OBRAS PÚBLICAS | VPY2: SECRETARIA DE ESTADO DE DESENVOLVIMENTO URBANO E OBRAS PÚBLICAS | VQO2: SECRETARIA DE ESTADO DE DESENVOLVIMENTO URBANO E OBRAS PÚBLICAS | VRE2: SECRETARIA DE ESTADO DE DESENVOLVIMENTO URBANO E OBRAS PÚBLICAS | VRU2: SECRETARIA DE ESTADO DE DESENVOLVIMENTO URBANO E OBRAS PÚBLICAS | VSK2: SECRETARIA DE ESTADO DE DESENVOLVIMENTO URBANO E OBRAS PÚBLICAS | VTA2: SECRETARIA DE ESTADO DE DESENVOLVIMENTO URBANO E OBRAS PÚBLICAS | VTQ2: SECRETARIA DE ESTADO DE DESENVOLVIMENTO URBANO E OBRAS PÚBLICAS | VUG2: SECRETARIA DE ESTADO DE DESENVOLVIMENTO URBANO E OBRAS PÚBLICAS | VUW2: SECRETARIA DE ESTADO DE DESENVOLVIMENTO URBANO E OBRAS PÚBLICAS | VVM2: SECRETARIA DE ESTADO DE DESENVOLVIMENTO URBANO E OBRAS PÚBLICAS | VWC2: SECRETARIA DE ESTADO DE DESENVOLVIMENTO URBANO E OBRAS PÚBLICAS | VWS2: SECRETARIA DE ESTADO DE DESENVOLVIMENTO URBANO E OBRAS PÚBLICAS | VXI2: SECRETARIA DE ESTADO DE DESENVOLVIMENTO URBANO E OBRAS PÚBLICAS | VXY2: SECRETARIA DE ESTADO DE DESENVOLVIMENTO URBANO E OBRAS PÚBLICAS | VYO2: SECRETARIA DE ESTADO DE DESENVOLVIMENTO URBANO E OBRAS PÚBLICAS | VZE2: SECRETARIA DE ESTADO DE DESENVOLVIMENTO URBANO E OBRAS PÚBLICAS | VZU2: SECRETARIA DE ESTADO DE DESENVOLVIMENTO URBANO E OBRAS PÚBLICAS | WAK2: SECRETARIA DE ESTADO DE DESENVOLVIMENTO URBANO E OBRAS PÚBLICAS | WBA2: SECRETARIA DE ESTADO DE DESENVOLVIMENTO URBANO E OBRAS PÚBLICAS | WBQ2: SECRETARIA DE ESTADO DE DESENVOLVIMENTO URBANO E OBRAS PÚBLICAS | WCG2: SECRETARIA DE ESTADO DE DESENVOLVIMENTO URBANO E OBRAS PÚBLICAS | WCW2: SECRETARIA DE ESTADO DE DESENVOLVIMENTO URBANO E OBRAS PÚBLICAS | WDM2: SECRETARIA DE ESTADO DE DESENVOLVIMENTO URBANO E OBRAS PÚBLICAS | WEC2: SECRETARIA DE ESTADO DE DESENVOLVIMENTO URBANO E OBRAS PÚBLICAS | WES2: SECRETARIA DE ESTADO DE DESENVOLVIMENTO URBANO E OBRAS PÚBLICAS | WFI2: SECRETARIA DE ESTADO DE DESENVOLVIMENTO URBANO E OBRAS PÚBLICAS | WFY2: SECRETARIA DE ESTADO DE DESENVOLVIMENTO URBANO E OBRAS PÚBLICAS | WGO2: SECRETARIA DE ESTADO DE DESENVOLVIMENTO URBANO E OBRAS PÚBLICAS | WHE2: SECRETARIA DE ESTADO DE DESENVOLVIMENTO URBANO E OBRAS PÚBLICAS | WHU2: SECRETARIA DE ESTADO DE DESENVOLVIMENTO URBANO E OBRAS PÚBLICAS | WIK2: SECRETARIA DE ESTADO DE DESENVOLVIMENTO URBANO E OBRAS PÚBLICAS | WJA2: SECRETARIA DE ESTADO DE DESENVOLVIMENTO URBANO E OBRAS PÚBLICAS | WJQ2: SECRETARIA DE ESTADO DE DESENVOLVIMENTO URBANO E OBRAS PÚBLICAS | WKG2: SECRETARIA DE ESTADO DE DESENVOLVIMENTO URBANO E OBRAS PÚBLICAS | WKW2: SECRETARIA DE ESTADO DE DESENVOLVIMENTO URBANO E OBRAS PÚBLICAS | WLM2: SECRETARIA DE ESTADO DE DESENVOLVIMENTO URBANO E OBRAS PÚBLICAS | WMC2: SECRETARIA DE ESTADO DE DESENVOLVIMENTO URBANO E OBRAS PÚBLICAS | WMS2: SECRETARIA DE ESTADO DE DESENVOLVIMENTO URBANO E OBRAS PÚBLICAS | WNI2: SECRETARIA DE ESTADO DE DESENVOLVIMENTO URBANO E OBRAS PÚBLICAS | WNY2: SECRETARIA DE ESTADO DE DESENVOLVIMENTO URBANO E OBRAS PÚBLICAS | WOO2: SECRETARIA DE ESTADO DE DESENVOLVIMENTO URBANO E OBRAS PÚBLICAS | WPE2: SECRETARIA DE ESTADO DE DESENVOLVIMENTO URBANO E OBRAS PÚBLICAS | WPU2: SECRETARIA DE ESTADO DE DESENVOLVIMENTO URBANO E OBRAS PÚBLICAS | WQK2: SECRETARIA DE ESTADO DE DESENVOLVIMENTO URBANO E OBRAS PÚBLICAS | WRA2: SECRETARIA DE ESTADO DE DESENVOLVIMENTO URBANO E OBRAS PÚBLICAS | WRQ2: SECRETARIA DE ESTADO DE DESENVOLVIMENTO URBANO E OBRAS PÚBLICAS | WSG2: SECRETARIA DE ESTADO DE DESENVOLVIMENTO URBANO E OBRAS PÚBLICAS | WSW2: SECRETARIA DE ESTADO DE DESENVOLVIMENTO URBANO E OBRAS PÚBLICAS | WTM2: SECRETARIA DE ESTADO DE DESENVOLVIMENTO URBANO E OBRAS PÚBLICAS | WUC2: SECRETARIA DE ESTADO DE DESENVOLVIMENTO URBANO E OBRAS PÚBLICAS | WUS2: SECRETARIA DE ESTADO DE DESENVOLVIMENTO URBANO E OBRAS PÚBLICAS | WVI2: SECRETARIA DE ESTADO DE DESENVOLVIMENTO URBANO E OBRAS PÚBLICAS | WVY2: SECRETARIA DE ESTADO DE DESENVOLVIMENTO URBANO E OBRAS PÚBLICAS | WWO2: SECRETARIA DE ESTADO DE DESENVOLVIMENTO URBANO E OBRAS PÚBLICAS | WXE2: SECRETARIA DE ESTADO DE DESENVOLVIMENTO URBANO E OBRAS PÚBLICAS | WXU2: SECRETARIA DE ESTADO DE DESENVOLVIMENTO URBANO E OBRAS PÚBLICAS | WYK2: SECRETARIA DE ESTADO DE DESENVOLVIMENTO URBANO E OBRAS PÚBLICAS | WZA2: SECRETARIA DE ESTADO DE DESENVOLVIMENTO URBANO E OBRAS PÚBLICAS | WZQ2: SECRETARIA DE ESTADO DE DESENVOLVIMENTO URBANO E OBRAS PÚBLICAS | XAG2: SECRETARIA DE ESTADO DE DESENVOLVIMENTO URBANO E OBRAS PÚBLICAS | XAW2: SECRETARIA DE ESTADO DE DESENVOLVIMENTO URBANO E OBRAS PÚBLICAS | XBM2: SECRETARIA DE ESTADO DE DESENVOLVIMENTO URBANO E OBRAS PÚBLICAS | XCC2: SECRETARIA DE ESTADO DE DESENVOLVIMENTO URBANO E OBRAS PÚBLICAS | XCS2: SECRETARIA DE ESTADO DE DESENVOLVIMENTO URBANO E OBRAS PÚBLICAS | XDI2: SECRETARIA DE ESTADO DE DESENVOLVIMENTO URBANO E OBRAS PÚBLICAS | XDY2: SECRETARIA DE ESTADO DE DESENVOLVIMENTO URBANO E OBRAS PÚBLICAS | XEO2: SECRETARIA DE ESTADO DE DESENVOLVIMENTO URBANO E OBRAS PÚBLICAS
A3: ='DADOS DA OBRA'!A3:H3 -> MUNICÍPIO DE SALVATERRA | AFA3: DIRETORIA DE FISCALIZAÇÃO - DIFIS | AFQ3: DIRETORIA DE FISCALIZAÇÃO - DIFIS | AGG3: DIRETORIA DE FISCALIZAÇÃO - DIFIS | AGW3: DIRETORIA DE FISCALIZAÇÃO - DIFIS | AHM3: DIRETORIA DE FISCALIZAÇÃO - DIFIS | AIC3: DIRETORIA DE FISCALIZAÇÃO - DIFIS | AIS3: DIRETORIA DE FISCALIZAÇÃO - DIFIS | AJI3: DIRETORIA DE FISCALIZAÇÃO - DIFIS | AJY3: DIRETORIA DE FISCALIZAÇÃO - DIFIS | AKO3: DIRETORIA DE FISCALIZAÇÃO - DIFIS | ALE3: DIRETORIA DE FISCALIZAÇÃO - DIFIS | ALU3: DIRETORIA DE FISCALIZAÇÃO - DIFIS | AMK3: DIRETORIA DE FISCALIZAÇÃO - DIFIS | ANA3: DIRETORIA DE FISCALIZAÇÃO - DIFIS | ANQ3: DIRETORIA DE FISCALIZAÇÃO - DIFIS | AOG3: DIRETORIA DE FISCALIZAÇÃO - DIFIS | AOW3: DIRETORIA DE FISCALIZAÇÃO - DIFIS | APM3: DIRETORIA DE FISCALIZAÇÃO - DIFIS | AQC3: DIRETORIA DE FISCALIZAÇÃO - DIFIS | AQS3: DIRETORIA DE FISCALIZAÇÃO - DIFIS | ARI3: DIRETORIA DE FISCALIZAÇÃO - DIFIS | ARY3: DIRETORIA DE FISCALIZAÇÃO - DIFIS | ASO3: DIRETORIA DE FISCALIZAÇÃO - DIFIS | ATE3: DIRETORIA DE FISCALIZAÇÃO - DIFIS | ATU3: DIRETORIA DE FISCALIZAÇÃO - DIFIS | AUK3: DIRETORIA DE FISCALIZAÇÃO - DIFIS | AVA3: DIRETORIA DE FISCALIZAÇÃO - DIFIS | AVQ3: DIRETORIA DE FISCALIZAÇÃO - DIFIS | AWG3: DIRETORIA DE FISCALIZAÇÃO - DIFIS | AWW3: DIRETORIA DE FISCALIZAÇÃO - DIFIS | AXM3: DIRETORIA DE FISCALIZAÇÃO - DIFIS | AYC3: DIRETORIA DE FISCALIZAÇÃO - DIFIS | AYS3: DIRETORIA DE FISCALIZAÇÃO - DIFIS | AZI3: DIRETORIA DE FISCALIZAÇÃO - DIFIS | AZY3: DIRETORIA DE FISCALIZAÇÃO - DIFIS | BAO3: DIRETORIA DE FISCALIZAÇÃO - DIFIS | BBE3: DIRETORIA DE FISCALIZAÇÃO - DIFIS | BBU3: DIRETORIA DE FISCALIZAÇÃO - DIFIS | BCK3: DIRETORIA DE FISCALIZAÇÃO - DIFIS | BDA3: DIRETORIA DE FISCALIZAÇÃO - DIFIS | BDQ3: DIRETORIA DE FISCALIZAÇÃO - DIFIS | BEG3: DIRETORIA DE FISCALIZAÇÃO - DIFIS | BEW3: DIRETORIA DE FISCALIZAÇÃO - DIFIS | BFM3: DIRETORIA DE FISCALIZAÇÃO - DIFIS | BGC3: DIRETORIA DE FISCALIZAÇÃO - DIFIS | BGS3: DIRETORIA DE FISCALIZAÇÃO - DIFIS | BHI3: DIRETORIA DE FISCALIZAÇÃO - DIFIS | BHY3: DIRETORIA DE FISCALIZAÇÃO - DIFIS | BIO3: DIRETORIA DE FISCALIZAÇÃO - DIFIS | BJE3: DIRETORIA DE FISCALIZAÇÃO - DIFIS | BJU3: DIRETORIA DE FISCALIZAÇÃO - DIFIS | BKK3: DIRETORIA DE FISCALIZAÇÃO - DIFIS | BLA3: DIRETORIA DE FISCALIZAÇÃO - DIFIS | BLQ3: DIRETORIA DE FISCALIZAÇÃO - DIFIS | BMG3: DIRETORIA DE FISCALIZAÇÃO - DIFIS | BMW3: DIRETORIA DE FISCALIZAÇÃO - DIFIS | BNM3: DIRETORIA DE FISCALIZAÇÃO - DIFIS | BOC3: DIRETORIA DE FISCALIZAÇÃO - DIFIS | BOS3: DIRETORIA DE FISCALIZAÇÃO - DIFIS | BPI3: DIRETORIA DE FISCALIZAÇÃO - DIFIS | BPY3: DIRETORIA DE FISCALIZAÇÃO - DIFIS | BQO3: DIRETORIA DE FISCALIZAÇÃO - DIFIS | BRE3: DIRETORIA DE FISCALIZAÇÃO - DIFIS | BRU3: DIRETORIA DE FISCALIZAÇÃO - DIFIS | BSK3: DIRETORIA DE FISCALIZAÇÃO - DIFIS | BTA3: DIRETORIA DE FISCALIZAÇÃO - DIFIS | BTQ3: DIRETORIA DE FISCALIZAÇÃO - DIFIS | BUG3: DIRETORIA DE FISCALIZAÇÃO - DIFIS | BUW3: DIRETORIA DE FISCALIZAÇÃO - DIFIS | BVM3: DIRETORIA DE FISCALIZAÇÃO - DIFIS | BWC3: DIRETORIA DE FISCALIZAÇÃO - DIFIS | BWS3: DIRETORIA DE FISCALIZAÇÃO - DIFIS | BXI3: DIRETORIA DE FISCALIZAÇÃO - DIFIS | BXY3: DIRETORIA DE FISCALIZAÇÃO - DIFIS | BYO3: DIRETORIA DE FISCALIZAÇÃO - DIFIS | BZE3: DIRETORIA DE FISCALIZAÇÃO - DIFIS | BZU3: DIRETORIA DE FISCALIZAÇÃO - DIFIS | CAK3: DIRETORIA DE FISCALIZAÇÃO - DIFIS | CBA3: DIRETORIA DE FISCALIZAÇÃO - DIFIS | CBQ3: DIRETORIA DE FISCALIZAÇÃO - DIFIS | CCG3: DIRETORIA DE FISCALIZAÇÃO - DIFIS | CCW3: DIRETORIA DE FISCALIZAÇÃO - DIFIS | CDM3: DIRETORIA DE FISCALIZAÇÃO - DIFIS | CEC3: DIRETORIA DE FISCALIZAÇÃO - DIFIS | CES3: DIRETORIA DE FISCALIZAÇÃO - DIFIS | CFI3: DIRETORIA DE FISCALIZAÇÃO - DIFIS | CFY3: DIRETORIA DE FISCALIZAÇÃO - DIFIS | CGO3: DIRETORIA DE FISCALIZAÇÃO - DIFIS | CHE3: DIRETORIA DE FISCALIZAÇÃO - DIFIS | CHU3: DIRETORIA DE FISCALIZAÇÃO - DIFIS | CIK3: DIRETORIA DE FISCALIZAÇÃO - DIFIS | CJA3: DIRETORIA DE FISCALIZAÇÃO - DIFIS | CJQ3: DIRETORIA DE FISCALIZAÇÃO - DIFIS | CKG3: DIRETORIA DE FISCALIZAÇÃO - DIFIS | CKW3: DIRETORIA DE FISCALIZAÇÃO - DIFIS | CLM3: DIRETORIA DE FISCALIZAÇÃO - DIFIS | CMC3: DIRETORIA DE FISCALIZAÇÃO - DIFIS | CMS3: DIRETORIA DE FISCALIZAÇÃO - DIFIS | CNI3: DIRETORIA DE FISCALIZAÇÃO - DIFIS | CNY3: DIRETORIA DE FISCALIZAÇÃO - DIFIS | COO3: DIRETORIA DE FISCALIZAÇÃO - DIFIS | CPE3: DIRETORIA DE FISCALIZAÇÃO - DIFIS | CPU3: DIRETORIA DE FISCALIZAÇÃO - DIFIS | CQK3: DIRETORIA DE FISCALIZAÇÃO - DIFIS | CRA3: DIRETORIA DE FISCALIZAÇÃO - DIFIS | CRQ3: DIRETORIA DE FISCALIZAÇÃO - DIFIS | CSG3: DIRETORIA DE FISCALIZAÇÃO - DIFIS | CSW3: DIRETORIA DE FISCALIZAÇÃO - DIFIS | CTM3: DIRETORIA DE FISCALIZAÇÃO - DIFIS | CUC3: DIRETORIA DE FISCALIZAÇÃO - DIFIS | CUS3: DIRETORIA DE FISCALIZAÇÃO - DIFIS | CVI3: DIRETORIA DE FISCALIZAÇÃO - DIFIS | CVY3: DIRETORIA DE FISCALIZAÇÃO - DIFIS | CWO3: DIRETORIA DE FISCALIZAÇÃO - DIFIS | CXE3: DIRETORIA DE FISCALIZAÇÃO - DIFIS | CXU3: DIRETORIA DE FISCALIZAÇÃO - DIFIS | CYK3: DIRETORIA DE FISCALIZAÇÃO - DIFIS | CZA3: DIRETORIA DE FISCALIZAÇÃO - DIFIS | CZQ3: DIRETORIA DE FISCALIZAÇÃO - DIFIS | DAG3: DIRETORIA DE FISCALIZAÇÃO - DIFIS | DAW3: DIRETORIA DE FISCALIZAÇÃO - DIFIS | DBM3: DIRETORIA DE FISCALIZAÇÃO - DIFIS | DCC3: DIRETORIA DE FISCALIZAÇÃO - DIFIS | DCS3: DIRETORIA DE FISCALIZAÇÃO - DIFIS | DDI3: DIRETORIA DE FISCALIZAÇÃO - DIFIS | DDY3: DIRETORIA DE FISCALIZAÇÃO - DIFIS | DEO3: DIRETORIA DE FISCALIZAÇÃO - DIFIS | DFE3: DIRETORIA DE FISCALIZAÇÃO - DIFIS | DFU3: DIRETORIA DE FISCALIZAÇÃO - DIFIS | DGK3: DIRETORIA DE FISCALIZAÇÃO - DIFIS | DHA3: DIRETORIA DE FISCALIZAÇÃO - DIFIS | DHQ3: DIRETORIA DE FISCALIZAÇÃO - DIFIS | DIG3: DIRETORIA DE FISCALIZAÇÃO - DIFIS | DIW3: DIRETORIA DE FISCALIZAÇÃO - DIFIS | DJM3: DIRETORIA DE FISCALIZAÇÃO - DIFIS | DKC3: DIRETORIA DE FISCALIZAÇÃO - DIFIS | DKS3: DIRETORIA DE FISCALIZAÇÃO - DIFIS | DLI3: DIRETORIA DE FISCALIZAÇÃO - DIFIS | DLY3: DIRETORIA DE FISCALIZAÇÃO - DIFIS | DMO3: DIRETORIA DE FISCALIZAÇÃO - DIFIS | DNE3: DIRETORIA DE FISCALIZAÇÃO - DIFIS | DNU3: DIRETORIA DE FISCALIZAÇÃO - DIFIS | DOK3: DIRETORIA DE FISCALIZAÇÃO - DIFIS | DPA3: DIRETORIA DE FISCALIZAÇÃO - DIFIS | DPQ3: DIRETORIA DE FISCALIZAÇÃO - DIFIS | DQG3: DIRETORIA DE FISCALIZAÇÃO - DIFIS | DQW3: DIRETORIA DE FISCALIZAÇÃO - DIFIS | DRM3: DIRETORIA DE FISCALIZAÇÃO - DIFIS | DSC3: DIRETORIA DE FISCALIZAÇÃO - DIFIS | DSS3: DIRETORIA DE FISCALIZAÇÃO - DIFIS | DTI3: DIRETORIA DE FISCALIZAÇÃO - DIFIS | DTY3: DIRETORIA DE FISCALIZAÇÃO - DIFIS | DUO3: DIRETORIA DE FISCALIZAÇÃO - DIFIS | DVE3: DIRETORIA DE FISCALIZAÇÃO - DIFIS | DVU3: DIRETORIA DE FISCALIZAÇÃO - DIFIS | DWK3: DIRETORIA DE FISCALIZAÇÃO - DIFIS | DXA3: DIRETORIA DE FISCALIZAÇÃO - DIFIS | DXQ3: DIRETORIA DE FISCALIZAÇÃO - DIFIS | DYG3: DIRETORIA DE FISCALIZAÇÃO - DIFIS | DYW3: DIRETORIA DE FISCALIZAÇÃO - DIFIS | DZM3: DIRETORIA DE FISCALIZAÇÃO - DIFIS | EAC3: DIRETORIA DE FISCALIZAÇÃO - DIFIS | EAS3: DIRETORIA DE FISCALIZAÇÃO - DIFIS | EBI3: DIRETORIA DE FISCALIZAÇÃO - DIFIS | EBY3: DIRETORIA DE FISCALIZAÇÃO - DIFIS | ECO3: DIRETORIA DE FISCALIZAÇÃO - DIFIS | EDE3: DIRETORIA DE FISCALIZAÇÃO - DIFIS | EDU3: DIRETORIA DE FISCALIZAÇÃO - DIFIS | EEK3: DIRETORIA DE FISCALIZAÇÃO - DIFIS | EFA3: DIRETORIA DE FISCALIZAÇÃO - DIFIS | EFQ3: DIRETORIA DE FISCALIZAÇÃO - DIFIS | EGG3: DIRETORIA DE FISCALIZAÇÃO - DIFIS | EGW3: DIRETORIA DE FISCALIZAÇÃO - DIFIS | EHM3: DIRETORIA DE FISCALIZAÇÃO - DIFIS | EIC3: DIRETORIA DE FISCALIZAÇÃO - DIFIS | EIS3: DIRETORIA DE FISCALIZAÇÃO - DIFIS | EJI3: DIRETORIA DE FISCALIZAÇÃO - DIFIS | EJY3: DIRETORIA DE FISCALIZAÇÃO - DIFIS | EKO3: DIRETORIA DE FISCALIZAÇÃO - DIFIS | ELE3: DIRETORIA DE FISCALIZAÇÃO - DIFIS | ELU3: DIRETORIA DE FISCALIZAÇÃO - DIFIS | EMK3: DIRETORIA DE FISCALIZAÇÃO - DIFIS | ENA3: DIRETORIA DE FISCALIZAÇÃO - DIFIS | ENQ3: DIRETORIA DE FISCALIZAÇÃO - DIFIS | EOG3: DIRETORIA DE FISCALIZAÇÃO - DIFIS | EOW3: DIRETORIA DE FISCALIZAÇÃO - DIFIS | EPM3: DIRETORIA DE FISCALIZAÇÃO - DIFIS | EQC3: DIRETORIA DE FISCALIZAÇÃO - DIFIS | EQS3: DIRETORIA DE FISCALIZAÇÃO - DIFIS | ERI3: DIRETORIA DE FISCALIZAÇÃO - DIFIS | ERY3: DIRETORIA DE FISCALIZAÇÃO - DIFIS | ESO3: DIRETORIA DE FISCALIZAÇÃO - DIFIS | ETE3: DIRETORIA DE FISCALIZAÇÃO - DIFIS | ETU3: DIRETORIA DE FISCALIZAÇÃO - DIFIS | EUK3: DIRETORIA DE FISCALIZAÇÃO - DIFIS | EVA3: DIRETORIA DE FISCALIZAÇÃO - DIFIS | EVQ3: DIRETORIA DE FISCALIZAÇÃO - DIFIS | EWG3: DIRETORIA DE FISCALIZAÇÃO - DIFIS | EWW3: DIRETORIA DE FISCALIZAÇÃO - DIFIS | EXM3: DIRETORIA DE FISCALIZAÇÃO - DIFIS | EYC3: DIRETORIA DE FISCALIZAÇÃO - DIFIS | EYS3: DIRETORIA DE FISCALIZAÇÃO - DIFIS | EZI3: DIRETORIA DE FISCALIZAÇÃO - DIFIS | EZY3: DIRETORIA DE FISCALIZAÇÃO - DIFIS | FAO3: DIRETORIA DE FISCALIZAÇÃO - DIFIS | FBE3: DIRETORIA DE FISCALIZAÇÃO - DIFIS | FBU3: DIRETORIA DE FISCALIZAÇÃO - DIFIS | FCK3: DIRETORIA DE FISCALIZAÇÃO - DIFIS | FDA3: DIRETORIA DE FISCALIZAÇÃO - DIFIS | FDQ3: DIRETORIA DE FISCALIZAÇÃO - DIFIS | FEG3: DIRETORIA DE FISCALIZAÇÃO - DIFIS | FEW3: DIRETORIA DE FISCALIZAÇÃO - DIFIS | FFM3: DIRETORIA DE FISCALIZAÇÃO - DIFIS | FGC3: DIRETORIA DE FISCALIZAÇÃO - DIFIS | FGS3: DIRETORIA DE FISCALIZAÇÃO - DIFIS | FHI3: DIRETORIA DE FISCALIZAÇÃO - DIFIS | FHY3: DIRETORIA DE FISCALIZAÇÃO - DIFIS | FIO3: DIRETORIA DE FISCALIZAÇÃO - DIFIS | FJE3: DIRETORIA DE FISCALIZAÇÃO - DIFIS | FJU3: DIRETORIA DE FISCALIZAÇÃO - DIFIS | FKK3: DIRETORIA DE FISCALIZAÇÃO - DIFIS | FLA3: DIRETORIA DE FISCALIZAÇÃO - DIFIS | FLQ3: DIRETORIA DE FISCALIZAÇÃO - DIFIS | FMG3: DIRETORIA DE FISCALIZAÇÃO - DIFIS | FMW3: DIRETORIA DE FISCALIZAÇÃO - DIFIS | FNM3: DIRETORIA DE FISCALIZAÇÃO - DIFIS | FOC3: DIRETORIA DE FISCALIZAÇÃO - DIFIS | FOS3: DIRETORIA DE FISCALIZAÇÃO - DIFIS | FPI3: DIRETORIA DE FISCALIZAÇÃO - DIFIS | FPY3: DIRETORIA DE FISCALIZAÇÃO - DIFIS | FQO3: DIRETORIA DE FISCALIZAÇÃO - DIFIS | FRE3: DIRETORIA DE FISCALIZAÇÃO - DIFIS | FRU3: DIRETORIA DE FISCALIZAÇÃO - DIFIS | FSK3: DIRETORIA DE FISCALIZAÇÃO - DIFIS | FTA3: DIRETORIA DE FISCALIZAÇÃO - DIFIS | FTQ3: DIRETORIA DE FISCALIZAÇÃO - DIFIS | FUG3: DIRETORIA DE FISCALIZAÇÃO - DIFIS | FUW3: DIRETORIA DE FISCALIZAÇÃO - DIFIS | FVM3: DIRETORIA DE FISCALIZAÇÃO - DIFIS | FWC3: DIRETORIA DE FISCALIZAÇÃO - DIFIS | FWS3: DIRETORIA DE FISCALIZAÇÃO - DIFIS | FXI3: DIRETORIA DE FISCALIZAÇÃO - DIFIS | FXY3: DIRETORIA DE FISCALIZAÇÃO - DIFIS | FYO3: DIRETORIA DE FISCALIZAÇÃO - DIFIS | FZE3: DIRETORIA DE FISCALIZAÇÃO - DIFIS | FZU3: DIRETORIA DE FISCALIZAÇÃO - DIFIS | GAK3: DIRETORIA DE FISCALIZAÇÃO - DIFIS | GBA3: DIRETORIA DE FISCALIZAÇÃO - DIFIS | GBQ3: DIRETORIA DE FISCALIZAÇÃO - DIFIS | GCG3: DIRETORIA DE FISCALIZAÇÃO - DIFIS | GCW3: DIRETORIA DE FISCALIZAÇÃO - DIFIS | GDM3: DIRETORIA DE FISCALIZAÇÃO - DIFIS | GEC3: DIRETORIA DE FISCALIZAÇÃO - DIFIS | GES3: DIRETORIA DE FISCALIZAÇÃO - DIFIS | GFI3: DIRETORIA DE FISCALIZAÇÃO - DIFIS | GFY3: DIRETORIA DE FISCALIZAÇÃO - DIFIS | GGO3: DIRETORIA DE FISCALIZAÇÃO - DIFIS | GHE3: DIRETORIA DE FISCALIZAÇÃO - DIFIS | GHU3: DIRETORIA DE FISCALIZAÇÃO - DIFIS | GIK3: DIRETORIA DE FISCALIZAÇÃO - DIFIS | GJA3: DIRETORIA DE FISCALIZAÇÃO - DIFIS | GJQ3: DIRETORIA DE FISCALIZAÇÃO - DIFIS | GKG3: DIRETORIA DE FISCALIZAÇÃO - DIFIS | GKW3: DIRETORIA DE FISCALIZAÇÃO - DIFIS | GLM3: DIRETORIA DE FISCALIZAÇÃO - DIFIS | GMC3: DIRETORIA DE FISCALIZAÇÃO - DIFIS | GMS3: DIRETORIA DE FISCALIZAÇÃO - DIFIS | GNI3: DIRETORIA DE FISCALIZAÇÃO - DIFIS | GNY3: DIRETORIA DE FISCALIZAÇÃO - DIFIS | GOO3: DIRETORIA DE FISCALIZAÇÃO - DIFIS | GPE3: DIRETORIA DE FISCALIZAÇÃO - DIFIS | GPU3: DIRETORIA DE FISCALIZAÇÃO - DIFIS | GQK3: DIRETORIA DE FISCALIZAÇÃO - DIFIS | GRA3: DIRETORIA DE FISCALIZAÇÃO - DIFIS | GRQ3: DIRETORIA DE FISCALIZAÇÃO - DIFIS | GSG3: DIRETORIA DE FISCALIZAÇÃO - DIFIS | GSW3: DIRETORIA DE FISCALIZAÇÃO - DIFIS | GTM3: DIRETORIA DE FISCALIZAÇÃO - DIFIS | GUC3: DIRETORIA DE FISCALIZAÇÃO - DIFIS | GUS3: DIRETORIA DE FISCALIZAÇÃO - DIFIS | GVI3: DIRETORIA DE FISCALIZAÇÃO - DIFIS | GVY3: DIRETORIA DE FISCALIZAÇÃO - DIFIS | GWO3: DIRETORIA DE FISCALIZAÇÃO - DIFIS | GXE3: DIRETORIA DE FISCALIZAÇÃO - DIFIS | GXU3: DIRETORIA DE FISCALIZAÇÃO - DIFIS | GYK3: DIRETORIA DE FISCALIZAÇÃO - DIFIS | GZA3: DIRETORIA DE FISCALIZAÇÃO - DIFIS | GZQ3: DIRETORIA DE FISCALIZAÇÃO - DIFIS | HAG3: DIRETORIA DE FISCALIZAÇÃO - DIFIS | HAW3: DIRETORIA DE FISCALIZAÇÃO - DIFIS | HBM3: DIRETORIA DE FISCALIZAÇÃO - DIFIS | HCC3: DIRETORIA DE FISCALIZAÇÃO - DIFIS | HCS3: DIRETORIA DE FISCALIZAÇÃO - DIFIS | HDI3: DIRETORIA DE FISCALIZAÇÃO - DIFIS | HDY3: DIRETORIA DE FISCALIZAÇÃO - DIFIS | HEO3: DIRETORIA DE FISCALIZAÇÃO - DIFIS | HFE3: DIRETORIA DE FISCALIZAÇÃO - DIFIS | HFU3: DIRETORIA DE FISCALIZAÇÃO - DIFIS | HGK3: DIRETORIA DE FISCALIZAÇÃO - DIFIS | HHA3: DIRETORIA DE FISCALIZAÇÃO - DIFIS | HHQ3: DIRETORIA DE FISCALIZAÇÃO - DIFIS | HIG3: DIRETORIA DE FISCALIZAÇÃO - DIFIS | HIW3: DIRETORIA DE FISCALIZAÇÃO - DIFIS | HJM3: DIRETORIA DE FISCALIZAÇÃO - DIFIS | HKC3: DIRETORIA DE FISCALIZAÇÃO - DIFIS | HKS3: DIRETORIA DE FISCALIZAÇÃO - DIFIS | HLI3: DIRETORIA DE FISCALIZAÇÃO - DIFIS | HLY3: DIRETORIA DE FISCALIZAÇÃO - DIFIS | HMO3: DIRETORIA DE FISCALIZAÇÃO - DIFIS | HNE3: DIRETORIA DE FISCALIZAÇÃO - DIFIS | HNU3: DIRETORIA DE FISCALIZAÇÃO - DIFIS | HOK3: DIRETORIA DE FISCALIZAÇÃO - DIFIS | HPA3: DIRETORIA DE FISCALIZAÇÃO - DIFIS | HPQ3: DIRETORIA DE FISCALIZAÇÃO - DIFIS | HQG3: DIRETORIA DE FISCALIZAÇÃO - DIFIS | HQW3: DIRETORIA DE FISCALIZAÇÃO - DIFIS | HRM3: DIRETORIA DE FISCALIZAÇÃO - DIFIS | HSC3: DIRETORIA DE FISCALIZAÇÃO - DIFIS | HSS3: DIRETORIA DE FISCALIZAÇÃO - DIFIS | HTI3: DIRETORIA DE FISCALIZAÇÃO - DIFIS | HTY3: DIRETORIA DE FISCALIZAÇÃO - DIFIS | HUO3: DIRETORIA DE FISCALIZAÇÃO - DIFIS | HVE3: DIRETORIA DE FISCALIZAÇÃO - DIFIS | HVU3: DIRETORIA DE FISCALIZAÇÃO - DIFIS | HWK3: DIRETORIA DE FISCALIZAÇÃO - DIFIS | HXA3: DIRETORIA DE FISCALIZAÇÃO - DIFIS | HXQ3: DIRETORIA DE FISCALIZAÇÃO - DIFIS | HYG3: DIRETORIA DE FISCALIZAÇÃO - DIFIS | HYW3: DIRETORIA DE FISCALIZAÇÃO - DIFIS | HZM3: DIRETORIA DE FISCALIZAÇÃO - DIFIS | IAC3: DIRETORIA DE FISCALIZAÇÃO - DIFIS | IAS3: DIRETORIA DE FISCALIZAÇÃO - DIFIS | IBI3: DIRETORIA DE FISCALIZAÇÃO - DIFIS | IBY3: DIRETORIA DE FISCALIZAÇÃO - DIFIS | ICO3: DIRETORIA DE FISCALIZAÇÃO - DIFIS | IDE3: DIRETORIA DE FISCALIZAÇÃO - DIFIS | IDU3: DIRETORIA DE FISCALIZAÇÃO - DIFIS | IEK3: DIRETORIA DE FISCALIZAÇÃO - DIFIS | IFA3: DIRETORIA DE FISCALIZAÇÃO - DIFIS | IFQ3: DIRETORIA DE FISCALIZAÇÃO - DIFIS | IGG3: DIRETORIA DE FISCALIZAÇÃO - DIFIS | IGW3: DIRETORIA DE FISCALIZAÇÃO - DIFIS | IHM3: DIRETORIA DE FISCALIZAÇÃO - DIFIS | IIC3: DIRETORIA DE FISCALIZAÇÃO - DIFIS | IIS3: DIRETORIA DE FISCALIZAÇÃO - DIFIS | IJI3: DIRETORIA DE FISCALIZAÇÃO - DIFIS | IJY3: DIRETORIA DE FISCALIZAÇÃO - DIFIS | IKO3: DIRETORIA DE FISCALIZAÇÃO - DIFIS | ILE3: DIRETORIA DE FISCALIZAÇÃO - DIFIS | ILU3: DIRETORIA DE FISCALIZAÇÃO - DIFIS | IMK3: DIRETORIA DE FISCALIZAÇÃO - DIFIS | INA3: DIRETORIA DE FISCALIZAÇÃO - DIFIS | INQ3: DIRETORIA DE FISCALIZAÇÃO - DIFIS | IOG3: DIRETORIA DE FISCALIZAÇÃO - DIFIS | IOW3: DIRETORIA DE FISCALIZAÇÃO - DIFIS | IPM3: DIRETORIA DE FISCALIZAÇÃO - DIFIS | IQC3: DIRETORIA DE FISCALIZAÇÃO - DIFIS | IQS3: DIRETORIA DE FISCALIZAÇÃO - DIFIS | IRI3: DIRETORIA DE FISCALIZAÇÃO - DIFIS | IRY3: DIRETORIA DE FISCALIZAÇÃO - DIFIS | ISO3: DIRETORIA DE FISCALIZAÇÃO - DIFIS | ITE3: DIRETORIA DE FISCALIZAÇÃO - DIFIS | ITU3: DIRETORIA DE FISCALIZAÇÃO - DIFIS | IUK3: DIRETORIA DE FISCALIZAÇÃO - DIFIS | IVA3: DIRETORIA DE FISCALIZAÇÃO - DIFIS | IVQ3: DIRETORIA DE FISCALIZAÇÃO - DIFIS | IWG3: DIRETORIA DE FISCALIZAÇÃO - DIFIS | IWW3: DIRETORIA DE FISCALIZAÇÃO - DIFIS | IXM3: DIRETORIA DE FISCALIZAÇÃO - DIFIS | IYC3: DIRETORIA DE FISCALIZAÇÃO - DIFIS | IYS3: DIRETORIA DE FISCALIZAÇÃO - DIFIS | IZI3: DIRETORIA DE FISCALIZAÇÃO - DIFIS | IZY3: DIRETORIA DE FISCALIZAÇÃO - DIFIS | JAO3: DIRETORIA DE FISCALIZAÇÃO - DIFIS | JBE3: DIRETORIA DE FISCALIZAÇÃO - DIFIS | JBU3: DIRETORIA DE FISCALIZAÇÃO - DIFIS | JCK3: DIRETORIA DE FISCALIZAÇÃO - DIFIS | JDA3: DIRETORIA DE FISCALIZAÇÃO - DIFIS | JDQ3: DIRETORIA DE FISCALIZAÇÃO - DIFIS | JEG3: DIRETORIA DE FISCALIZAÇÃO - DIFIS | JEW3: DIRETORIA DE FISCALIZAÇÃO - DIFIS | JFM3: DIRETORIA DE FISCALIZAÇÃO - DIFIS | JGC3: DIRETORIA DE FISCALIZAÇÃO - DIFIS | JGS3: DIRETORIA DE FISCALIZAÇÃO - DIFIS | JHI3: DIRETORIA DE FISCALIZAÇÃO - DIFIS | JHY3: DIRETORIA DE FISCALIZAÇÃO - DIFIS | JIO3: DIRETORIA DE FISCALIZAÇÃO - DIFIS | JJE3: DIRETORIA DE FISCALIZAÇÃO - DIFIS | JJU3: DIRETORIA DE FISCALIZAÇÃO - DIFIS | JKK3: DIRETORIA DE FISCALIZAÇÃO - DIFIS | JLA3: DIRETORIA DE FISCALIZAÇÃO - DIFIS | JLQ3: DIRETORIA DE FISCALIZAÇÃO - DIFIS | JMG3: DIRETORIA DE FISCALIZAÇÃO - DIFIS | JMW3: DIRETORIA DE FISCALIZAÇÃO - DIFIS | JNM3: DIRETORIA DE FISCALIZAÇÃO - DIFIS | JOC3: DIRETORIA DE FISCALIZAÇÃO - DIFIS | JOS3: DIRETORIA DE FISCALIZAÇÃO - DIFIS | JPI3: DIRETORIA DE FISCALIZAÇÃO - DIFIS | JPY3: DIRETORIA DE FISCALIZAÇÃO - DIFIS | JQO3: DIRETORIA DE FISCALIZAÇÃO - DIFIS | JRE3: DIRETORIA DE FISCALIZAÇÃO - DIFIS | JRU3: DIRETORIA DE FISCALIZAÇÃO - DIFIS | JSK3: DIRETORIA DE FISCALIZAÇÃO - DIFIS | JTA3: DIRETORIA DE FISCALIZAÇÃO - DIFIS | JTQ3: DIRETORIA DE FISCALIZAÇÃO - DIFIS | JUG3: DIRETORIA DE FISCALIZAÇÃO - DIFIS | JUW3: DIRETORIA DE FISCALIZAÇÃO - DIFIS | JVM3: DIRETORIA DE FISCALIZAÇÃO - DIFIS | JWC3: DIRETORIA DE FISCALIZAÇÃO - DIFIS | JWS3: DIRETORIA DE FISCALIZAÇÃO - DIFIS | JXI3: DIRETORIA DE FISCALIZAÇÃO - DIFIS | JXY3: DIRETORIA DE FISCALIZAÇÃO - DIFIS | JYO3: DIRETORIA DE FISCALIZAÇÃO - DIFIS | JZE3: DIRETORIA DE FISCALIZAÇÃO - DIFIS | JZU3: DIRETORIA DE FISCALIZAÇÃO - DIFIS | KAK3: DIRETORIA DE FISCALIZAÇÃO - DIFIS | KBA3: DIRETORIA DE FISCALIZAÇÃO - DIFIS | KBQ3: DIRETORIA DE FISCALIZAÇÃO - DIFIS | KCG3: DIRETORIA DE FISCALIZAÇÃO - DIFIS | KCW3: DIRETORIA DE FISCALIZAÇÃO - DIFIS | KDM3: DIRETORIA DE FISCALIZAÇÃO - DIFIS | KEC3: DIRETORIA DE FISCALIZAÇÃO - DIFIS | KES3: DIRETORIA DE FISCALIZAÇÃO - DIFIS | KFI3: DIRETORIA DE FISCALIZAÇÃO - DIFIS | KFY3: DIRETORIA DE FISCALIZAÇÃO - DIFIS | KGO3: DIRETORIA DE FISCALIZAÇÃO - DIFIS | KHE3: DIRETORIA DE FISCALIZAÇÃO - DIFIS | KHU3: DIRETORIA DE FISCALIZAÇÃO - DIFIS | KIK3: DIRETORIA DE FISCALIZAÇÃO - DIFIS | KJA3: DIRETORIA DE FISCALIZAÇÃO - DIFIS | KJQ3: DIRETORIA DE FISCALIZAÇÃO - DIFIS | KKG3: DIRETORIA DE FISCALIZAÇÃO - DIFIS | KKW3: DIRETORIA DE FISCALIZAÇÃO - DIFIS | KLM3: DIRETORIA DE FISCALIZAÇÃO - DIFIS | KMC3: DIRETORIA DE FISCALIZAÇÃO - DIFIS | KMS3: DIRETORIA DE FISCALIZAÇÃO - DIFIS | KNI3: DIRETORIA DE FISCALIZAÇÃO - DIFIS | KNY3: DIRETORIA DE FISCALIZAÇÃO - DIFIS | KOO3: DIRETORIA DE FISCALIZAÇÃO - DIFIS | KPE3: DIRETORIA DE FISCALIZAÇÃO - DIFIS | KPU3: DIRETORIA DE FISCALIZAÇÃO - DIFIS | KQK3: DIRETORIA DE FISCALIZAÇÃO - DIFIS | KRA3: DIRETORIA DE FISCALIZAÇÃO - DIFIS | KRQ3: DIRETORIA DE FISCALIZAÇÃO - DIFIS | KSG3: DIRETORIA DE FISCALIZAÇÃO - DIFIS | KSW3: DIRETORIA DE FISCALIZAÇÃO - DIFIS | KTM3: DIRETORIA DE FISCALIZAÇÃO - DIFIS | KUC3: DIRETORIA DE FISCALIZAÇÃO - DIFIS | KUS3: DIRETORIA DE FISCALIZAÇÃO - DIFIS | KVI3: DIRETORIA DE FISCALIZAÇÃO - DIFIS | KVY3: DIRETORIA DE FISCALIZAÇÃO - DIFIS | KWO3: DIRETORIA DE FISCALIZAÇÃO - DIFIS | KXE3: DIRETORIA DE FISCALIZAÇÃO - DIFIS | KXU3: DIRETORIA DE FISCALIZAÇÃO - DIFIS | KYK3: DIRETORIA DE FISCALIZAÇÃO - DIFIS | KZA3: DIRETORIA DE FISCALIZAÇÃO - DIFIS | KZQ3: DIRETORIA DE FISCALIZAÇÃO - DIFIS | LAG3: DIRETORIA DE FISCALIZAÇÃO - DIFIS | LAW3: DIRETORIA DE FISCALIZAÇÃO - DIFIS | LBM3: DIRETORIA DE FISCALIZAÇÃO - DIFIS | LCC3: DIRETORIA DE FISCALIZAÇÃO - DIFIS | LCS3: DIRETORIA DE FISCALIZAÇÃO - DIFIS | LDI3: DIRETORIA DE FISCALIZAÇÃO - DIFIS | LDY3: DIRETORIA DE FISCALIZAÇÃO - DIFIS | LEO3: DIRETORIA DE FISCALIZAÇÃO - DIFIS | LFE3: DIRETORIA DE FISCALIZAÇÃO - DIFIS | LFU3: DIRETORIA DE FISCALIZAÇÃO - DIFIS | LGK3: DIRETORIA DE FISCALIZAÇÃO - DIFIS | LHA3: DIRETORIA DE FISCALIZAÇÃO - DIFIS | LHQ3: DIRETORIA DE FISCALIZAÇÃO - DIFIS | LIG3: DIRETORIA DE FISCALIZAÇÃO - DIFIS | LIW3: DIRETORIA DE FISCALIZAÇÃO - DIFIS | LJM3: DIRETORIA DE FISCALIZAÇÃO - DIFIS | LKC3: DIRETORIA DE FISCALIZAÇÃO - DIFIS | LKS3: DIRETORIA DE FISCALIZAÇÃO - DIFIS | LLI3: DIRETORIA DE FISCALIZAÇÃO - DIFIS | LLY3: DIRETORIA DE FISCALIZAÇÃO - DIFIS | LMO3: DIRETORIA DE FISCALIZAÇÃO - DIFIS | LNE3: DIRETORIA DE FISCALIZAÇÃO - DIFIS | LNU3: DIRETORIA DE FISCALIZAÇÃO - DIFIS | LOK3: DIRETORIA DE FISCALIZAÇÃO - DIFIS | LPA3: DIRETORIA DE FISCALIZAÇÃO - DIFIS | LPQ3: DIRETORIA DE FISCALIZAÇÃO - DIFIS | LQG3: DIRETORIA DE FISCALIZAÇÃO - DIFIS | LQW3: DIRETORIA DE FISCALIZAÇÃO - DIFIS | LRM3: DIRETORIA DE FISCALIZAÇÃO - DIFIS | LSC3: DIRETORIA DE FISCALIZAÇÃO - DIFIS | LSS3: DIRETORIA DE FISCALIZAÇÃO - DIFIS | LTI3: DIRETORIA DE FISCALIZAÇÃO - DIFIS | LTY3: DIRETORIA DE FISCALIZAÇÃO - DIFIS | LUO3: DIRETORIA DE FISCALIZAÇÃO - DIFIS | LVE3: DIRETORIA DE FISCALIZAÇÃO - DIFIS | LVU3: DIRETORIA DE FISCALIZAÇÃO - DIFIS | LWK3: DIRETORIA DE FISCALIZAÇÃO - DIFIS | LXA3: DIRETORIA DE FISCALIZAÇÃO - DIFIS | LXQ3: DIRETORIA DE FISCALIZAÇÃO - DIFIS | LYG3: DIRETORIA DE FISCALIZAÇÃO - DIFIS | LYW3: DIRETORIA DE FISCALIZAÇÃO - DIFIS | LZM3: DIRETORIA DE FISCALIZAÇÃO - DIFIS | MAC3: DIRETORIA DE FISCALIZAÇÃO - DIFIS | MAS3: DIRETORIA DE FISCALIZAÇÃO - DIFIS | MBI3: DIRETORIA DE FISCALIZAÇÃO - DIFIS | MBY3: DIRETORIA DE FISCALIZAÇÃO - DIFIS | MCO3: DIRETORIA DE FISCALIZAÇÃO - DIFIS | MDE3: DIRETORIA DE FISCALIZAÇÃO - DIFIS | MDU3: DIRETORIA DE FISCALIZAÇÃO - DIFIS | MEK3: DIRETORIA DE FISCALIZAÇÃO - DIFIS | MFA3: DIRETORIA DE FISCALIZAÇÃO - DIFIS | MFQ3: DIRETORIA DE FISCALIZAÇÃO - DIFIS | MGG3: DIRETORIA DE FISCALIZAÇÃO - DIFIS | MGW3: DIRETORIA DE FISCALIZAÇÃO - DIFIS | MHM3: DIRETORIA DE FISCALIZAÇÃO - DIFIS | MIC3: DIRETORIA DE FISCALIZAÇÃO - DIFIS | MIS3: DIRETORIA DE FISCALIZAÇÃO - DIFIS | MJI3: DIRETORIA DE FISCALIZAÇÃO - DIFIS | MJY3: DIRETORIA DE FISCALIZAÇÃO - DIFIS | MKO3: DIRETORIA DE FISCALIZAÇÃO - DIFIS | MLE3: DIRETORIA DE FISCALIZAÇÃO - DIFIS | MLU3: DIRETORIA DE FISCALIZAÇÃO - DIFIS | MMK3: DIRETORIA DE FISCALIZAÇÃO - DIFIS | MNA3: DIRETORIA DE FISCALIZAÇÃO - DIFIS | MNQ3: DIRETORIA DE FISCALIZAÇÃO - DIFIS | MOG3: DIRETORIA DE FISCALIZAÇÃO - DIFIS | MOW3: DIRETORIA DE FISCALIZAÇÃO - DIFIS | MPM3: DIRETORIA DE FISCALIZAÇÃO - DIFIS | MQC3: DIRETORIA DE FISCALIZAÇÃO - DIFIS | MQS3: DIRETORIA DE FISCALIZAÇÃO - DIFIS | MRI3: DIRETORIA DE FISCALIZAÇÃO - DIFIS | MRY3: DIRETORIA DE FISCALIZAÇÃO - DIFIS | MSO3: DIRETORIA DE FISCALIZAÇÃO - DIFIS | MTE3: DIRETORIA DE FISCALIZAÇÃO - DIFIS | MTU3: DIRETORIA DE FISCALIZAÇÃO - DIFIS | MUK3: DIRETORIA DE FISCALIZAÇÃO - DIFIS | MVA3: DIRETORIA DE FISCALIZAÇÃO - DIFIS | MVQ3: DIRETORIA DE FISCALIZAÇÃO - DIFIS | MWG3: DIRETORIA DE FISCALIZAÇÃO - DIFIS | MWW3: DIRETORIA DE FISCALIZAÇÃO - DIFIS | MXM3: DIRETORIA DE FISCALIZAÇÃO - DIFIS | MYC3: DIRETORIA DE FISCALIZAÇÃO - DIFIS | MYS3: DIRETORIA DE FISCALIZAÇÃO - DIFIS | MZI3: DIRETORIA DE FISCALIZAÇÃO - DIFIS | MZY3: DIRETORIA DE FISCALIZAÇÃO - DIFIS | NAO3: DIRETORIA DE FISCALIZAÇÃO - DIFIS | NBE3: DIRETORIA DE FISCALIZAÇÃO - DIFIS | NBU3: DIRETORIA DE FISCALIZAÇÃO - DIFIS | NCK3: DIRETORIA DE FISCALIZAÇÃO - DIFIS | NDA3: DIRETORIA DE FISCALIZAÇÃO - DIFIS | NDQ3: DIRETORIA DE FISCALIZAÇÃO - DIFIS | NEG3: DIRETORIA DE FISCALIZAÇÃO - DIFIS | NEW3: DIRETORIA DE FISCALIZAÇÃO - DIFIS | NFM3: DIRETORIA DE FISCALIZAÇÃO - DIFIS | NGC3: DIRETORIA DE FISCALIZAÇÃO - DIFIS | NGS3: DIRETORIA DE FISCALIZAÇÃO - DIFIS | NHI3: DIRETORIA DE FISCALIZAÇÃO - DIFIS | NHY3: DIRETORIA DE FISCALIZAÇÃO - DIFIS | NIO3: DIRETORIA DE FISCALIZAÇÃO - DIFIS | NJE3: DIRETORIA DE FISCALIZAÇÃO - DIFIS | NJU3: DIRETORIA DE FISCALIZAÇÃO - DIFIS | NKK3: DIRETORIA DE FISCALIZAÇÃO - DIFIS | NLA3: DIRETORIA DE FISCALIZAÇÃO - DIFIS | NLQ3: DIRETORIA DE FISCALIZAÇÃO - DIFIS | NMG3: DIRETORIA DE FISCALIZAÇÃO - DIFIS | NMW3: DIRETORIA DE FISCALIZAÇÃO - DIFIS | NNM3: DIRETORIA DE FISCALIZAÇÃO - DIFIS | NOC3: DIRETORIA DE FISCALIZAÇÃO - DIFIS | NOS3: DIRETORIA DE FISCALIZAÇÃO - DIFIS | NPI3: DIRETORIA DE FISCALIZAÇÃO - DIFIS | NPY3: DIRETORIA DE FISCALIZAÇÃO - DIFIS | NQO3: DIRETORIA DE FISCALIZAÇÃO - DIFIS | NRE3: DIRETORIA DE FISCALIZAÇÃO - DIFIS | NRU3: DIRETORIA DE FISCALIZAÇÃO - DIFIS | NSK3: DIRETORIA DE FISCALIZAÇÃO - DIFIS | NTA3: DIRETORIA DE FISCALIZAÇÃO - DIFIS | NTQ3: DIRETORIA DE FISCALIZAÇÃO - DIFIS | NUG3: DIRETORIA DE FISCALIZAÇÃO - DIFIS | NUW3: DIRETORIA DE FISCALIZAÇÃO - DIFIS | NVM3: DIRETORIA DE FISCALIZAÇÃO - DIFIS | NWC3: DIRETORIA DE FISCALIZAÇÃO - DIFIS | NWS3: DIRETORIA DE FISCALIZAÇÃO - DIFIS | NXI3: DIRETORIA DE FISCALIZAÇÃO - DIFIS | NXY3: DIRETORIA DE FISCALIZAÇÃO - DIFIS | NYO3: DIRETORIA DE FISCALIZAÇÃO - DIFIS | NZE3: DIRETORIA DE FISCALIZAÇÃO - DIFIS | NZU3: DIRETORIA DE FISCALIZAÇÃO - DIFIS | OAK3: DIRETORIA DE FISCALIZAÇÃO - DIFIS | OBA3: DIRETORIA DE FISCALIZAÇÃO - DIFIS | OBQ3: DIRETORIA DE FISCALIZAÇÃO - DIFIS | OCG3: DIRETORIA DE FISCALIZAÇÃO - DIFIS | OCW3: DIRETORIA DE FISCALIZAÇÃO - DIFIS | ODM3: DIRETORIA DE FISCALIZAÇÃO - DIFIS | OEC3: DIRETORIA DE FISCALIZAÇÃO - DIFIS | OES3: DIRETORIA DE FISCALIZAÇÃO - DIFIS | OFI3: DIRETORIA DE FISCALIZAÇÃO - DIFIS | OFY3: DIRETORIA DE FISCALIZAÇÃO - DIFIS | OGO3: DIRETORIA DE FISCALIZAÇÃO - DIFIS | OHE3: DIRETORIA DE FISCALIZAÇÃO - DIFIS | OHU3: DIRETORIA DE FISCALIZAÇÃO - DIFIS | OIK3: DIRETORIA DE FISCALIZAÇÃO - DIFIS | OJA3: DIRETORIA DE FISCALIZAÇÃO - DIFIS | OJQ3: DIRETORIA DE FISCALIZAÇÃO - DIFIS | OKG3: DIRETORIA DE FISCALIZAÇÃO - DIFIS | OKW3: DIRETORIA DE FISCALIZAÇÃO - DIFIS | OLM3: DIRETORIA DE FISCALIZAÇÃO - DIFIS | OMC3: DIRETORIA DE FISCALIZAÇÃO - DIFIS | OMS3: DIRETORIA DE FISCALIZAÇÃO - DIFIS | ONI3: DIRETORIA DE FISCALIZAÇÃO - DIFIS | ONY3: DIRETORIA DE FISCALIZAÇÃO - DIFIS | OOO3: DIRETORIA DE FISCALIZAÇÃO - DIFIS | OPE3: DIRETORIA DE FISCALIZAÇÃO - DIFIS | OPU3: DIRETORIA DE FISCALIZAÇÃO - DIFIS | OQK3: DIRETORIA DE FISCALIZAÇÃO - DIFIS | ORA3: DIRETORIA DE FISCALIZAÇÃO - DIFIS | ORQ3: DIRETORIA DE FISCALIZAÇÃO - DIFIS | OSG3: DIRETORIA DE FISCALIZAÇÃO - DIFIS | OSW3: DIRETORIA DE FISCALIZAÇÃO - DIFIS | OTM3: DIRETORIA DE FISCALIZAÇÃO - DIFIS | OUC3: DIRETORIA DE FISCALIZAÇÃO - DIFIS | OUS3: DIRETORIA DE FISCALIZAÇÃO - DIFIS | OVI3: DIRETORIA DE FISCALIZAÇÃO - DIFIS | OVY3: DIRETORIA DE FISCALIZAÇÃO - DIFIS | OWO3: DIRETORIA DE FISCALIZAÇÃO - DIFIS | OXE3: DIRETORIA DE FISCALIZAÇÃO - DIFIS | OXU3: DIRETORIA DE FISCALIZAÇÃO - DIFIS | OYK3: DIRETORIA DE FISCALIZAÇÃO - DIFIS | OZA3: DIRETORIA DE FISCALIZAÇÃO - DIFIS | OZQ3: DIRETORIA DE FISCALIZAÇÃO - DIFIS | PAG3: DIRETORIA DE FISCALIZAÇÃO - DIFIS | PAW3: DIRETORIA DE FISCALIZAÇÃO - DIFIS | PBM3: DIRETORIA DE FISCALIZAÇÃO - DIFIS | PCC3: DIRETORIA DE FISCALIZAÇÃO - DIFIS | PCS3: DIRETORIA DE FISCALIZAÇÃO - DIFIS | PDI3: DIRETORIA DE FISCALIZAÇÃO - DIFIS | PDY3: DIRETORIA DE FISCALIZAÇÃO - DIFIS | PEO3: DIRETORIA DE FISCALIZAÇÃO - DIFIS | PFE3: DIRETORIA DE FISCALIZAÇÃO - DIFIS | PFU3: DIRETORIA DE FISCALIZAÇÃO - DIFIS | PGK3: DIRETORIA DE FISCALIZAÇÃO - DIFIS | PHA3: DIRETORIA DE FISCALIZAÇÃO - DIFIS | PHQ3: DIRETORIA DE FISCALIZAÇÃO - DIFIS | PIG3: DIRETORIA DE FISCALIZAÇÃO - DIFIS | PIW3: DIRETORIA DE FISCALIZAÇÃO - DIFIS | PJM3: DIRETORIA DE FISCALIZAÇÃO - DIFIS | PKC3: DIRETORIA DE FISCALIZAÇÃO - DIFIS | PKS3: DIRETORIA DE FISCALIZAÇÃO - DIFIS | PLI3: DIRETORIA DE FISCALIZAÇÃO - DIFIS | PLY3: DIRETORIA DE FISCALIZAÇÃO - DIFIS | PMO3: DIRETORIA DE FISCALIZAÇÃO - DIFIS | PNE3: DIRETORIA DE FISCALIZAÇÃO - DIFIS | PNU3: DIRETORIA DE FISCALIZAÇÃO - DIFIS | POK3: DIRETORIA DE FISCALIZAÇÃO - DIFIS | PPA3: DIRETORIA DE FISCALIZAÇÃO - DIFIS | PPQ3: DIRETORIA DE FISCALIZAÇÃO - DIFIS | PQG3: DIRETORIA DE FISCALIZAÇÃO - DIFIS | PQW3: DIRETORIA DE FISCALIZAÇÃO - DIFIS | PRM3: DIRETORIA DE FISCALIZAÇÃO - DIFIS | PSC3: DIRETORIA DE FISCALIZAÇÃO - DIFIS | PSS3: DIRETORIA DE FISCALIZAÇÃO - DIFIS | PTI3: DIRETORIA DE FISCALIZAÇÃO - DIFIS | PTY3: DIRETORIA DE FISCALIZAÇÃO - DIFIS | PUO3: DIRETORIA DE FISCALIZAÇÃO - DIFIS | PVE3: DIRETORIA DE FISCALIZAÇÃO - DIFIS | PVU3: DIRETORIA DE FISCALIZAÇÃO - DIFIS | PWK3: DIRETORIA DE FISCALIZAÇÃO - DIFIS | PXA3: DIRETORIA DE FISCALIZAÇÃO - DIFIS | PXQ3: DIRETORIA DE FISCALIZAÇÃO - DIFIS | PYG3: DIRETORIA DE FISCALIZAÇÃO - DIFIS | PYW3: DIRETORIA DE FISCALIZAÇÃO - DIFIS | PZM3: DIRETORIA DE FISCALIZAÇÃO - DIFIS | QAC3: DIRETORIA DE FISCALIZAÇÃO - DIFIS | QAS3: DIRETORIA DE FISCALIZAÇÃO - DIFIS | QBI3: DIRETORIA DE FISCALIZAÇÃO - DIFIS | QBY3: DIRETORIA DE FISCALIZAÇÃO - DIFIS | QCO3: DIRETORIA DE FISCALIZAÇÃO - DIFIS | QDE3: DIRETORIA DE FISCALIZAÇÃO - DIFIS | QDU3: DIRETORIA DE FISCALIZAÇÃO - DIFIS | QEK3: DIRETORIA DE FISCALIZAÇÃO - DIFIS | QFA3: DIRETORIA DE FISCALIZAÇÃO - DIFIS | QFQ3: DIRETORIA DE FISCALIZAÇÃO - DIFIS | QGG3: DIRETORIA DE FISCALIZAÇÃO - DIFIS | QGW3: DIRETORIA DE FISCALIZAÇÃO - DIFIS | QHM3: DIRETORIA DE FISCALIZAÇÃO - DIFIS | QIC3: DIRETORIA DE FISCALIZAÇÃO - DIFIS | QIS3: DIRETORIA DE FISCALIZAÇÃO - DIFIS | QJI3: DIRETORIA DE FISCALIZAÇÃO - DIFIS | QJY3: DIRETORIA DE FISCALIZAÇÃO - DIFIS | QKO3: DIRETORIA DE FISCALIZAÇÃO - DIFIS | QLE3: DIRETORIA DE FISCALIZAÇÃO - DIFIS | QLU3: DIRETORIA DE FISCALIZAÇÃO - DIFIS | QMK3: DIRETORIA DE FISCALIZAÇÃO - DIFIS | QNA3: DIRETORIA DE FISCALIZAÇÃO - DIFIS | QNQ3: DIRETORIA DE FISCALIZAÇÃO - DIFIS | QOG3: DIRETORIA DE FISCALIZAÇÃO - DIFIS | QOW3: DIRETORIA DE FISCALIZAÇÃO - DIFIS | QPM3: DIRETORIA DE FISCALIZAÇÃO - DIFIS | QQC3: DIRETORIA DE FISCALIZAÇÃO - DIFIS | QQS3: DIRETORIA DE FISCALIZAÇÃO - DIFIS | QRI3: DIRETORIA DE FISCALIZAÇÃO - DIFIS | QRY3: DIRETORIA DE FISCALIZAÇÃO - DIFIS | QSO3: DIRETORIA DE FISCALIZAÇÃO - DIFIS | QTE3: DIRETORIA DE FISCALIZAÇÃO - DIFIS | QTU3: DIRETORIA DE FISCALIZAÇÃO - DIFIS | QUK3: DIRETORIA DE FISCALIZAÇÃO - DIFIS | QVA3: DIRETORIA DE FISCALIZAÇÃO - DIFIS | QVQ3: DIRETORIA DE FISCALIZAÇÃO - DIFIS | QWG3: DIRETORIA DE FISCALIZAÇÃO - DIFIS | QWW3: DIRETORIA DE FISCALIZAÇÃO - DIFIS | QXM3: DIRETORIA DE FISCALIZAÇÃO - DIFIS | QYC3: DIRETORIA DE FISCALIZAÇÃO - DIFIS | QYS3: DIRETORIA DE FISCALIZAÇÃO - DIFIS | QZI3: DIRETORIA DE FISCALIZAÇÃO - DIFIS | QZY3: DIRETORIA DE FISCALIZAÇÃO - DIFIS | RAO3: DIRETORIA DE FISCALIZAÇÃO - DIFIS | RBE3: DIRETORIA DE FISCALIZAÇÃO - DIFIS | RBU3: DIRETORIA DE FISCALIZAÇÃO - DIFIS | RCK3: DIRETORIA DE FISCALIZAÇÃO - DIFIS | RDA3: DIRETORIA DE FISCALIZAÇÃO - DIFIS | RDQ3: DIRETORIA DE FISCALIZAÇÃO - DIFIS | REG3: DIRETORIA DE FISCALIZAÇÃO - DIFIS | REW3: DIRETORIA DE FISCALIZAÇÃO - DIFIS | RFM3: DIRETORIA DE FISCALIZAÇÃO - DIFIS | RGC3: DIRETORIA DE FISCALIZAÇÃO - DIFIS | RGS3: DIRETORIA DE FISCALIZAÇÃO - DIFIS | RHI3: DIRETORIA DE FISCALIZAÇÃO - DIFIS | RHY3: DIRETORIA DE FISCALIZAÇÃO - DIFIS | RIO3: DIRETORIA DE FISCALIZAÇÃO - DIFIS | RJE3: DIRETORIA DE FISCALIZAÇÃO - DIFIS | RJU3: DIRETORIA DE FISCALIZAÇÃO - DIFIS | RKK3: DIRETORIA DE FISCALIZAÇÃO - DIFIS | RLA3: DIRETORIA DE FISCALIZAÇÃO - DIFIS | RLQ3: DIRETORIA DE FISCALIZAÇÃO - DIFIS | RMG3: DIRETORIA DE FISCALIZAÇÃO - DIFIS | RMW3: DIRETORIA DE FISCALIZAÇÃO - DIFIS | RNM3: DIRETORIA DE FISCALIZAÇÃO - DIFIS | ROC3: DIRETORIA DE FISCALIZAÇÃO - DIFIS | ROS3: DIRETORIA DE FISCALIZAÇÃO - DIFIS | RPI3: DIRETORIA DE FISCALIZAÇÃO - DIFIS | RPY3: DIRETORIA DE FISCALIZAÇÃO - DIFIS | RQO3: DIRETORIA DE FISCALIZAÇÃO - DIFIS | RRE3: DIRETORIA DE FISCALIZAÇÃO - DIFIS | RRU3: DIRETORIA DE FISCALIZAÇÃO - DIFIS | RSK3: DIRETORIA DE FISCALIZAÇÃO - DIFIS | RTA3: DIRETORIA DE FISCALIZAÇÃO - DIFIS | RTQ3: DIRETORIA DE FISCALIZAÇÃO - DIFIS | RUG3: DIRETORIA DE FISCALIZAÇÃO - DIFIS | RUW3: DIRETORIA DE FISCALIZAÇÃO - DIFIS | RVM3: DIRETORIA DE FISCALIZAÇÃO - DIFIS | RWC3: DIRETORIA DE FISCALIZAÇÃO - DIFIS | RWS3: DIRETORIA DE FISCALIZAÇÃO - DIFIS | RXI3: DIRETORIA DE FISCALIZAÇÃO - DIFIS | RXY3: DIRETORIA DE FISCALIZAÇÃO - DIFIS | RYO3: DIRETORIA DE FISCALIZAÇÃO - DIFIS | RZE3: DIRETORIA DE FISCALIZAÇÃO - DIFIS | RZU3: DIRETORIA DE FISCALIZAÇÃO - DIFIS | SAK3: DIRETORIA DE FISCALIZAÇÃO - DIFIS | SBA3: DIRETORIA DE FISCALIZAÇÃO - DIFIS | SBQ3: DIRETORIA DE FISCALIZAÇÃO - DIFIS | SCG3: DIRETORIA DE FISCALIZAÇÃO - DIFIS | SCW3: DIRETORIA DE FISCALIZAÇÃO - DIFIS | SDM3: DIRETORIA DE FISCALIZAÇÃO - DIFIS | SEC3: DIRETORIA DE FISCALIZAÇÃO - DIFIS | SES3: DIRETORIA DE FISCALIZAÇÃO - DIFIS | SFI3: DIRETORIA DE FISCALIZAÇÃO - DIFIS | SFY3: DIRETORIA DE FISCALIZAÇÃO - DIFIS | SGO3: DIRETORIA DE FISCALIZAÇÃO - DIFIS | SHE3: DIRETORIA DE FISCALIZAÇÃO - DIFIS | SHU3: DIRETORIA DE FISCALIZAÇÃO - DIFIS | SIK3: DIRETORIA DE FISCALIZAÇÃO - DIFIS | SJA3: DIRETORIA DE FISCALIZAÇÃO - DIFIS | SJQ3: DIRETORIA DE FISCALIZAÇÃO - DIFIS | SKG3: DIRETORIA DE FISCALIZAÇÃO - DIFIS | SKW3: DIRETORIA DE FISCALIZAÇÃO - DIFIS | SLM3: DIRETORIA DE FISCALIZAÇÃO - DIFIS | SMC3: DIRETORIA DE FISCALIZAÇÃO - DIFIS | SMS3: DIRETORIA DE FISCALIZAÇÃO - DIFIS | SNI3: DIRETORIA DE FISCALIZAÇÃO - DIFIS | SNY3: DIRETORIA DE FISCALIZAÇÃO - DIFIS | SOO3: DIRETORIA DE FISCALIZAÇÃO - DIFIS | SPE3: DIRETORIA DE FISCALIZAÇÃO - DIFIS | SPU3: DIRETORIA DE FISCALIZAÇÃO - DIFIS | SQK3: DIRETORIA DE FISCALIZAÇÃO - DIFIS | SRA3: DIRETORIA DE FISCALIZAÇÃO - DIFIS | SRQ3: DIRETORIA DE FISCALIZAÇÃO - DIFIS | SSG3: DIRETORIA DE FISCALIZAÇÃO - DIFIS | SSW3: DIRETORIA DE FISCALIZAÇÃO - DIFIS | STM3: DIRETORIA DE FISCALIZAÇÃO - DIFIS | SUC3: DIRETORIA DE FISCALIZAÇÃO - DIFIS | SUS3: DIRETORIA DE FISCALIZAÇÃO - DIFIS | SVI3: DIRETORIA DE FISCALIZAÇÃO - DIFIS | SVY3: DIRETORIA DE FISCALIZAÇÃO - DIFIS | SWO3: DIRETORIA DE FISCALIZAÇÃO - DIFIS | SXE3: DIRETORIA DE FISCALIZAÇÃO - DIFIS | SXU3: DIRETORIA DE FISCALIZAÇÃO - DIFIS | SYK3: DIRETORIA DE FISCALIZAÇÃO - DIFIS | SZA3: DIRETORIA DE FISCALIZAÇÃO - DIFIS | SZQ3: DIRETORIA DE FISCALIZAÇÃO - DIFIS | TAG3: DIRETORIA DE FISCALIZAÇÃO - DIFIS | TAW3: DIRETORIA DE FISCALIZAÇÃO - DIFIS | TBM3: DIRETORIA DE FISCALIZAÇÃO - DIFIS | TCC3: DIRETORIA DE FISCALIZAÇÃO - DIFIS | TCS3: DIRETORIA DE FISCALIZAÇÃO - DIFIS | TDI3: DIRETORIA DE FISCALIZAÇÃO - DIFIS | TDY3: DIRETORIA DE FISCALIZAÇÃO - DIFIS | TEO3: DIRETORIA DE FISCALIZAÇÃO - DIFIS | TFE3: DIRETORIA DE FISCALIZAÇÃO - DIFIS | TFU3: DIRETORIA DE FISCALIZAÇÃO - DIFIS | TGK3: DIRETORIA DE FISCALIZAÇÃO - DIFIS | THA3: DIRETORIA DE FISCALIZAÇÃO - DIFIS | THQ3: DIRETORIA DE FISCALIZAÇÃO - DIFIS | TIG3: DIRETORIA DE FISCALIZAÇÃO - DIFIS | TIW3: DIRETORIA DE FISCALIZAÇÃO - DIFIS | TJM3: DIRETORIA DE FISCALIZAÇÃO - DIFIS | TKC3: DIRETORIA DE FISCALIZAÇÃO - DIFIS | TKS3: DIRETORIA DE FISCALIZAÇÃO - DIFIS | TLI3: DIRETORIA DE FISCALIZAÇÃO - DIFIS | TLY3: DIRETORIA DE FISCALIZAÇÃO - DIFIS | TMO3: DIRETORIA DE FISCALIZAÇÃO - DIFIS | TNE3: DIRETORIA DE FISCALIZAÇÃO - DIFIS | TNU3: DIRETORIA DE FISCALIZAÇÃO - DIFIS | TOK3: DIRETORIA DE FISCALIZAÇÃO - DIFIS | TPA3: DIRETORIA DE FISCALIZAÇÃO - DIFIS | TPQ3: DIRETORIA DE FISCALIZAÇÃO - DIFIS | TQG3: DIRETORIA DE FISCALIZAÇÃO - DIFIS | TQW3: DIRETORIA DE FISCALIZAÇÃO - DIFIS | TRM3: DIRETORIA DE FISCALIZAÇÃO - DIFIS | TSC3: DIRETORIA DE FISCALIZAÇÃO - DIFIS | TSS3: DIRETORIA DE FISCALIZAÇÃO - DIFIS | TTI3: DIRETORIA DE FISCALIZAÇÃO - DIFIS | TTY3: DIRETORIA DE FISCALIZAÇÃO - DIFIS | TUO3: DIRETORIA DE FISCALIZAÇÃO - DIFIS | TVE3: DIRETORIA DE FISCALIZAÇÃO - DIFIS | TVU3: DIRETORIA DE FISCALIZAÇÃO - DIFIS | TWK3: DIRETORIA DE FISCALIZAÇÃO - DIFIS | TXA3: DIRETORIA DE FISCALIZAÇÃO - DIFIS | TXQ3: DIRETORIA DE FISCALIZAÇÃO - DIFIS | TYG3: DIRETORIA DE FISCALIZAÇÃO - DIFIS | TYW3: DIRETORIA DE FISCALIZAÇÃO - DIFIS | TZM3: DIRETORIA DE FISCALIZAÇÃO - DIFIS | UAC3: DIRETORIA DE FISCALIZAÇÃO - DIFIS | UAS3: DIRETORIA DE FISCALIZAÇÃO - DIFIS | UBI3: DIRETORIA DE FISCALIZAÇÃO - DIFIS | UBY3: DIRETORIA DE FISCALIZAÇÃO - DIFIS | UCO3: DIRETORIA DE FISCALIZAÇÃO - DIFIS | UDE3: DIRETORIA DE FISCALIZAÇÃO - DIFIS | UDU3: DIRETORIA DE FISCALIZAÇÃO - DIFIS | UEK3: DIRETORIA DE FISCALIZAÇÃO - DIFIS | UFA3: DIRETORIA DE FISCALIZAÇÃO - DIFIS | UFQ3: DIRETORIA DE FISCALIZAÇÃO - DIFIS | UGG3: DIRETORIA DE FISCALIZAÇÃO - DIFIS | UGW3: DIRETORIA DE FISCALIZAÇÃO - DIFIS | UHM3: DIRETORIA DE FISCALIZAÇÃO - DIFIS | UIC3: DIRETORIA DE FISCALIZAÇÃO - DIFIS | UIS3: DIRETORIA DE FISCALIZAÇÃO - DIFIS | UJI3: DIRETORIA DE FISCALIZAÇÃO - DIFIS | UJY3: DIRETORIA DE FISCALIZAÇÃO - DIFIS | UKO3: DIRETORIA DE FISCALIZAÇÃO - DIFIS | ULE3: DIRETORIA DE FISCALIZAÇÃO - DIFIS | ULU3: DIRETORIA DE FISCALIZAÇÃO - DIFIS | UMK3: DIRETORIA DE FISCALIZAÇÃO - DIFIS | UNA3: DIRETORIA DE FISCALIZAÇÃO - DIFIS | UNQ3: DIRETORIA DE FISCALIZAÇÃO - DIFIS | UOG3: DIRETORIA DE FISCALIZAÇÃO - DIFIS | UOW3: DIRETORIA DE FISCALIZAÇÃO - DIFIS | UPM3: DIRETORIA DE FISCALIZAÇÃO - DIFIS | UQC3: DIRETORIA DE FISCALIZAÇÃO - DIFIS | UQS3: DIRETORIA DE FISCALIZAÇÃO - DIFIS | URI3: DIRETORIA DE FISCALIZAÇÃO - DIFIS | URY3: DIRETORIA DE FISCALIZAÇÃO - DIFIS | USO3: DIRETORIA DE FISCALIZAÇÃO - DIFIS | UTE3: DIRETORIA DE FISCALIZAÇÃO - DIFIS | UTU3: DIRETORIA DE FISCALIZAÇÃO - DIFIS | UUK3: DIRETORIA DE FISCALIZAÇÃO - DIFIS | UVA3: DIRETORIA DE FISCALIZAÇÃO - DIFIS | UVQ3: DIRETORIA DE FISCALIZAÇÃO - DIFIS | UWG3: DIRETORIA DE FISCALIZAÇÃO - DIFIS | UWW3: DIRETORIA DE FISCALIZAÇÃO - DIFIS | UXM3: DIRETORIA DE FISCALIZAÇÃO - DIFIS | UYC3: DIRETORIA DE FISCALIZAÇÃO - DIFIS | UYS3: DIRETORIA DE FISCALIZAÇÃO - DIFIS | UZI3: DIRETORIA DE FISCALIZAÇÃO - DIFIS | UZY3: DIRETORIA DE FISCALIZAÇÃO - DIFIS | VAO3: DIRETORIA DE FISCALIZAÇÃO - DIFIS | VBE3: DIRETORIA DE FISCALIZAÇÃO - DIFIS | VBU3: DIRETORIA DE FISCALIZAÇÃO - DIFIS | VCK3: DIRETORIA DE FISCALIZAÇÃO - DIFIS | VDA3: DIRETORIA DE FISCALIZAÇÃO - DIFIS | VDQ3: DIRETORIA DE FISCALIZAÇÃO - DIFIS | VEG3: DIRETORIA DE FISCALIZAÇÃO - DIFIS | VEW3: DIRETORIA DE FISCALIZAÇÃO - DIFIS | VFM3: DIRETORIA DE FISCALIZAÇÃO - DIFIS | VGC3: DIRETORIA DE FISCALIZAÇÃO - DIFIS | VGS3: DIRETORIA DE FISCALIZAÇÃO - DIFIS | VHI3: DIRETORIA DE FISCALIZAÇÃO - DIFIS | VHY3: DIRETORIA DE FISCALIZAÇÃO - DIFIS | VIO3: DIRETORIA DE FISCALIZAÇÃO - DIFIS | VJE3: DIRETORIA DE FISCALIZAÇÃO - DIFIS | VJU3: DIRETORIA DE FISCALIZAÇÃO - DIFIS | VKK3: DIRETORIA DE FISCALIZAÇÃO - DIFIS | VLA3: DIRETORIA DE FISCALIZAÇÃO - DIFIS | VLQ3: DIRETORIA DE FISCALIZAÇÃO - DIFIS | VMG3: DIRETORIA DE FISCALIZAÇÃO - DIFIS | VMW3: DIRETORIA DE FISCALIZAÇÃO - DIFIS | VNM3: DIRETORIA DE FISCALIZAÇÃO - DIFIS | VOC3: DIRETORIA DE FISCALIZAÇÃO - DIFIS | VOS3: DIRETORIA DE FISCALIZAÇÃO - DIFIS | VPI3: DIRETORIA DE FISCALIZAÇÃO - DIFIS | VPY3: DIRETORIA DE FISCALIZAÇÃO - DIFIS | VQO3: DIRETORIA DE FISCALIZAÇÃO - DIFIS | VRE3: DIRETORIA DE FISCALIZAÇÃO - DIFIS | VRU3: DIRETORIA DE FISCALIZAÇÃO - DIFIS | VSK3: DIRETORIA DE FISCALIZAÇÃO - DIFIS | VTA3: DIRETORIA DE FISCALIZAÇÃO - DIFIS | VTQ3: DIRETORIA DE FISCALIZAÇÃO - DIFIS | VUG3: DIRETORIA DE FISCALIZAÇÃO - DIFIS | VUW3: DIRETORIA DE FISCALIZAÇÃO - DIFIS | VVM3: DIRETORIA DE FISCALIZAÇÃO - DIFIS | VWC3: DIRETORIA DE FISCALIZAÇÃO - DIFIS | VWS3: DIRETORIA DE FISCALIZAÇÃO - DIFIS | VXI3: DIRETORIA DE FISCALIZAÇÃO - DIFIS | VXY3: DIRETORIA DE FISCALIZAÇÃO - DIFIS | VYO3: DIRETORIA DE FISCALIZAÇÃO - DIFIS | VZE3: DIRETORIA DE FISCALIZAÇÃO - DIFIS | VZU3: DIRETORIA DE FISCALIZAÇÃO - DIFIS | WAK3: DIRETORIA DE FISCALIZAÇÃO - DIFIS | WBA3: DIRETORIA DE FISCALIZAÇÃO - DIFIS | WBQ3: DIRETORIA DE FISCALIZAÇÃO - DIFIS | WCG3: DIRETORIA DE FISCALIZAÇÃO - DIFIS | WCW3: DIRETORIA DE FISCALIZAÇÃO - DIFIS | WDM3: DIRETORIA DE FISCALIZAÇÃO - DIFIS | WEC3: DIRETORIA DE FISCALIZAÇÃO - DIFIS | WES3: DIRETORIA DE FISCALIZAÇÃO - DIFIS | WFI3: DIRETORIA DE FISCALIZAÇÃO - DIFIS | WFY3: DIRETORIA DE FISCALIZAÇÃO - DIFIS | WGO3: DIRETORIA DE FISCALIZAÇÃO - DIFIS | WHE3: DIRETORIA DE FISCALIZAÇÃO - DIFIS | WHU3: DIRETORIA DE FISCALIZAÇÃO - DIFIS | WIK3: DIRETORIA DE FISCALIZAÇÃO - DIFIS | WJA3: DIRETORIA DE FISCALIZAÇÃO - DIFIS | WJQ3: DIRETORIA DE FISCALIZAÇÃO - DIFIS | WKG3: DIRETORIA DE FISCALIZAÇÃO - DIFIS | WKW3: DIRETORIA DE FISCALIZAÇÃO - DIFIS | WLM3: DIRETORIA DE FISCALIZAÇÃO - DIFIS | WMC3: DIRETORIA DE FISCALIZAÇÃO - DIFIS | WMS3: DIRETORIA DE FISCALIZAÇÃO - DIFIS | WNI3: DIRETORIA DE FISCALIZAÇÃO - DIFIS | WNY3: DIRETORIA DE FISCALIZAÇÃO - DIFIS | WOO3: DIRETORIA DE FISCALIZAÇÃO - DIFIS | WPE3: DIRETORIA DE FISCALIZAÇÃO - DIFIS | WPU3: DIRETORIA DE FISCALIZAÇÃO - DIFIS | WQK3: DIRETORIA DE FISCALIZAÇÃO - DIFIS | WRA3: DIRETORIA DE FISCALIZAÇÃO - DIFIS | WRQ3: DIRETORIA DE FISCALIZAÇÃO - DIFIS | WSG3: DIRETORIA DE FISCALIZAÇÃO - DIFIS | WSW3: DIRETORIA DE FISCALIZAÇÃO - DIFIS | WTM3: DIRETORIA DE FISCALIZAÇÃO - DIFIS | WUC3: DIRETORIA DE FISCALIZAÇÃO - DIFIS | WUS3: DIRETORIA DE FISCALIZAÇÃO - DIFIS | WVI3: DIRETORIA DE FISCALIZAÇÃO - DIFIS | WVY3: DIRETORIA DE FISCALIZAÇÃO - DIFIS | WWO3: DIRETORIA DE FISCALIZAÇÃO - DIFIS | WXE3: DIRETORIA DE FISCALIZAÇÃO - DIFIS | WXU3: DIRETORIA DE FISCALIZAÇÃO - DIFIS | WYK3: DIRETORIA DE FISCALIZAÇÃO - DIFIS | WZA3: DIRETORIA DE FISCALIZAÇÃO - DIFIS | WZQ3: DIRETORIA DE FISCALIZAÇÃO - DIFIS | XAG3: DIRETORIA DE FISCALIZAÇÃO - DIFIS | XAW3: DIRETORIA DE FISCALIZAÇÃO - DIFIS | XBM3: DIRETORIA DE FISCALIZAÇÃO - DIFIS | XCC3: DIRETORIA DE FISCALIZAÇÃO - DIFIS | XCS3: DIRETORIA DE FISCALIZAÇÃO - DIFIS | XDI3: DIRETORIA DE FISCALIZAÇÃO - DIFIS | XDY3: DIRETORIA DE FISCALIZAÇÃO - DIFIS | XEO3: DIRETORIA DE FISCALIZAÇÃO - DIFIS
A4: ='DADOS DA OBRA'!A4:J4 -> PREFEITURA MUNICIPAL DE SALVATERRA
